 Dungeon Crawl Stone Soup version 0.28.0-45-g0d030f2227 (webtiles) character file.

Game seed: 14815594972349665804

1879999 protoss039 the Archmage (level 27, -20/273 HPs)
             Began as a Demonspawn Earth Elementalist on May 21, 2022.
             Was the Champion of Vehumet.
             Killed from afar by Xemn the pandemonium lord (29 damage)
             ... with damnation
             ... on level 26 of a ziggurat on May 22, 2022.
             The game lasted 13:51:46 (165666 turns).

protoss039 the Archmage (DsEE)                    Turns: 165666, Time: 13:51:47

Health: -20/273    AC: 59    Str: 16    XL:     27
Magic:  72/72      EV: 15    Int: 47    God:    Vehumet [******]
Gold:   26463      SH: 43    Dex: 20    Spells: 6/80 levels left

rFire   + + +      SeeInvis +   n - +3 Elemental Staff {rElec rF++ rC++ AC+5}
rCold   + + +      Faith    .   D - +12 tower shield of Calculation {*Slow rC+ Dex+2}
rNeg    + + +      Spirit   .   g - +8 orange crystal plate armour {Archmagi, Int+3 Clar}
rPois   ∞          Reflect  +   (helmet unavailable)
rElec   +          Harm     .   k - +2 cloak of Ru's Benevolence {rPois Int+7 Dex+4}
rCorr   +          Rampage  .   X - +2 pair of gloves {Str+3}
Will    +++++      Archmagi +   T - +3 pair of boots of Grace {rF+ Str+3 Int+4 Slay+5}
Stlth   +++....... Clarity  +   i - amulet of Symmetry {Reflect MP+9 Int+4 SH+5}
HPRegen 1.35/turn               I - ring "Ugukoz" {rPois Will+ SInv}
MPRegen 0.43/turn               y - ring "Ygrox" {Will+ MP+9 Stlth+}

@: mighty, lich-form, silenced, disjoining, corroded, studying Armour
A: draining attack, torment immunity, no potions, horns 3, yellow scales 3,
icemail 2, black mark, condensation shield, demonic magic 3, bedeviling, aura of
silence, regeneration 1, robust 1
}: 15/15 runes: barnacled, slimy, silver, golden, iron, obsidian, icy, bone,
abyssal, demonic, glowing, magical, fiery, dark, gossamer
a: End Transformation, Renounce Religion


You were on level 26 of a ziggurat.
You worshipped Vehumet.
Vehumet was exalted by your worship.
You were an undead lich.
You visited 18 branches of the dungeon, and saw 89 of its levels.
You visited Pandemonium 4 times, and saw 12 of its levels.
You visited the Abyss 2 times.
You visited 6 ziggurats (completing 5), and saw 161 of their levels.
You also visited: Gauntlet, Ice Cave and Wizlab.

You collected 29893 gold pieces.
You spent 3430 gold pieces at shops.

Inventory:

Hand Weapons
 n - the +3 Elemental Staff (weapon) {rElec rF++ rC++ AC+5}
   (You found it on level 18 of a ziggurat)

   If the wielder is skilled in Evocations, they can discharge powerful blasts
   of elemental energy when striking with it.
   It enhances your fire, ice, earth and air magic.
   AC:        It affects your AC (+5).
   rF:        It greatly protects you from fire.
   rC:        It greatly protects you from cold.
   rElec:     It insulates you from electricity.
 t - the +8 mithril axe "Arga" {speed, Will+}
   (You found it on level 14 of a ziggurat)

   Attacks with this weapon are significantly faster.
   Will:      It increases your willpower.
 A - the +2 Maxwell's thermic engine {flame, freeze}
   (You found it on level 24 of a ziggurat)

   It burns those it strikes, dealing additional fire damage.
   Big, fiery blades are also staple armaments of hydra-hunters.
   It freezes those it strikes, dealing additional cold damage.
   It can also slow down cold-blooded creatures.
   It becomes more effective when it hits something.
   This effect fades over time.
 B - the +7 great mace "Undeadhunter" {disrupt, rN+}
   (You found it on level 14 of a ziggurat)

   It inflicts significantly more damage against the undead.
   rN:        It protects you from negative energy.
 G - the +9 staff of Wucad Mu {*channel}
   (You found it on level 18 of a ziggurat)

   It occasionally powers its wielder's spells, but with a chance of causing
   confusion or draining the wielder's intelligence.
   It becomes more likely to activate and less likely to backfire with increased
   Evocations skill.
 J - the +8 lance "Wyrmbane" {slay drac, rPois rF+ rC+ AC+3}
   (You found it on level 22 of a ziggurat)

   It inflicts extra damage against dragons and draconians.
   AC:        It affects your AC (+3).
   rF:        It protects you from fire.
   rC:        It protects you from cold.
   rPois:     It protects you from poison.
 N - the +8 glaive of the Guard {elec, spectral, AC+5}
   (You found it on level 23 of a ziggurat)

   It occasionally discharges a powerful burst of electricity upon striking a
   foe.
   When it strikes, its spirit leaps out and fights alongside the wielder.
   AC:        It affects your AC (+5).
 R - the +7 mace of Variability {chain chaos}
   (You found it on level 17 of a ziggurat)

   Each time it hits an enemy it has a different, random effect.
   It occasionally unleashes arcs of chaos on nearby creatures upon striking a
   foe.
 W - the +5 sword of Power {vorpal}
   (You found it on level 19 of a ziggurat)

   It inflicts extra damage upon your enemies.
   It occasionally discharges a powerful but inaccurate bolt of energy upon
   striking a foe, with increased chance the greater the wielder's current
   health.
 Y - the +14 obsidian axe {vorpal, Mesm Drain Fly SInv}
   (You found it on level 23 of a ziggurat)

   It inflicts extra damage upon your enemies.
   It occasionally summons demons to assist the wielder when it strikes in
   combat.
   Its wielder is mesmerised by any visible foes.
   It cannot be unequipped while any foes are visible.
   SInv:      It lets you see invisible.
   Fly:       It grants you flight.
   Drain:     It drains your maximum health when unequipped.
Missiles
 h - 65 throwing nets
 r - 181 silver javelins (quivered)
Armour
 f - the +0 pair of boots of Xidueg {rPois rC+ rN+ SInv}
   (You found it on level 12 of a ziggurat)

   rC:        It protects you from cold.
   rPois:     It protects you from poison.
   rN:        It protects you from negative energy.
   SInv:      It lets you see invisible.
 g - the +8 orange crystal plate armour (worn) {Archmagi, Int+3 Clar}
   (You found it on level 11 of a ziggurat)

   Int:       It affects your intelligence (+3).
   Clar:      It protects you against confusion.
 k - the +2 cloak of Ru's Benevolence (worn) {rPois Int+7 Dex+4}
   (You found it in Pandemonium)

   Int:       It affects your intelligence (+7).
   Dex:       It affects your dexterity (+4).
   rPois:     It protects you from poison.
 D - the +12 tower shield of Calculation (worn) {*Slow rC+ Dex+2}
   (You found it on level 15 of a ziggurat)

   Dex:       It affects your dexterity (+2).
   rC:        It protects you from cold.
   *Slow:     It may slow you when you take damage.
 T - the +3 pair of boots of Grace (worn) {rF+ Str+3 Int+4 Slay+5}
   (You found it on level 7 of a ziggurat)

   Str:       It affects your strength (+3).
   Int:       It affects your intelligence (+4).
   Slay:      It affects your accuracy & damage with ranged weapons and melee
   (+5).
   rF:        It protects you from fire.
 X - a +2 pair of gloves of strength (worn)
Jewellery
 c - the ring of the Greedy {Fly MP+9 Int+4 Stlth+}
   (You acquired it on level 1 of a ziggurat)

   [ring of magical power]

   Int:       It affects your intelligence (+4).
   MP:        It affects your magic capacity (+9).
   Fly:       It grants you flight.
   Stlth:     It makes you more stealthy.
 i - the amulet of Symmetry (around neck) {Reflect MP+9 Int+4 SH+5}
   (You found it on level 11 of a ziggurat)

   [amulet of reflection]

   It reflects blocked missile attacks.
   Int:       It affects your intelligence (+4).
   MP:        It affects your magic capacity (+9).
   SH:        It affects your SH (+5).
 p - the ring "Ziemn" {rC+ Will+ Int+6 Dex+6}
   (You found it on level 26 of a ziggurat)

   [ring of dexterity]

   Int:       It affects your intelligence (+6).
   Dex:       It affects your dexterity (+6).
   rC:        It protects you from cold.
   Will:      It increases your willpower.
 y - the ring "Ygrox" (right hand) {Will+ MP+9 Stlth+}
   (You found it on level 19 of a ziggurat)

   [ring of willpower]

   MP:        It affects your magic capacity (+9).
   Will:      It increases your willpower.
   Stlth:     It makes you more stealthy.
 I - the ring "Ugukoz" (left hand) {rPois Will+ SInv}
   (You found it on level 15 of a ziggurat)

   [ring of poison resistance]

   rPois:     It protects you from poison.
   SInv:      It lets you see invisible.
   Will:      It increases your willpower.
 Q - the macabre finger necklace {rN+}
   (You found it on level 14 of a ziggurat)

   [amulet of nothing]

   It enables you to equip an extra ring.
   rN:        It protects you from negative energy.
 Z - the ring "Umnoasid" {*Slow rC+ Int+7 Dex+6 SInv}
   (You found it on level 20 of a ziggurat)

   [ring of dexterity]

   Int:       It affects your intelligence (+7).
   Dex:       It affects your dexterity (+6).
   rC:        It protects you from cold.
   SInv:      It lets you see invisible.
   *Slow:     It may slow you when you take damage.
Wands
 e - a wand of iceblast (11)
 m - a wand of acid (45)
Scrolls
 j - 54 scrolls of blinking
 o - 113 scrolls of teleportation
 w - 23 scrolls of immolation
 x - 12 scrolls of torment
 C - 26 scrolls of fear
 F - 70 scrolls of enchant armour
 H - 33 scrolls of silence
 L - 6 scrolls of summoning
 M - 46 scrolls of magic mapping
 S - 95 scrolls of fog
 V - 25 scrolls of amnesia
Potions
 a - 34 potions of magic
 b - 14 potions of might
 d - 25 potions of haste
 l - 46 potions of cancellation
 q - 44 potions of curing
 s - 34 potions of heal wounds
 u - 14 potions of ambrosia
 v - a potion of resistance
 z - 78 potions of mutation
 E - 3 potions of invisibility
 K - a potion of flight
 P - 11 potions of brilliance
Miscellaneous
 O - a condenser vane (inert)


   Skills:
 O Level 27 Fighting
 + Level 22.6(27) Short Blades
 O Level 27 Long Blades
 * Level 4.0(19.6) Axes
 + Level 20.5(26.3) Maces & Flails
 + Level 21.9(27) Polearms
 O Level 27 Staves
 + Level 23.7(27) Slings
 * Level 20.9 Bows
 * Level 24.6 Crossbows
 O Level 27 Throwing
 O Level 27 Armour
 O Level 27 Dodging
 O Level 27 Stealth
 O Level 27 Shields
 * Level 21.6 Unarmed Combat
 O Level 27 Spellcasting
 O Level 27 Conjurations
 * Level 22.5 Hexes
 O Level 27 Necromancy
 O Level 27 Translocations
 O Level 27 Transmutations
 O Level 27 Fire Magic
 O Level 27 Ice Magic
 * Level 19.7 Air Magic
 O Level 27 Earth Magic
 * Level 24.3 Poison Magic
 O Level 27 Invocations
 O Level 27 Evocations


You had 6 spell levels left.
You knew the following spells:

 Your Spells              Type           Power      Damage    Failure   Level
a - Necromutation         Tmut/Necr      98%        N/A       1%          8
b - Disjunction           Tloc           84%        N/A       1%          8
d - Swiftness             Air            100%       N/A       0%          3
e - Fire Storm            Conj/Fire      98%        8d25      1%          9
f - Ignition              Fire           98%        3d25      1%          8
g - Shatter               Erth           98%        3d70*     1%          9
h - Ozocubu's Refrigerat  Ice            98%        4d24      1%          7
i - Borgnjor's Vile Clut  Necr/Erth      100%       N/A       0%          5
k - Lehudib's Crystal Sp  Conj/Erth      98%        10d21     1%          8
m - Death's Door          Necr           98%        N/A       5%          9

Your spell library contained the following spells:

 Spells                   Type           Power      Damage    Failure   Level
 Animate Skeleton         Necr           100%       N/A       0%          1
 Apportation              Tloc           100%       N/A       0%          1
 Beastly Appendage        Tmut           100%       N/A       0%          1
 Foxfire                  Conj/Fire      100%       2x1d9     0%          1
 Freeze                   Ice            100%       1d11      0%          1
 Magic Dart               Conj           100%       1d8       0%          1
 Pain                     Necr           100%       1d9       0%          1
 Sandblast                Erth           100%       2d20      0%          1
 Shock                    Conj/Air       100%       1d9       0%          1
 Slow                     Hex            100%       N/A       0%          1
 Sting                    Tmut/Pois      100%       1d8       0%          1
 Blink                    Tloc           100%       N/A       0%          2
 Corpse Rot               Necr/Air       100%       N/A       0%          2
 Ensorcelled Hibernation  Hex/Ice        100%       N/A       0%          2
 Passwall                 Tmut/Erth      100%       N/A       0%          2
 Poisonous Vapours        Pois/Air       100%       N/A       0%          2
 Scorch                   Fire           100%       2d10      0%          2
 Searing Ray              Conj           100%       2d8       0%          2
 Static Discharge         Conj/Air       100%       N/A       0%          2
 Sublimation of Blood     Necr           100%       N/A       0%          2
 Wereblood                Tmut           100%       N/A       0%          2
 Confusing Touch          Hex            100%       N/A       0%          3
 Conjure Flame            Conj/Fire      100%       6-21      0%          3
 Dazzling Flash           Conj/Hex       100%       N/A       0%          3
 Frozen Ramparts          Ice            100%       1d12      0%          3
 Gell's Gravitas          Tloc           100%       N/A       0%          3
 Ignite Poison            Fire/Tmut/Pois 100%       N/A       0%          3
 Inner Flame              Hex/Fire       100%       N/A       0%          3
 Lesser Beckoning         Tloc           100%       N/A       0%          3
 Mephitic Cloud           Conj/Pois/Air  100%       N/A       0%          3
 Ozocubu's Armour         Ice            100%       N/A       0%          3
 Portal Projectile        Hex/Tloc       100%       N/A       0%          3
 Spider Form              Tmut/Pois      100%       N/A       0%          3
 Stone Arrow              Conj/Erth      100%       3d13      0%          3
 Teleport Other           Tloc           100%       N/A       0%          3
 Tukima's Dance           Hex            100%       N/A       0%          3
 Vampiric Draining        Necr           100%       2d13      0%          3
 Airstrike                Air            90%        N/A       0%          4
 Anguish                  Hex/Necr       100%       N/A       0%          4
 Animate Dead             Necr           98%        N/A       0%          4
 Cause Fear               Hex            93%        N/A       0%          4
 Dispel Undead            Necr           100%       3d31      0%          4
 Flame Wave               Conj/Fire      100%       2d17      0%          4
 Fulminant Prism          Conj/Hex       96%        3d39      0%          4
 Hailstorm                Conj/Ice       100%       3d20      0%          4
 Ice Form                 Ice/Tmut       100%       N/A       0%          4
 Iskenderun's Mystic Bla  Conj/Tloc      100%       2d19      0%          4
 Leda's Liquefaction      Hex/Erth       100%       N/A       0%          4
 Olgreb's Toxic Radiance  Pois           100%       N/A       0%          4
 Passage of Golubria      Tloc           100%       N/A       0%          4
 Petrify                  Tmut/Erth      100%       N/A       0%          4
 Sticky Flame             Conj/Fire      100%       2d11      0%          4
 Agony                    Necr           100%       N/A       0%          5
 Alistair's Intoxication  Tmut/Pois      100%       N/A       0%          5
 Blade Hands              Tmut           84%        N/A       0%          5
 Excruciating Wounds      Necr           98%        N/A       0%          5
 Fireball                 Conj/Fire      98%        3d36      0%          5
 Freezing Cloud           Conj/Ice/Air   100%       6-21      0%          5
 Irradiate                Conj/Tmut      84%        3d41      0%          5
 Iskenderun's Battlesphe  Conj           100%       2d15      0%          5
 Lee's Rapid Deconstruct  Erth           98%        3d44*     0%          5
 Lightning Bolt           Conj/Air       94%        1d124     0%          5
 Manifold Assault         Tloc           100%       N/A       0%          5
 Metabolic Englaciation   Hex/Ice        100%       N/A       0%          5
 Silence                  Hex/Air        100%       N/A       0%          5
 Yara's Violent Unravell  Hex/Tmut       96%        3d35      0%          5
 Death Channel            Necr           98%        N/A       0%          6
 Dispersal                Tloc           84%        N/A       0%          6
 Eringya's Noxious Bog    Tmut/Pois      83%        N/A       0%          6
 Iron Shot                Conj/Erth      98%        9d18      0%          6
 Simulacrum               Ice/Necr       100%       N/A       0%          6
 Starburst                Conj/Fire      98%        6d24      0%          6
 Statue Form              Tmut/Erth      100%       N/A       0%          6
 Summon Guardian Golem    Hex/Summ       100%       N/A       1%          3
 Animate Armour           Summ/Erth      100%       N/A       1%          4
 Summon Ice Beast         Ice/Summ       100%       N/A       1%          4
 Summon Lightning Spire   Summ/Air       100%       N/A       1%          4
 Summon Forest            Summ/Tloc      68%        N/A       1%          5
 Summon Mana Viper        Hex/Summ       100%       N/A       1%          5
 Conjure Ball Lightning   Conj/Air       94%        3x3d36    1%          6
 Summon Small Mammal      Summ           100%       N/A       3%          1
 Call Imp                 Summ           76%        N/A       4%          2
 Call Canine Familiar     Summ           76%        N/A       10%         3
 Summon Cactus Giant      Summ           38%        N/A       99%         6
 Dragon Form              Tmut           84%        N/A       1%          7
 Enfeeble                 Hex            93%        N/A       1%          7
 Orb of Destruction       Conj           84%        9d19      1%          7
 Storm Form               Tmut/Air       94%        N/A       1%          7
 Borgnjor's Revivificati  Necr           98%        N/A       1%          8
 Infestation              Necr           98%        N/A       1%          8
 Maxwell's Capacitive Co  Air            90%        ∞         1%          8
 Polar Vortex             Ice            98%        N/A       1%          9
 Discord                  Hex            93%        N/A       2%          8
 Spellforged Servitor     Conj/Summ      68%        N/A       3%          7
 Chain Lightning          Conj/Air       94%        3d126     7%          9
 Haunt                    Necr/Summ      81%        N/A       11%         7
 Malign Gateway           Summ/Tloc      68%        N/A       11%         7
 Monstrous Menagerie      Summ           38%        N/A       100%        7
 Summon Hydra             Summ           38%        N/A       100%        7
 Summon Horrible Things   Summ           38%        N/A       100%        8
 Dragon's Call            Summ           38%        N/A       100%        9


Dungeon Overview and Level Annotations

Branches:
Dungeon (15/15)            Temple (1/1) D:6            Lair (6/6) D:8
 Shoals (4/4) Lair:2       Spider (4/4) Lair:3        Slime (5/5) Lair:6
    Orc (2/2) D:9             Elf (3/3) Orc:2        Vaults (5/5) D:14
  Crypt (3/3) Vaults:3       Tomb (3/3) Crypt:3      Depths (4/4) D:15
   Hell (visited)             Dis (7/7) Hell            Geh (7/7) Hell
    Coc (7/7) Hell            Tar (7/7) Hell            Zot (5/5) Depths:4
  IceCv (visited)          WizLab (visited)         Gauntlet (visited)

Altars:
Ashenzari
Cheibriados
Dithmenos
Elyvilon
Fedhas
Gozag
Hepliaklqana
Kikubaaqudgha
Makhleb
Nemelex Xobeh
Okawaru
Qazlal
Ru
Sif Muna
Trog
Uskayaw
Vehumet
Wu Jian
Xom
Yredelemnul
Zin
The Shining One
Jiyva
Lugonu

Shops:
D:1 *   D:2 *   D:4 [   D:5 :   D:8 (   D:13 :   Orc:2 *[:(   Elf:1 ((
Vaults:2 =   Depths:3 :   Depths:4 :

Portals:
Hell: Depths:1 Depths:2 Depths:3 Depths:4
Abyss: Depths:3
Pandemonium: Depths:2
Ziggurat: Depths:1

Annotations:
Vaults:1 2 transporters, exclusion: orange crystal statue
Coc:7 Antaeus
Zot:5 3 runed translucent doors, Glaciallarry's ghost, legendary MiBe; Uneer's ghost, legendary GnFE


Innate Abilities, Weirdness & Mutations

You are an undead lich.
Your unarmed attacks are suffused with negative energy.
You are immune to unholy pain and torment.
Your necromantic spells are more powerful.
You cannot drink.
You are immune to poison.
You have a pair of large horns on your head.
You are completely covered in yellow scales. (AC +4, rCorr)
A meltable icy envelope protects you from harm. (AC +0)
Your melee attacks may debilitate your foes.
A meltable shield of frost defends you. (SH +0)
Spells you cast and wands you use may paralyse nearby enemies.
Your hexes are more powerful.
You are surrounded by an aura of silence.
Your natural rate of healing is unusually fast.
You are robust. (+10% HP)


Message History

Keloter is lightly wounded.
The silver javelin pierces through the cyclops!!!
The silver sears the cyclops!
You kill the cyclops!
Vehumet accepts your kill.
The cyclops's shape twists and changes as it dies.
Jips blinks!
The troll changes into a queen bee!
Varorruw is engulfed in blazing flames.
Varorruw gestures.
Lightning arcs from Varorruw's claws!
The bolt of lightning hits Anavycet!!
Anavycet resists.
The bolt of lightning hits Varorruw.
The bolt of lightning hits the green very ugly thing!!!
The green very ugly thing dies!
The bolt of lightning hits the dire elephant!!!
The dire elephant dies!
The dire elephant's shape twists and changes as it dies.
The bolt of lightning hits Xoutef!!
The bolt of lightning hits the quicksilver ooze!!!
The quicksilver ooze dies!
The bolt of lightning hits Zeosuwk!!
Zeosuwk resists.
The bolt of lightning hits you!! You resist.
* * * LOW HITPOINT WARNING * * *
The bolt of lightning hits Xemn!!!
Xemn resists.
The bolt of lightning hits Fedew!!!
The bolt of lightning hits Ocyniy!!!
Ocyniy resists.
A bolt of lightning appears from out of thin air!
The bolt of lightning hits Jips!
Jips resists.
The bolt of lightning hits the Killer Klown!
The bolt of lightning hits Lisus.
Lisus resists.
The bolt of lightning hits the queen bee!!
The bolt of lightning hits the Killer Klown!!
The bolt of lightning hits Plog!!
Plog resists.
The bolt of lightning hits Keloter!!
Keloter resists.
The bolt of lightning hits Zobohoc!
Xoutef gestures at you.
The freezing blast engulfs you but does no damage.
Anavycet is struck by lightning.
Xemn gestures at you.
The sphere of damnation explodes!
The damnation engulfs you!!
You die...

.)...&..&.
|?4§§§§p§&§§§p&....&&&.&
|p}§§§y§&○&§.&○&.&.†&&..
▓)§§&&§&§§§§§§§..&&&&.4.
▓§§§§§&§§†.§°§.T&&.4..▓
▓§§○°§§°§○.§☼†..2†..▓▓
▓°°°&§&.&°.§.†(&(.▓▓
▓°°§§°○°°.§.....▓
▓°L§§.°°..☼°(.▓
▓▓▓▓▓▓▓▓▓▓▓▓▓▓▓


You could see Anavycet, Fedew (unsilenced, misshapen, corroded), Jips (clouds,
unsilenced, misshapen), Keloter (unsilenced, misshapen), Kutiv (wandering),
Ocyniy, Plog (clouds), Varorruw (unsilenced), Xemn (clouds, unsilenced), Xoutef
(unsilenced, misshapen), Zeosuwk, Zobohoc (silencing, unsilenced), 3 Killer
Klowns, a queen bee shaped shifter (unsilenced) and a chaos spawn.

Vanquished Creatures
  Cerebov (Pan)
  Asmodeus (Geh:7)
  the Royal Jelly (Slime:5)
  Ereshkigal (Tar:7)
  Gloorx Vloq (Pan)
  A seraph (Pan)
  the Serpent of Hell (Hell)
  Lom Lobon (Pan)
  Mnoleg (Pan)
  23 dread liches
  Dispater (Dis:7)
  13 orbs of fire
  Mara (Crypt:1)
  37 ancient liches
  Mennas (Depths:4)
  A juggernaut (shapeshifter) (Zig:17)
  147 pandemonium lords
  47 juggernauts
  Sojobo (Depths:2)
  156 royal mummies
  Boris (twice) (Vaults:4 Depths:1)
  72 Killer Klowns
  64 shard shrikes
  Bai Suzhen (Vaults:4)
  Xtahua (Crypt:3)
  76 caustic shrikes
  5 curse toes
  Geryon (Hell)
  Nikola (Shoals:1)
  92 golden dragons
  17 profane servitors
  49 Brimstone Fiends
  37 Tzitzimimeh
  6 pearl dragons
  3 electric golems
  58 bone dragons
  21 doom hounds
  35 iron giants
  An iron giant (shapeshifter) (Zig:23)
  68 Hell Sentinels
  150 tentacled monstrosities
  60 hellephants
  109 Ice Fiends
  35 tainted leviathans
  A spectral shard shrike (Tar:4)
  25 Orb Guardians
  Jorgrun (Shoals:1)
  A shard shrike zombie (Tomb:3)
  3 quicksilver dragons (shapeshifter) (Zig:17)
  32 titans
  71 liches
  80 searing wretches
  70 deep elf master archers
  2 walking frostbound tomes (Depths:2)
  48 Executioners
  A kraken (Shoals:4)
  27 sphinxes
  203 acid blobs
  Murray (Depths:1)
  12 quicksilver dragons
  54 ancient champions
  51 tentacled starspawn
  3 sphinxes (shapeshifter)
  18 shadow dragons
  10 death cobs
  Frances (Spider:1)
  51 deep elf blademasters
  3 shadow dragons (shapeshifter)
  9 thorn hunters
  6 fenstrider witches
  15 storm dragons
  71 rockslimes
  20 revenants
  Donald (Vaults:3)
  Roxanne (Shoals:4)
  17 tengu reavers
  43 draconian monks
  60 azure jellies
  A fire giant (shapeshifter) (Zig:17)
  119 emperor scorpions
  132 nagarajas
  Ilsuiw (Shoals:2)
  36 frost giants
  4 frost giants (shapeshifter)
  An iron dragon (shapeshifter) (Zig:19)
  4 spectral caustic shrikes
  23 daevas
  13 deep elf sorcerers
  39 draconian scorchers
  15 demonspawn warmongers
  42 fire giants
  74 narguns
  4 azure jellies (shapeshifter)
  84 draconian knights
  26 iron dragons
  A ghost moth (shapeshifter) (Zig:23)
  33 cacodemons
  29 vault wardens
  43 quicksilver elementals
  132 orc warlords
  6 fenstrider witches (shapeshifter)
  49 draconian shifters
  202 ghost moths
  4 juggernaut zombies
  17 deep elf elementalists
  51 quicksilver oozes
  14 curse skulls
  2 spectral juggernauts
  24 angels
  A shard shrike simulacrum (Coc:3)
  9 caustic shrike zombies
  179 balrugs
  46 draconian annihilators
  7 ghouls
  27 broodmothers
  35 ironbound preservers
  48 demonspawn corrupters
  50 draconian stormcallers
  67 war gargoyles
  A broodmother (shapeshifter) (Vaults:5)
  2 spriggan defenders (Depths:4)
  8 caustic shrike skeletons
  7 ironbound thunderhulks
  21 demonspawn blood saints
  73 very ugly things
  8 juggernaut skeletons
  80 stone giants
  16 vampire knights
  6 stone giants (shapeshifter)
  46 reapers
  24 demonspawn black suns
  79 deep elf demonologists
  52 bennus
  28 elemental wellsprings
  20 ophanim
  36 green draconians
  17 eleionomae
  An eleionoma (shapeshifter) (Zig:19)
  36 black draconians
  64 wendigos
  88 deep elf annihilators
  33 apis
  20 dire elephants
  32 lorocyprocas
  124 entropy weavers
  A minotaur (shapeshifter) (Zig:19)
  42 putrid mouths
  The ghost of erker the Geomancer, a journeyman OpEE of Cheibriados (Lair:4)
  2 entropy weavers (shapeshifter)
  6 dire elephants (shapeshifter)
  32 yellow draconians
  26 bunyips
  2 minotaurs
  A bunyip (shapeshifter) (Zig:6)
  2 spark wasps (shapeshifter)
  29 white draconians
  19 spark wasps
  34 purple draconians
  39 red draconians
  114 green deaths
  30 ettins
  7 crystal guardians
  73 blizzard demons
  27 eidola
  63 iron golems
  49 merfolk impalers
  129 mummy priests
  38 yaktaur captains
  8 quicksilver dragon zombies
  11 spriggan zombies
  2 fire dragons (shapeshifter) (Zig:19)
  26 deep elf death magi
  2 spectral golden dragons (Zig:20)
  16 fire dragons
  14 jiangshi
  A spectral quicksilver dragon (Zig:20)
  Josephine (D:13)
  92 merfolk javelineers
  92 deep elf high priests
  3 great orbs of eyes (shapeshifter)
  37 vault guards
  18 jorogumos
  63 great orbs of eyes
  76 shambling mangroves
  13 rakshasas
  12 hell beasts
  3 quicksilver dragon skeletons (Zig:24)
  19 boulder beetles
  114 hydras
  2 spectral tengu (Zig:20)
  10 naga warriors
  Erolcha (D:9)
  2 ice dragons (shapeshifter)
  12 spriggan skeletons
  18 caustic shrike simulacra
  13 spriggan air magi
  3 anacondas (shapeshifter)
  A spectral shadow dragon (Zig:20)
  3 spectral spriggans
  3 catoblepae
  A hydra (shapeshifter) (Zig:23)
  2 jorogumos (shapeshifter)
  19 radroaches
  68 salamander tyrants
  19 anacondas
  10 ogre magi
  13 juggernaut simulacra
  18 merfolk avatars
  25 ice dragons
  A peacekeeper (Vaults:1)
  11 ironbound frosthearts
  A catoblepas (shapeshifter) (Zig:19)
  A fenstrider witch skeleton (Pan)
  12 stokers
  4 death knights
  7 centaur warriors
  3 two-headed ogres (shapeshifter)
  10 ghost crabs
  24 two-headed ogres
  144 dancing weapons
  111 merfolk aquamancers
  2 alligator snapping turtles (shapeshifter) (Zig:17)
  8 satyrs
  22 alligators
  74 death scarabs
  2 spectral dire elephants
  53 alligator snapping turtles
  A satyr (shapeshifter) (Zig:18)
  6 tengu warriors
  4 death yaks (Lair:6)
  50 hell hogs
  5 deep troll shamans
  20 vampire magi
  11 titan zombies
  117 orc high priests
  A spectral storm dragon (Zig:20)
  6 storm dragon zombies
  6 spriggan berserkers
  27 shock serpents
  110 sun demons
  19 naga sharpshooters
  5 deep troll earth magi
  2 shock serpents (shapeshifter)
  59 soul eaters
  8 spriggans
  14 hell knights
  4 spectral nagas
  38 crystal echidnas
  98 deep elf knights
  6 iron trolls (shapeshifter)
  49 iron trolls
  59 thrashing horrors
  90 wretched stars
  A fire crab (shapeshifter) (Zig:23)
  8 titan skeletons
  5 salamander mystics
  45 shadow wraiths
  34 spatial maelstroms
  38 sixfirhies
  3 fire crabs (Zig:15)
  44 skeletal warriors
  3 sea snakes (shapeshifter)
  17 sun moths
  2 storm dragon skeletons
  54 deep trolls
  3 glowing orange brains (shapeshifter)
  56 sea snakes
  128 orb spiders
  2 death drakes (shapeshifter) (Zig:26)
  8 golden dragon zombies
  2 goliath frogs (shapeshifter)
  6 quicksilver dragon simulacra
  A spark wasp zombie (Depths:1)
  20 shadow demons
  An entropy weaver zombie (Crypt:2)
  22 spriggan druids
  12 naga ritualists
  A spectral iron dragon (Zig:20)
  70 death drakes
  20 glowing orange brains
  3 steelbarb worms (shapeshifter)
  53 steelbarb worms
  14 goliath frogs
  216 starcursed masses
  85 deep elf archers
  15 flayed ghosts
  17 cherubim
  90 swamp dragons
  57 pharaoh ants
  17 spriggan simulacra
  2 deep trolls (shapeshifter) (Zig:6)
  2 swamp dragons (shapeshifter)
  34 ironbound convokers
  A lindwurm (shapeshifter) (Zig:17)
  3 bunyip skeletons
  15 obsidian statues
  17 wizards
  15 orange crystal statues
  4 shadow dragon zombies
  A fire giant zombie (Zig:6)
  5 mana vipers (shapeshifter)
  6 sphinx zombies
  2 harpies (shapeshifter)
  62 harpies
  11 bog bodies
  9 mana vipers
  4 tengu zombies
  24 necromancers
  48 orc knights
  69 wolf spiders
  8 iron dragon zombies
  8 golden dragon skeletons
  21 phantasmal warriors
  136 deep elf zephyrmancers
  110 deep elf pyromancers
  2 anaconda skeletons (Crypt:3)
  74 orc sorcerers
  A shining eye (shapeshifter) (Zig:26)
  11 lindwurms
  43 shining eyes
  A cyclops (shapeshifter) (Zig:26)
  2 fauns (shapeshifter)
  A draconian zombie (Crypt:3)
  64 manticores
  2 manticores (shapeshifter)
  2 glowing shapeshifters
  29 fauns
  A stone giant zombie (Depths:1)
  5 sphinx skeletons
  26 will-o-the-wisps
  63 ugly things
  An elephant (shapeshifter) (Zig:19)
  10 shadow dragon skeletons
  6 salamanders
  9 worldbinders
  A moth of wrath (shapeshifter) (Zig:17)
  19 elephants
  3 rust devils
  8 tengu skeletons
  23 cyclopes
  5 iron dragon skeletons
  38 merfolk sirens
  30 vault sentinels
  55 black mambas
  171 moths of wrath
  15 ice statues
  2 salamanders (shapeshifter)
  The ghost of Seraphu the Magician, a novice DECj (D:6)
  24 naga magi
  A fire giant skeleton (Depths:1)
  51 guardian serpents
  2 dire elephant zombies (Crypt:3)
  3 eyes of devastation (shapeshifter)
  A stone giant skeleton (Tomb:1)
  3 torpor snails (shapeshifter)
  49 apocalypse crabs
  4 molten gargoyles (Hell)
  A guardian serpent (shapeshifter) (Zig:26)
  An orc zombie (Crypt:1)
  4 water nymphs (shapeshifter)
  107 smoke demons
  2 cane toads (shapeshifter) (Zig:19)
  11 titan simulacra
  16 unseen horrors
  109 water nymphs
  19 cane toads
  21 eyes of devastation
  2 storm dragon simulacra
  118 torpor snails
  8 gargoyles (Zig:19)
  21 rime drakes
  78 demonic crawlers
  3 dire elephant skeletons
  45 orange demons
  A yaktaur (shapeshifter) (Vaults:5)
  75 hellions
  A swamp worm zombie (Crypt:1)
  38 efreet
  3 kobold demonologists
  A rime drake (shapeshifter) (Zig:24)
  2 death yak zombies
  A red draconian zombie (Crypt:2)
  2 unseen horrors (shapeshifter)
  28 freezing wraiths
  A spark wasp simulacrum (Zig:5)
  22 ice devils
  13 komodo dragons
  48 yaktaurs
  58 hellwings
  51 ancient zymes
  78 tormentors
  223 guardian mummies
  7 silent spectres
  A tengu conjurer (Depths:4)
  2 anaconda simulacra
  8 red devils
  8 golden dragon simulacra
  186 merfolk
  A spectral harpy (Tar:1)
  An iron giant simulacrum (Coc:3)
  2 meliai (shapeshifter)
  26 meliai
  3 harpy zombies (Crypt:3)
  A polar bear (shapeshifter) (Zig:25)
  6 bloated husks
  17 wind drakes
  8 polar bears
  2 sphinx simulacra
  41 trolls
  The ghost of SHADDY the Covert, a novice VSEn (D:5)
  A merfolk (shapeshifter) (Zig:3)
  3 trolls (shapeshifter)
  6 shadow dragon simulacra
  A tarantella (shapeshifter) (Zig:27)
  8 tengu simulacra
  14 tyrant leeches
  116 hornets
  10 blink frogs
  3 wind drakes (shapeshifter)
  3 hornets (shapeshifter)
  235 slime creatures
  86 tarantellas
  2 slime creatures (shapeshifter)
  9 iron dragon simulacra
  11 dream sheep
  A blink frog (shapeshifter) (Zig:12)
  A hydra skeleton (Tomb:3)
  2 harpy skeletons (Pan)
  A dream sheep (shapeshifter) (Zig:4)
  A fire giant simulacrum (Zig:11)
  A raiju (shapeshifter) (Zig:25)
  45 raiju
  An ettin zombie (Crypt:3)
  5 snapping turtles (shapeshifter)
  A boulder beetle zombie (Crypt:1)
  53 jumping spiders
  29 snapping turtles
  4 stone giant simulacra
  117 flying skulls
  A frost giant simulacrum (Zig:5)
  A human simulacrum (Hell)
  35 air elementals
  2 jumping spiders (shapeshifter)
  4 centaur simulacra
  55 culicivoras
  2 culicivoras (shapeshifter)
  7 vampires
  9 shadows
  2 black mamba zombies
  3 ettin skeletons
  A satyr skeleton (Crypt:2)
  Sigmund (D:5)
  79 water elementals
  5 fire bats
  5 dire elephant simulacra
  2 humans (shapeshifter)
  6 wyverns
  60 ynoxinuls
  26 wraiths
  6 basilisks
  92 redbacks
  3 spriggans (shapeshifter)
  4 yaks (shapeshifter)
  60 yaks
  2 steam dragons
  An alligator snapping turtle simulacrum (Hell)
  70 chaos spawn
  215 large abominations
  105 ushabtiu
  35 fire elementals
  2 golden eyes (shapeshifter)
  20 humans (D:14)
  A redback (shapeshifter) (Zig:10)
  41 golden eyes
  78 neqoxecs
  Menkaure (D:4)
  6 vampire mosquitoes
  49 wargs
  23 nagas
  5 spatial vortices
  A warg (shapeshifter) (Zig:25)
  13 harpy simulacra
  A swamp worm (shapeshifter) (Zig:19)
  A demonspawn zombie (Crypt:3)
  6 two-headed ogre zombies (WizLab)
  5 hydra simulacra
  14 hell hounds
  23 floating eyes
  6 acid dragons
  3 naga skeletons
  A two-headed ogre skeleton (Crypt:3)
  19 water moccasins
  202 orc warriors
  2 floating eyes (shapeshifter)
  A meliai simulacrum (Gauntlet)
  A black bear (shapeshifter) (Zig:23)
  17 ice beasts
  A sky beast (D:7)
  3 swamp drakes
  A hornet zombie (D:7)
  8 ettin simulacra
  3 necrophages
  A black bear (D:6)
  103 ogres
  A black mamba simulacrum (Hell)
  5 boggarts
  12 wolves
  17 centaurs
  A wolf (shapeshifter) (Zig:25)
  3 phantoms
  A swamp dragon skeleton (Pan)
  A torpor snail zombie (Crypt:2)
  5 kobold brigands
  72 small abominations
  A rime drake skeleton (Crypt:2)
  A cane toad simulacrum (Gauntlet)
  6 elf zombies
  A komodo dragon skeleton (Crypt:2)
  3 gnoll sergeants
  6 bullfrogs
  30 earth elementals
  4 glowing shapeshifter simulacra
  2 naga simulacra
  A scorpion (D:5)
  A shapeshifter zombie (Crypt:1)
  6 troll zombies (WizLab)
  6 wyvern skeletons (Crypt:3)
  A water moccasin skeleton (D:4)
  5 killer bees (D:9)
  10 wights
  10 electric eels
  5 howler monkeys
  A jelly (D:4)
  4 crimson imps (Pan)
  15 centaur zombies
  A bullfrog zombie (D:6)
  A lava snake (D:14)
  2 quasits
  3 human zombies
  A jelly (shapeshifter) (D:15)
  5 centaur skeletons
  3 hounds
  Crazy Yiuf (D:4)
  40 orc priests
  2 bullfrog skeletons
  4 gnoll shamans
  3 iron imps
  3 iguanas
  Ijyb (D:4)
  A human skeleton (Crypt:2)
  34 orc wizards
  Natasha (twice) (D:2 D:1)
  4 lightning spires (Zig:25)
  7 hell rats (Lair:5)
  A killer bee zombie (D:5)
  6 ogre zombies (WizLab)
  A hound zombie (D:5)
  A hound skeleton (D:4)
  346 mummies
  3 howler monkey zombies
  2 howler monkey skeletons
  27 gnolls
  6 adders
  A shadow imp (D:6)
  4 white imps
  8 ufetubi
  An adder zombie (D:5)
  2 worms
  2 dart slugs (D:2)
  63 orcs
  A bat zombie (Crypt:1)
  7 endoplasms
  6 goblins
  9 hobgoblins
  8 jackals
  A quokka (D:1)
  9 ball pythons
  2 bats
  6 frilled lizards (D:2)
  A frilled lizard zombie (Crypt:1)
  25 kobolds
  A quokka skeleton (Crypt:1)
  4 rats
  8 ball lightnings
  25 briar patches (Zig:18)
  2 creeping infernos
  77 fire vortices
  A lurking horror (Abyss:3)
  2 plants (Zig:14)
  27 starspawn tentacles
  3 tentacles (Shoals:4)
15536 creatures vanquished.

Vanquished Creatures (collateral kills)
  4 royal mummies
  A shard shrike (Zig:27)
  A pandemonium lord (Zig:23)
  A caustic shrike (Dis:7)
  A doom hound (Zig:20)
  A tentacled monstrosity (Zig:26)
  3 Ice Fiends
  A tainted leviathan (Zig:20)
  An ancient champion (Dis:7)
  An acid blob (Zig:26)
  2 tentacled starspawn
  A sphinx (Tomb:1)
  A fire giant (Zig:15)
  A vault warden (Zig:18)
  2 azure jellies
  An orc warlord (Zig:24)
  A cacodemon (Pan)
  2 demonspawn corrupters
  A war gargoyle (Dis:7)
  An angel (Pan)
  2 very ugly things
  An ophan (Pan)
  3 apis (Pan)
  A demonspawn black sun (Zig:22)
  A putrid mouth (Tar:7)
  A spark wasp (Zig:18)
  A yaktaur captain (Zig:18)
  A great orb of eyes (Zig:12)
  A naga warrior (Zig:22)
  A spriggan skeleton (Pan)
  A catoblepas (Zig:12)
  A merfolk aquamancer (Zig:16)
  A titan zombie (Zig:26)
  2 soul eaters (Pan)
  A sixfirhy (Zig:27)
  A wretched star (Zig:24)
  A glowing orange brain (shapeshifter) (Zig:3)
  A golden dragon zombie (Zig:13)
  A spectral iron dragon (Tar:6)
  4 swamp dragons
  A tengu zombie (Zig:17)
  A shadow dragon skeleton (Zig:6)
  An ugly thing (Pan)
  A harpy (Zig:23)
  A large abomination (Pan)
  A demonic crawler (Zig:4)
  A guardian mummy (Tomb:1)
  2 ancient zymes
  A merfolk (Zig:18)
  A meliai (Zig:24)
  A hornet (Zig:26)
  A raiju (Zig:23)
  A dream sheep (shapeshifter) (Zig:19)
  5 slime creatures
  A flying skull (Zig:26)
  A wraith (Zig:27)
  A chaos spawn (Zig:17)
  A floating eye (shapeshifter) (Zig:19)
  A floating eye (Zig:26)
  5 starcursed masses
  An orc wizard (Zig:9)
  11 mummies
  A briar patch (Zig:18)
  3 starspawn tentacles
100 creatures vanquished.

Vanquished Creatures (others)
  21 pandemonium lords
  10 Killer Klowns
  A Brimstone Fiend (Zig:22)
  A tentacled monstrosity (Zig:21)
  2 eldritch tentacles
  A thorn hunter (Zig:13)
  A sphinx (shapeshifter) (Zig:25)
  2 azure jellies (shapeshifter)
  2 draconian knights
  A fire giant (shapeshifter) (Zig:26)
  A ghost moth (Zig:24)
  A draconian stormcaller (Zot:1)
  Louise (Shoals:1)
  A quicksilver ooze (shapeshifter) (Zig:26)
  A demonspawn corrupter (Zig:9)
  3 very ugly things
  A dire elephant (shapeshifter) (Zig:26)
  A blizzard demon (Zig:24)
  A boulder beetle (Zig:15)
  A salamander tyrant (Geh:3)
  A merfolk aquamancer (Zig:16)
  A satyr (shapeshifter) (Zig:26)
  A soul eater (Pan)
  3 deep elf knights
  A sea snake (Shoals:4)
  A skeletal warrior (Crypt:2)
  A shadow wraith (Tar:6)
  A deep troll (shapeshifter) (Zig:23)
  A steelbarb worm (shapeshifter) (Zig:23)
  A spriggan simulacrum (Zig:25)
  A swamp dragon (Zig:13)
  A lindwurm (shapeshifter) (Zig:19)
  A deep elf pyromancer (Zig:21)
  3 ugly things
  2 moths of wrath
  4 apocalypse crabs
  A guardian serpent (Zig:23)
  A water nymph (shapeshifter) (Zig:23)
  An ancient zyme (Zig:27)
  A wind drake (shapeshifter) (Zig:26)
  A meliai (shapeshifter) (Zig:23)
  A tengu simulacrum (Zig:24)
  A merfolk (shapeshifter) (Zig:23)
  A bloated husk (Zig:13)
  A sphinx simulacrum (Zig:5)
  A hornet (Zig:13)
  A ynoxinul (Pan)
  An air elemental (Zig:25)
  3 water elementals
  A yak (shapeshifter) (Zig:23)
  A neqoxec (Zig:27)
  2 redbacks (shapeshifter) (Zig:23)
  5 chaos spawn
  A floating eye (shapeshifter) (Zig:23)
  A centaur (D:10)
  A hound (shapeshifter) (Zig:26)
  A small abomination (Zig:23)
  22 ball lightnings
  3 briar patches (Zig:18)
  1648 fire vortices
  30 foxfires
  46 fungi
  94 plants
  40 starspawn tentacles
  5 tentacles (Shoals:4)
  23 withered plants
2017 creatures vanquished.

Grand Total: 17653 creatures vanquished

Notes
Turn   | Place    | Note
-------+----------+-------------------------------------------
     0 | D:1      | protoss039 the Demonspawn Earth Elementalist began the
                  | quest for the Orb.
     0 | D:1      | Reached XP level 1. HP: 13/13 MP: 3/3
    34 | D:1      | Reached skill level 1 in Transmutations
   215 | D:1      | Found Wuxoalat's Assorted Antiques.
   393 | D:1      | Reached skill level 1 in Fighting
   393 | D:1      | Gained mutation: Spells you cast may paralyse adjacent
                  | enemies. [demonic ancestry]
   393 | D:1      | Reached XP level 2. HP: 21/21 MP: 5/5
   899 | D:1      | Learned a level 2 spell: Passwall
   962 | D:2      | Found a faded altar of an unknown god.
   984 | D:2      | Reached XP level 3. HP: 26/27 MP: 1/6
   988 | D:2      | Learned a level 3 spell: Stone Arrow
  1229 | D:2      | Noticed Natasha
  1234 | D:2      | Killed Natasha
  1421 | D:2      | Found Zinuram's Assorted Antiques.
  1536 | D:2      | Noticed Natasha
  1549 | D:1      | Killed Natasha
  1550 | D:1      | Reached XP level 4. HP: 26/34 MP: 0/8
  1722 | D:2      | Reached skill level 1 in Conjurations
  2235 | D:3      | Gained mutation: You have a pair of small horns on your
                  | head. [demonic ancestry]
  2235 | D:3      | Reached XP level 5. HP: 22/41 MP: 6/9
  2966 | D:4      | Gained mutation: A meltable shield of frost defends you.
                  | (SH +0) [demonic ancestry]
  2966 | D:4      | Reached XP level 6. HP: 22/48 MP: 0/10
  3250 | D:4      | Noticed Ijyb
  3263 | D:4      | Killed Ijyb
  3704 | D:4      | Found Geysk's Armour Shoppe.
  3977 | D:4      | Reached XP level 7. HP: 52/55 MP: 4/12
  4076 | D:4      | Noticed Menkaure
  4078 | D:4      | Killed Menkaure
  4079 | D:4      | Reached skill level 5 in Fighting
  4258 | D:4      | Found a runed translucent door.
  4259 | D:4      | Noticed Crazy Yiuf
  4810 | D:4      | Killed Crazy Yiuf
  4922 | D:5      | Entered Level 5 of the Dungeon
  5160 | D:5      | Gained mutation: You have a pair of horns on your head.
                  | [demonic ancestry]
  5160 | D:5      | Reached XP level 8. HP: 50/64 MP: 9/14
  5419 | D:5      | Noticed Sigmund
  5604 | D:5      | Found Huedema's Book Shoppe.
  5695 | D:5      | Reached skill level 5 in Earth Magic
  6164 | D:5      | Killed Sigmund
  6165 | D:5      | Reached skill level 1 in Armour
  6267 | D:5      | Found a runed translucent gate.
  6269 | D:5      | Noticed SHADDY's ghost (novice VSEn)
  6271 | D:5      | Found a runed translucent gate.
  6271 | D:5      | Found a runed translucent gate.
  6420 | D:6      | Reached skill level 5 in Spellcasting
  6697 | D:6      | Reached XP level 9. HP: 54/72 MP: 2/16
  6864 | D:6      | Found a runed translucent door.
  6865 | D:6      | Noticed Seraphu's ghost (novice DECj)
  7643 | D:6      | Found a staircase to the Ecumenical Temple.
  7780 | Temple   | Entered the Ecumenical Temple
  7887 | Temple   | Became a worshipper of Vehumet
  7922 | D:7      | Reached skill level 5 in Conjurations
  8292 | D:7      | Noticed a two-headed ogre
  8298 | D:7      | Killed a two-headed ogre
  8726 | D:7      | Reached skill level 10 in Fighting
  8875 | D:7      | Found a burning altar of Makhleb.
  9432 | D:7      | Identified the +6 kite shield of Inference {rF+ Will+}
  9474 | D:8      | Found a staircase to the Lair.
  9479 | D:8      | Gained mutation: You are partially covered in yellow
                  | scales. (AC +2) [demonic ancestry]
  9479 | D:8      | Reached XP level 10. HP: 85/85 MP: 12/19
 10031 | D:8      | Found Jurghimen's Weapon Shop.
 10036 | D:8      | Reached skill level 1 in Shields
 10244 | D:8      | Identified the +6 flail "Demonslayer" {elec, Int+2}
 10468 | D:9      | Reached * piety under Vehumet
 10468 | D:9      | Offered knowledge of Magic Dart by Vehumet.
 10521 | D:9      | Found a staircase to the Orcish Mines.
 11025 | D:9      | Found an ancient bone altar of Kikubaaqudgha.
 11758 | D:9      | Noticed Erolcha
 12220 | D:9      | Reached ** piety under Vehumet
 12220 | D:9      | Offered knowledge of Static Discharge by Vehumet.
 12550 | D:9      | Learned a level 2 spell: Static Discharge
 12591 | D:10     | Entered Level 10 of the Dungeon
 12651 | D:10     | Noticed an eight-headed hydra
 12831 | D:10     | Noticed a wolf spider
 12836 | D:10     | Killed a wolf spider
 12910 | D:9      | Killed Erolcha
 12911 | D:9      | Reached XP level 11. HP: 95/95 MP: 8/21
 13201 | D:10     | Noticed an entropy weaver
 13207 | D:10     | Killed an entropy weaver
 13304 | D:10     | Noticed a tengu warrior
 13479 | D:5      | Bought a book of Minor Magic for 234 gold pieces
 13483 | D:5      | Learned a level 3 spell: Mephitic Cloud
 13582 | D:10     | Killed an eight-headed hydra
 13582 | D:10     | Offered knowledge of Frozen Ramparts by Vehumet.
 13583 | D:10     | Reached skill level 5 in Shields
 13941 | D:10     | Noticed a death knight
 14090 | D:10     | Found an opulent altar of Gozag.
 14136 | D:10     | Noticed a two-headed ogre
 14326 | D:10     | Reached *** piety under Vehumet
 14372 | D:10     | Noticed a red ugly thing
 14378 | D:10     | Killed a red ugly thing
 14379 | D:10     | Reached skill level 5 in Armour
 14807 | D:10     | Killed a tengu warrior
 14945 | D:10     | Gained mutation: Spells you cast may paralyse nearby
                  | enemies. [demonic ancestry]
 14945 | D:10     | Reached XP level 12. HP: 106/106 MP: 13/23
 15097 | D:10     | Offered knowledge of Sticky Flame by Vehumet.
 15364 | D:10     | Killed a two-headed ogre
 16089 | D:11     | Found a large runed translucent door.
 16089 | D:11     | Found a large runed translucent door.
 16389 | D:11     | Found a large runed translucent door.
 16389 | D:11     | Found a large runed translucent door.
 16430 | D:11     | Noticed a two-headed ogre
 16438 | D:11     | Killed a two-headed ogre
 16514 | D:11     | Noticed a five-headed hydra
 16517 | D:11     | Killed a five-headed hydra
 16517 | D:11     | Reached **** piety under Vehumet
 16724 | D:11     | Noticed a boulder beetle
 16735 | D:11     | Killed a boulder beetle
 17103 | D:11     | Identified the +0 scimitar "Homek" {vorpal, *Slow rPois
                  | rN++}
 17301 | D:12     | Found a gate leading to a gauntlet.
 17314 | D:12     | Noticed a two-headed ogre
 17319 | D:12     | Killed a two-headed ogre
 17319 | D:12     | Offered knowledge of Iskenderun's Battlesphere by Vehumet.
 17388 | Gauntlet | Entered a Gauntlet
 17388 | Gauntlet | Found a transporter.
 17388 | Gauntlet | Found a transporter.
 17392 | Gauntlet | Found a transporter.
 17392 | Gauntlet | Found a transporter.
 17394 | Gauntlet | Found a large runed translucent door.
 17395 | Gauntlet | Found a large runed translucent door.
 17396 | Gauntlet | Found a large runed translucent door.
 17396 | Gauntlet | Found a large runed translucent door.
 17396 | Gauntlet | Found a runed translucent door.
 17396 | Gauntlet | Found a runed translucent door.
 17397 | Gauntlet | Found a large runed translucent door.
 17397 | Gauntlet | Found a large runed translucent door.
 17397 | Gauntlet | Found a large runed translucent door.
 17397 | Gauntlet | Found a large runed translucent door.
 17398 | Gauntlet | Found a large runed translucent door.
 17399 | Gauntlet | Found a large runed translucent door.
 17399 | Gauntlet | Found a transporter.
 17402 | Gauntlet | Found a large runed translucent door.
 17402 | Gauntlet | Found a large runed translucent door.
 17403 | Gauntlet | Found a large runed translucent door.
 17403 | Gauntlet | Found a large runed translucent door.
 17403 | Gauntlet | Found a large runed translucent door.
 17403 | Gauntlet | Found a large runed translucent door.
 17406 | Gauntlet | Found a runed translucent gate.
 17406 | Gauntlet | Found a runed translucent gate.
 17406 | Gauntlet | Found a runed translucent gate.
 17408 | Gauntlet | Found a transporter.
 17415 | Gauntlet | Noticed a hell beast
 17418 | Gauntlet | Found a transporter.
 17418 | Gauntlet | Found a transporter.
 17420 | Gauntlet | Noticed a hell beast
 17421 | Gauntlet | Found a transporter.
 17438 | Gauntlet | Found a transporter.
 17463 | Gauntlet | Found a transporter.
 17496 | Gauntlet | Found a transporter.
 17516 | Gauntlet | Found a transporter.
 17612 | Gauntlet | Found a transporter.
 17626 | Gauntlet | Found a transporter.
 17639 | Gauntlet | Found a transporter.
 17702 | Gauntlet | Noticed an anaconda
 17702 | Gauntlet | a steelbarb worm changed into an anaconda
 18021 | Gauntlet | Learned a level 5 spell: Iskenderun's Battlesphere
 18041 | Gauntlet | Killed a hell beast
 18042 | Gauntlet | Reached skill level 15 in Fighting
 18047 | Gauntlet | Identified the +2 cloak "Celur" {Fly}
 18170 | Gauntlet | Noticed a minotaur
 18211 | Gauntlet | Killed a minotaur
 18212 | Gauntlet | Reached XP level 13. HP: 84/115 MP: 4/25
 18352 | D:12     | Learned a level 5 spell: Lee's Rapid Deconstruction
 19051 | D:13     | Noticed Josephine
 19063 | D:13     | Killed Josephine
 19195 | D:13     | Identified the +0 buckler of the Endless Expanse {rPois
                  | MP+9 Dex+3}
 19398 | D:13     | Reached ***** piety under Vehumet
 19715 | D:13     | Found a broken altar of Ashenzari.
 19779 | D:13     | Offered knowledge of Fireball by Vehumet.
 20138 | D:13     | Found Vodourarch's Book Shoppe.
 22369 | D:14     | Found a gate to the Vaults.
 22716 | D:15     | Entered Level 15 of the Dungeon
 22817 | D:15     | Reached XP level 14. HP: 123/123 MP: 21/27
 22827 | D:15     | Reached skill level 10 in Shields
 23694 | D:15     | Reached skill level 10 in Conjurations
 24158 | D:15     | Found a staircase to the Depths.
 24386 | Lair:1   | Entered Level 1 of the Lair of Beasts
 24715 | Lair:1   | You are sucked into a shaft and drop 1 floor!
 24845 | Lair:2   | Found a staircase to the Shoals.
 25101 | Lair:1   | Offered knowledge of Iron Shot by Vehumet.
 25112 | Lair:1   | Learned a level 6 spell: Iron Shot
 25958 | Lair:2   | Got the Catalogue of Illusion
 26802 | Lair:3   | Found a hole to the Spider Nest.
 26878 | Lair:3   | Reached skill level 10 in Spellcasting
 27874 | Lair:4   | Found a large runed translucent door.
 27874 | Lair:4   | Found a large runed translucent door.
 27879 | Lair:4   | Noticed erker's ghost (journeyman OpEE)
 29058 | Lair:5   | Gained mutation: You are mostly covered in yellow scales.
                  | (AC +3) [demonic ancestry]
 29058 | Lair:5   | Reached XP level 15. HP: 99/131 MP: 29/29
 29518 | Lair:6   | Entered Level 6 of the Lair of Beasts
 30165 | Lair:6   | Found a viscous altar of Jiyva.
 30174 | Lair:6   | Found a staircase to the Slime Pits.
 30969 | Lair:6   | Offered knowledge of Starburst by Vehumet.
 30999 | Lair:6   | Learned a level 6 spell: Starburst
 31498 | Lair:6   | Found a hide-covered altar of Uskayaw.
 32138 | Orc:1    | Entered Level 1 of the Orcish Mines
 32442 | Orc:1    | Reached skill level 1 in Fire Magic
 32675 | Orc:2    | Entered Level 2 of the Orcish Mines
 32690 | Orc:2    | Noticed an orc warlord
 32718 | Orc:2    | Killed an orc warlord
 33195 | Orc:2    | Found Ydyfuk's General Store.
 33210 | Orc:2    | Found Lythrokhy's Antique Armour Boutique.
 33231 | Orc:2    | Offered knowledge of Freezing Cloud by Vehumet.
 33387 | Orc:2    | Bought a pair of embroidered gloves for 225 gold pieces
 33404 | Orc:2    | Found a staircase to the Elven Halls.
 33425 | Orc:2    | Found Nyev's Book Shoppe.
 33500 | Orc:2    | Bought a book of Unlife for 396 gold pieces
 33770 | Orc:2    | Learned a level 5 spell: Freezing Cloud
 33787 | Orc:2    | Found Luzafaom's Antique Weapon Boutique.
 34035 | Orc:2    | Found a bloodstained altar of Trog.
 34378 | Orc:2    | Bought a book of Blasting for 352 gold pieces
 34378 | Orc:2    | Bought Ozocubu's Autobiography for 264 gold pieces
 34504 | D:5      | Bought a book of Burglary for 260 gold pieces
 34598 | D:2      | Bought a scroll of teleportation for 81 gold pieces
 34598 | D:2      | Bought a scroll of identify for 54 gold pieces
 34598 | D:2      | Bought an inky potion for 24 gold pieces
 34598 | D:2      | Bought a scroll labelled YSAAZOG SULUZ for 27 gold pieces
 34600 | D:2      | Acquired 972 gold pieces
 34645 | D:1      | Bought a scroll of teleportation for 81 gold pieces
 34645 | D:1      | Bought a scroll of summoning for 256 gold pieces
 34645 | D:1      | Bought a potion of curing for 81 gold pieces
 34775 | D:5      | Killed SHADDY's ghost
 34855 | D:6      | Killed Seraphu's ghost
 35236 | Lair:4   | Killed erker's ghost
 35549 | D:1      | Bought a large pearl amulet for 135 gold pieces
 35773 | Spider:1 | Entered Level 1 of the Spider Nest
 35780 | Spider:1 | Noticed Frances
 35784 | Spider:1 | Gained mutation: A meltable icy envelope protects you from
                  | harm. (AC +0) [demonic ancestry]
 35784 | Spider:1 | Reached XP level 16. HP: 111/139 MP: 10/31
 36462 | Spider:1 | Killed Frances
 37338 | Spider:1 | Identified the +11 hand axe of Mihile {protect, Int+7}
 37815 | Shoals:1 | Entered Level 1 of the Shoals
 38040 | Shoals:1 | Identified the +5 fustibalus "Tetad" {vorpal, Will+ Str+3
                  | Dex-5}
 38044 | Shoals:1 | Reached ****** piety under Vehumet
 38044 | Shoals:1 | Offered knowledge of Eringya's Noxious Bog by Vehumet.
 38685 | Shoals:1 | Noticed Jorgrun
 38703 | Shoals:1 | Killed Jorgrun
 38800 | Shoals:1 | Noticed Louise
 38807 | Shoals:1 | Noticed Nikola
 39045 | Shoals:1 | Killed Louise
 39050 | Shoals:1 | Killed Nikola
 39982 | Shoals:2 | Noticed Ilsuiw
 39996 | Shoals:2 | Killed Ilsuiw
 40469 | Shoals:3 | Reached XP level 17. HP: 147/147 MP: 31/34
 41361 | Shoals:4 | Entered Level 4 of the Shoals
 41376 | Shoals:4 | Offered knowledge of Irradiate by Vehumet.
 41379 | Shoals:4 | Reached skill level 10 in Earth Magic
 41401 | Shoals:4 | Noticed Roxanne
 41716 | Shoals:4 | Found a frozen archway.
 41771 | IceCv    | Entered an ice cave
 41944 | IceCv    | Found the +4 skin of Zhor {*Englaciate rC+++ SInv}
 42300 | IceCv    | Noticed an Ice Fiend
 42303 | IceCv    | Killed an Ice Fiend
 42600 | Shoals:4 | Killed Roxanne
 42815 | Shoals:3 | Learned a level 5 spell: Borgnjor's Vile Clutch
 43065 | Shoals:4 | Noticed a kraken
 43074 | Shoals:4 | Killed a kraken
 43343 | Shoals:4 | Identified the +8 rapier of Suicidal Tendencies {vorpal,
                  | rC- Int+5 Dex+4}
 44068 | Shoals:4 | Got a barnacled rune of Zot
 44303 | Spider:2 | Reached skill level 1 in Necromancy
 44915 | Spider:2 | Gained mutation: You have a pair of large horns on your
                  | head. [demonic ancestry]
 44915 | Spider:2 | Reached XP level 18. HP: 157/157 MP: 15/36
 45097 | Spider:2 | Got Sif Muna's Papyrus of Ghastly Transformation
 45297 | Spider:2 | Offered knowledge of Conjure Ball Lightning by Vehumet.
 46522 | Spider:4 | Entered Level 4 of the Spider Nest
 48156 | Spider:4 | Got a gossamer rune of Zot
 48420 | Elf:1    | Entered Level 1 of the Elven Halls
 48433 | Elf:1    | Reached skill level 15 in Spellcasting
 48534 | Orc:2    | Learned a level 6 spell: Statue Form
 48538 | Orc:2    | Learned a level 3 spell: Swiftness
 48624 | Elf:1    | Found Oxoigh's Antique Weapon Boutique.
 48629 | Elf:1    | Found Diyne's Weapon Boutique.
 48820 | Elf:1    | Offered knowledge of Chain Lightning by Vehumet.
 48820 | Elf:1    | Offered knowledge of Polar Vortex by Vehumet.
 48820 | Elf:1    | Offered knowledge of Ignition by Vehumet.
 49333 | Elf:1    | Reached skill level 15 in Shields
 49500 | Elf:1    | Got the Disquisition on Stolen Souls
 50193 | Elf:2    | Reached XP level 19. HP: 163/163 MP: 38/38
 50741 | Elf:2    | Reached skill level 5 in Necromancy
 50760 | Elf:2    | Found a runed translucent door.
 50784 | Elf:2    | Found a runed translucent door.
 51365 | Elf:2    | Reached skill level 5 in Transmutations
 51576 | Elf:2    | Reached skill level 5 in Fire Magic
 51817 | Elf:2    | Learned a level 8 spell: Lehudib's Crystal Spear
 51818 | Elf:3    | Entered Level 3 of the Elven Halls
 53004 | Elf:3    | Identified the ring "Wuciunod" {rPois rC++ rCorr Str-5
                  | SInv}
 53070 | Elf:3    | Identified the +10 short sword of the Asp {vorpal, rElec
                  | rPois rN+}
 53410 | Elf:3    | Identified the ring "Xujem" {rN+ EV+4 SInv}
 53748 | Elf:3    | Identified the +1 plate armour "Puabbuir" {rCorr}
 53872 | Elf:3    | Identified the +2 ring mail of the Albatross {rN+}
 53964 | Elf:3    | Identified the ring of Sakibour {rF- rN+ MP+9 Dex+10
                  | Slay-6}
 53969 | Elf:3    | Gained mutation: Your hexes are more powerful. [demonic
                  | ancestry]
 53969 | Elf:3    | Reached XP level 20. HP: 172/172 MP: 30/40
 54431 | D:13     | Bought a book of Annihilations for 960 gold pieces
 54523 | Vaults:1 | Entered Level 1 of the Vaults
 55283 | Vaults:1 | Found a transporter.
 55296 | Vaults:1 | Found a transporter.
 56402 | Vaults:1 | Reached skill level 15 in Conjurations
 57477 | Vaults:1 | Identified the ring "Bahuogiy" {rElec rPois rCorr Slay-3
                  | SInv}
 58082 | Vaults:2 | Learned a level 4 spell: Iskenderun's Mystic Blast
 58477 | Vaults:2 | Gained mutation: Spells you cast and wands you use may
                  | paralyse nearby enemies. [demonic ancestry]
 58477 | Vaults:2 | Reached XP level 21. HP: 151/180 MP: 29/42
 58815 | Vaults:2 | Found Motugunenn's Jewellery Emporium.
 60490 | Vaults:3 | Found a staircase to the Crypt.
 60707 | Vaults:3 | Noticed Donald
 60714 | Vaults:3 | Killed Donald
 60963 | Vaults:3 | Identified the ring of the Enemy {rCorr Dex+3}
 61667 | Vaults:4 | Noticed Bai Suzhen
 61678 | Vaults:4 | Killed Bai Suzhen
 62395 | Vaults:4 | Noticed Boris
 62404 | Vaults:4 | Killed Boris
 63438 | Crypt:1  | Entered Level 1 of the Crypt
 63494 | Crypt:1  | Gained mutation: A meltable icy envelope protects you from
                  | harm. (AC +0) [demonic ancestry]
 63494 | Crypt:1  | Reached XP level 22. HP: 190/190 MP: 43/43
 63509 | Crypt:1  | Noticed Mara
 63529 | Crypt:1  | Noticed protoss039's illusion
 63638 | Crypt:1  | Noticed protoss039's illusion
 63645 | Crypt:1  | Killed Mara
 64677 | Crypt:2  | Reached skill level 15 in Earth Magic
 64685 | Crypt:2  | Identified the +8 chain mail "Hyfuty" {rPois}
 65251 | Crypt:2  | Got Dipos's Tome of Stolen Souls and the Oath
 66185 | Crypt:3  | Entered Level 3 of the Crypt
 67452 | Crypt:3  | Found a staircase to the Tomb.
 67903 | Crypt:3  | Identified the ring "Ygaucruisch" {rF+ rN+}
 67903 | Crypt:3  | Identified the ring of Mistrust {+Blink rN+ Will- Str+7
                  | Int-2}
 68188 | Crypt:3  | Found an ancient bone altar of Kikubaaqudgha.
 68514 | Crypt:3  | Noticed a dread lich
 68523 | Crypt:3  | Killed a dread lich
 68541 | Crypt:3  | Got the Guide on Evil Toxins
 68864 | Crypt:3  | Noticed Xtahua
 68870 | Crypt:3  | Killed Xtahua
 69141 | Crypt:3  | Identified the ring "Fekubb" {Contam rPois rCorr Int+3}
 69434 | Crypt:3  | Learned a level 9 spell: Shatter
 69908 | Depths:1 | Entered Level 1 of the Depths
 69917 | Depths:1 | Gained mutation: Your melee attacks may debilitate your
                  | foes. [demonic ancestry]
 69917 | Depths:1 | Reached XP level 23. HP: 177/199 MP: 29/45
 70011 | Depths:1 | Acquired the ring "Alupig" {Wiz rPois rF+ Dex+2}
 70149 | Depths:1 | Noticed Boris
 70168 | Depths:1 | Killed Boris
 70717 | Depths:1 | Found a one-way gateway to a ziggurat.
 71006 | Depths:1 | Found a gateway to Hell.
 71475 | Depths:2 | Noticed Sojobo
 71480 | Depths:2 | Killed Sojobo
 72160 | Depths:2 | Identified the +3 falchion of Drought {drain, rElec rC-
                  | Str+3 Int+9}
 72163 | Depths:2 | Found an iron altar of Okawaru.
 72475 | Depths:2 | Found a one-way gate leading to the halls of Pandemonium.
 72880 | Depths:3 | Found a magical portal.
 72914 | WizLab   | Entered Zonguldrok's Shrine
 73456 | WizLab   | Noticed an antique lich
 73459 | WizLab   | Killed an antique lich
 73764 | Depths:3 | Found Wadich's Book Emporium.
 73912 | Depths:3 | Noticed a juggernaut
 73920 | Depths:3 | Killed a juggernaut
 74355 | Depths:3 | Found the +3 hat of Pondering {ponderous, Will+ MP+10
                  | Int+5}
 74710 | Depths:3 | Found a corrupted altar of Lugonu.
 74710 | Depths:3 | Found a one-way gate to the infinite horrors of the Abyss.
 75135 | Depths:3 | Learned a level 8 spell: Ignition
 75136 | Depths:4 | Entered Level 4 of the Depths
 75145 | Depths:4 | Noticed a juggernaut
 75159 | Depths:3 | Killed a juggernaut
 75520 | Depths:4 | Noticed Mennas
 75673 | Depths:4 | Reached XP level 24. HP: 140/194 MP: 46/46
 76612 | Depths:4 | Found Xewkete's Book Emporium.
 77356 | Depths:4 | Found a gate to the Realm of Zot.
 77772 | Depths:4 | Killed Mennas
 78087 | Vaults:5 | Entered Level 5 of the Vaults
 78108 | Vaults:5 | Noticed an ancient lich
 78108 | Vaults:5 | Noticed an ancient lich
 78111 | Vaults:5 | Killed an ancient lich
 78113 | Vaults:5 | Killed an ancient lich
 78114 | Vaults:5 | Noticed a dread lich
 78393 | Vaults:5 | Identified the ring "Zeil Vuno" {rElec rC+ Str+6 Dex+2}
 78397 | Vaults:5 | Killed a dread lich
 78398 | Vaults:5 | Reached skill level 10 in Armour
 78398 | Vaults:5 | Reached skill level 10 in Fire Magic
 78802 | Vaults:5 | Gained mutation: You are surrounded by an aura of silence.
                  | [demonic ancestry]
 78802 | Vaults:5 | Reached XP level 25. HP: 212/215 MP: 36/47
 79039 | Vaults:5 | Identified the +1 rapier of the Egg {pain, Int+7}
 79408 | Vaults:5 | Got a silver rune of Zot
 80392 | Zot:1    | Entered Level 1 of the Realm of Zot
 84666 | Zot:2    | Learned a level 8 spell: Necromutation
 84752 | Zot:3    | Noticed an orb of fire
 84760 | Zot:3    | Gained mutation: Your muscles are strong. (Str +2) [an orb
                  | of fire]
 84761 | Zot:3    | Killed an orb of fire
 85940 | Zot:3    | Noticed a Killer Klown
 85946 | Zot:3    | Killed a Killer Klown
 85947 | Zot:3    | Gained mutation: You are completely covered in yellow
                  | scales. (AC +4, rCorr) [demonic ancestry]
 85947 | Zot:3    | Reached XP level 26. HP: 190/219 MP: 16/48
 87670 | Zot:4    | Noticed an orb of fire
 87970 | Zot:4    | Killed an orb of fire
 88089 | Zot:5    | Entered Level 5 of the Realm of Zot
 88788 | Zot:5    | Found a runed translucent gate.
 88788 | Zot:5    | Found a runed translucent gate.
 88861 | Zot:5    | Found a runed translucent gate.
 88862 | Zot:5    | Noticed Glaciallarry's ghost (legendary MiBe)
 88863 | Zot:5    | Noticed Uneer's ghost (legendary GnFE)
 89025 | Zot:5    | Reached skill level 10 in Necromancy
 89100 | Zot:5    | Noticed a dread lich
 89105 | Zot:5    | Killed a dread lich
 89857 | Zot:5    | Noticed an orb of fire
 89862 | Zot:5    | Killed an orb of fire
 90311 | Zot:5    | Noticed a dread lich
 90315 | Zot:5    | Killed a dread lich
 90325 | Zot:5    | Noticed an orb of fire
 90585 | Zot:5    | Gained mutation: You occasionally shout uncontrollably at
                  | your foes. [an orb of fire]
 90587 | Zot:5    | Killed an orb of fire
 90939 | Zot:5    | Noticed an ancient lich
 90944 | Zot:5    | Killed an ancient lich
 91031 | Zot:5    | Reached XP level 27. HP: 238/238 MP: 35/49
 91263 | Zot:5    | Noticed an orb of fire
 91269 | Zot:5    | Gained mutation: Your spells are a little easier to cast,
                  | but a little less powerful. [an orb of fire]
 91276 | Zot:5    | Reached skill level 10 in Transmutations
 91278 | Zot:5    | Killed an orb of fire
 92270 | Slime:1  | Entered Level 1 of the Pits of Slime
 92444 | Slime:5  | Entered Level 5 of the Pits of Slime
 92865 | Slime:5  | Noticed the Royal Jelly
 92870 | Slime:5  | Killed the Royal Jelly
 92888 | Slime:5  | Found the brooch of Shielding {Spirit SH+8}
 92893 | Slime:5  | Found the +4 dagger "Morg" {pain, Will+ Int+5}
 92902 | Slime:5  | Got a slimy rune of Zot
 92914 | Slime:5  | Identified the +1 rapier "Siffupon" {chaos, Fly Will+ Str-5
                  | Dex+8}
 92921 | Slime:5  | Identified the +8 shortbow of Thoughtfulness {speed, SInv}
 92968 | Slime:5  | Got Xan Rybo's Almanac of the Birds
 93090 | Lair:6   | Learned a level 9 spell: Fire Storm
 93418 | Depths:1 | Lost mutation: You occasionally shout uncontrollably at
                  | your foes. [potion of mutation]
 93418 | Depths:1 | Lost mutation: Your spells are a little easier to cast, but
                  | a little less powerful. [potion of mutation]
 93418 | Depths:1 | Lost mutation: Your muscles are strong. (Str +2) [potion of
                  | mutation]
 93418 | Depths:1 | Gained mutation: You have a somewhat thin skeletal
                  | structure. (Dex +2, Stealth+) [potion of mutation]
 93418 | Depths:1 | Gained mutation: You have a moderately thin skeletal
                  | structure. (Dex +4, Stealth++) [potion of mutation]
 93421 | Hell     | Entered the Vestibule of Hell
 93421 | Hell     | Noticed Geryon
 93431 | Hell     | Killed Geryon
 93552 | Hell     | Noticed Murray
 93624 | Depths:1 | Killed Murray
 93774 | Hell     | Found a gateway to the decaying netherworld of Tartarus.
 93879 | Hell     | Found a gateway to the freezing wastes of Cocytus.
 94379 | Hell     | Found a gateway to the ashen valley of Gehenna.
 94475 | Hell     | Found a gateway to the Iron City of Dis.
 94648 | Coc:1    | Entered Level 1 of Cocytus
 94740 | Coc:2    | Noticed a dread lich
 94744 | Coc:2    | Killed a dread lich
 95880 | Coc:7    | Entered Level 7 of Cocytus
 95883 | Coc:7    | Paralysed by a wendigo for 1 turns
 96403 | Coc:7    | Paralysed by a wendigo for 1 turns
 96504 | Coc:7    | Reached skill level 15 in Necromancy
 96824 | Coc:7    | Identified the +7 dire flail "Ymuqorchi" {flame, rElec
                  | rPois Int+2}
 96824 | Coc:7    | Noticed Antaeus
 97189 | Coc:7    | Got an icy rune of Zot
 97479 | Pan      | Entered Pandemonium
 97830 | Pan      | Noticed Ahialan the pandemonium lord
 97836 | Pan      | Killed Ahialan the pandemonium lord
 98658 | Pan      | Found a transporter.
 98679 | Pan      | Found a transporter.
 98683 | Pan      | Identified the amulet "Lesi" {Acrobat Dex+4}
 98696 | Pan      | Identified the amulet of Pragmatism {Acrobat *Corrode rPois
                  | SInv}
 99266 | Pan      | Noticed Cakeh the pandemonium lord
 99279 | Pan      | Killed Cakeh the pandemonium lord
 99973 | Pan      | Found an exit through the horrors of the Abyss.
100298 | Pan      | Identified the +5 chain mail "Tegenwis" {Rampage rElec
                  | Slay+3 SInv}
100344 | Pan      | Took an exit into the Abyss.
100344 | Abyss:1  | Escaped into the Abyss
100629 | Abyss:1  | Paralysed by an air elemental for 1 turns
100635 | Abyss:1  | Paralysed by an air elemental for 1 turns
100638 | Abyss:1  | Paralysed by an air elemental for 1 turns
101309 | Abyss:3  | Got an abyssal rune of Zot
101314 | Depths:2 | Escaped the Abyss
101665 | Tar:1    | Entered Level 1 of Tartarus
101884 | Hell     | Reached skill level 15 in Fire Magic
102645 | Tar:5    | Noticed an ancient lich
102646 | Tar:5    | Reached skill level 15 in Transmutations
102647 | Tar:5    | Noticed an ancient lich
102648 | Tar:5    | Noticed a dread lich
102650 | Tar:5    | Killed an ancient lich
102652 | Tar:5    | Killed an ancient lich
102652 | Tar:5    | Killed a dread lich
102809 | Tar:5    | You are sucked into a shaft and drop 1 floor!
103003 | Dis:1    | Entered Level 1 of the Iron City of Dis
103117 | Tar:7    | Entered Level 7 of Tartarus
104695 | Tar:7    | Noticed Ereshkigal
104701 | Tar:7    | Killed Ereshkigal
104722 | Tar:7    | Got a bone rune of Zot
105292 | Tar:7    | Identified the +2 ring mail of the Breadfruit {rF+ Regen+
                  | rCorr Int+2}
106024 | Tar:7    | Identified the +7 dire flail of Compulsion {vorpal, rF+
                  | Int-5 Dex+7}
106029 | Tar:7    | Identified the +6 hand axe of the King {spect, MP+9}
106058 | Tar:7    | Got the Disquisition on the Escort and Moulding
106251 | Tar:7    | Identified the +8 tower shield of Parlour Games {Str+4
                  | Int+3}
106253 | Tar:7    | Identified the ring of New Discoveries {rF- rCorr AC+4
                  | Str+6}
106255 | Tar:7    | Identified the +7 morningstar of Xuck {chaos, rC- Int+3
                  | Dex+4 Stlth+}
106578 | Tar:7    | Identified the ring "Angonang" {Int+4 SInv}
106912 | Pan      | Entered Pandemonium
107680 | Pan      | Found a huge runed translucent gate.
107681 | Pan      | Found a huge runed translucent gate.
107682 | Pan      | Found a huge runed translucent gate.
107682 | Pan      | Found a huge runed translucent gate.
107682 | Pan      | Found a huge runed translucent gate.
107682 | Pan      | Found a huge runed translucent gate.
107683 | Pan      | Found a huge runed translucent gate.
107683 | Pan      | Found a huge runed translucent gate.
107683 | Pan      | Found a huge runed translucent gate.
107683 | Pan      | Found a huge runed translucent gate.
107683 | Pan      | Found a huge runed translucent gate.
107683 | Pan      | Found a huge runed translucent gate.
107683 | Pan      | Found a huge runed translucent gate.
107684 | Pan      | Found a huge runed translucent gate.
107685 | Pan      | Found a huge runed translucent gate.
107685 | Pan      | Noticed Deaggoda the pandemonium lord
107686 | Pan      | Found a huge runed translucent gate.
107686 | Pan      | Found a huge runed translucent gate.
107707 | Pan      | Killed Deaggoda the pandemonium lord
107711 | Pan      | Identified the amulet of Gigap {Acrobat Str+4}
108967 | Pan      | Entered the realm of Cerebov.
108977 | Pan      | Reached skill level 1 in Ice Magic
109063 | Pan      | Learned a level 7 spell: Ozocubu's Refrigeration
109298 | Pan      | Reached skill level 5 in Ice Magic
109503 | Pan      | Identified the +3 arbalest of the Shimmering Whale {venom,
                  | *Slow rElec rC+ Int+6}
109503 | Pan      | Identified the +1 robe "Jyff" {Harm}
110171 | Pan      | Identified the +3 glaive of Iconoclasm {spect, Stlth+}
110171 | Pan      | Identified the ring "Eptoo" {Will- MP+9 Int+4 Dex+2}
110270 | Pan      | Found the +6 sword of Cerebov {flame}
110270 | Pan      | Noticed Cerebov
110318 | Pan      | Identified the +1 hand axe "Qiro" {venom, rPois Str+2}
111449 | Pan      | Killed Cerebov
111613 | Pan      | Identified the ring of Murhudul {rPois rF- rN++ Dex+6}
111658 | Pan      | Got a fiery rune of Zot
111735 | Pan      | Identified the +1 robe of Going Fast {Str+5 Int-5}
111814 | Pan      | Identified the ring of Imaris {rCorr MP+9}
112075 | Pan      | Learned a level 1 spell: Apportation
112186 | Pan      | Identified the +5 war axe of the Imperium {vorpal, rC++}
114084 | Pan      | Reached skill level 15 in Armour
114259 | Pan      | Identified the +0 buckler "Heghuk" {-Cast Dex+6}
114968 | Pan      | Noticed a seraph
114974 | Pan      | Killed a seraph
114999 | Pan      | Got a demonic rune of Zot
115002 | Pan      | Identified the +2 cloak of Ru's Benevolence {rPois Int+7
                  | Dex+4}
115074 | Depths:2 | Escaped Pandemonium
115275 | Dis:1    | You fall into a shaft and drop 1 floor!
115665 | Dis:4    | HP: 10/238 [iron dragon/spray of metal splinters (29)]
117513 | Dis:7    | Entered Level 7 of the Iron City of Dis
118566 | Pan      | Entered Pandemonium
118738 | Pan      | Found an exit through the horrors of the Abyss.
118874 | Pan      | Reached skill level 27 in Spellcasting
118884 | Pan      | Noticed Gaplops the pandemonium lord
118887 | Pan      | Killed Gaplops the pandemonium lord
118929 | Pan      | Identified the +3 flail "Jehahen" {vorpal, Fragile Int+3
                  | Dex+3}
119992 | Pan      | Noticed Tiekeu the pandemonium lord
119996 | Pan      | Killed Tiekeu the pandemonium lord
120179 | Pan      | Identified the +3 mace of the Desert {vorpal, Str+5}
120262 | Pan      | Found a runed translucent door.
121966 | Depths:2 | Escaped Pandemonium
124195 | Pan      | Entered the realm of Mnoleg.
124195 | Pan      | Entered Pandemonium
125082 | Pan      | Noticed Mnoleg
125088 | Pan      | Killed Mnoleg
125286 | Pan      | Got a glowing rune of Zot
125415 | Pan      | Entered the realm of Lom Lobon.
125722 | Pan      | Found an exit through the horrors of the Abyss.
126950 | Pan      | Noticed Lom Lobon
126960 | Pan      | Killed Lom Lobon
126970 | Pan      | Got a magical rune of Zot
127068 | Pan      | Entered the realm of Gloorx Vloq.
128125 | Pan      | Noticed Gloorx Vloq
128130 | Pan      | Killed Gloorx Vloq
128539 | Pan      | Got a dark rune of Zot
128718 | Depths:2 | Escaped Pandemonium
128937 | Dis:7    | Found the +4 staff of Dispater
128937 | Dis:7    | Noticed Dispater
128949 | Dis:7    | Killed Dispater
128978 | Dis:7    | Got an iron rune of Zot
128982 | Dis:7    | Identified the -5 buckler "Nuana Jeom" {Will++ Int-3 Dex+8
                  | Stlth+}
129354 | Geh:1    | Entered Level 1 of Gehenna
129777 | Geh:3    | You are sucked into a shaft and drop 3 floors!
130360 | Geh:4    | Reached skill level 10 in Ice Magic
131149 | Geh:7    | Entered Level 7 of Gehenna
131186 | Geh:7    | Noticed the Serpent of Hell
131219 | Hell     | Learned a level 4 spell: Passage of Golubria
131570 | Hell     | Killed the Serpent of Hell
132332 | Geh:7    | Found the +7 sceptre of Asmodeus
132332 | Geh:7    | Noticed Asmodeus
132360 | Geh:7    | Killed Asmodeus
132618 | Geh:7    | Got an obsidian rune of Zot
133551 | Tomb:1   | Entered Level 1 of the Tomb of the Ancients
134160 | Tomb:1   | Noticed a royal mummy
134164 | Tomb:1   | Killed a royal mummy
134172 | Tomb:1   | Noticed a royal mummy
134179 | Tomb:1   | Killed a royal mummy
134332 | Tomb:1   | Identified the ring "Jarut" {Drain Fly rN+ Will+}
134371 | Tomb:1   | Reached skill level 1 in Long Blades
134624 | Tomb:1   | Learned a level 9 spell: Death's Door
134673 | Tomb:1   | Noticed a royal mummy
134678 | Tomb:1   | Killed a royal mummy
134681 | Tomb:1   | Noticed a royal mummy
134685 | Tomb:1   | Killed a royal mummy
134853 | Tomb:1   | Noticed a royal mummy
134859 | Tomb:1   | Killed a royal mummy
134902 | Tomb:1   | Noticed a royal mummy
134906 | Tomb:1   | Killed a royal mummy
135034 | Tomb:1   | Noticed a royal mummy
135038 | Tomb:1   | Noticed a royal mummy
135039 | Tomb:1   | Killed a royal mummy
135039 | Tomb:1   | Noticed a royal mummy
135041 | Tomb:1   | Noticed a royal mummy
135042 | Tomb:1   | Killed a royal mummy
135043 | Tomb:1   | Killed a royal mummy
135044 | Tomb:1   | Killed a royal mummy
135044 | Tomb:1   | Killed a royal mummy
135173 | Tomb:2   | Noticed a royal mummy
135173 | Tomb:2   | Noticed a royal mummy
135173 | Tomb:2   | Noticed a royal mummy
135175 | Tomb:2   | Noticed a royal mummy
135177 | Tomb:2   | Killed a royal mummy
135178 | Tomb:2   | Killed a royal mummy
135180 | Tomb:2   | Killed a royal mummy
135181 | Tomb:2   | Killed a royal mummy
135182 | Tomb:2   | Reached skill level 5 in Long Blades
135226 | Tomb:2   | Identified the +1 pair of boots of the Mantidfly {rElec}
136094 | Zig:1    | Entered Level 1 of a ziggurat
136095 | Zig:1    | Noticed Ylavi the pandemonium lord
136100 | Zig:1    | Killed Ylavi the pandemonium lord
136194 | Zig:2    | Entered Level 2 of a ziggurat
136245 | Zig:3    | Entered Level 3 of a ziggurat
136309 | Zig:4    | Entered Level 4 of a ziggurat
136423 | Zig:4    | Identified the +6 spear of Defence {speed, Drain rF- rCorr
                  | Str+8}
136427 | Zig:5    | Entered Level 5 of a ziggurat
136432 | Zig:5    | Noticed Fonahiurgh the pandemonium lord
136435 | Zig:5    | Killed Fonahiurgh the pandemonium lord
136475 | Zig:5    | Identified the +1 leather armour "Lanyol" {Harm *Corrode
                  | Int+5}
136482 | Zig:6    | Entered Level 6 of a ziggurat
136550 | Zig:7    | Entered Level 7 of a ziggurat
136682 | Zig:8    | Entered Level 8 of a ziggurat
136734 | Zig:8    | Acquired 472 gold pieces
136738 | Zig:9    | Entered Level 9 of a ziggurat
136780 | Zig:9    | Identified the +5 scale mail of Crawling {-Cast Regen+
                  | Str+4 Dex+4}
136782 | Zig:9    | Identified the +5 great sword "Laisis" {vorpal, rF+ rC-
                  | rN+}
136797 | Zig:10   | Entered Level 10 of a ziggurat
136840 | Zig:10   | Identified the +0 ring mail "Zigidu" {rElec Slay+2 Stlth+}
136842 | Zig:10   | Identified the +1 scimitar "Soowup Dabb" {drain, MP+9 Str+9
                  | Dex+2 Stlth-}
136845 | Zig:10   | Identified the +10 flail of the Other Side {speed, Will+}
136854 | Zig:10   | Identified the +11 hand axe of Anxiety {drain, rPois Int-4
                  | Dex+6 SInv}
136861 | Zig:11   | Entered Level 11 of a ziggurat
136870 | Zig:11   | Noticed a dread lich
136870 | Zig:11   | Noticed an ancient lich
136871 | Zig:11   | Noticed an ancient lich
136873 | Zig:11   | Killed a dread lich
136873 | Zig:11   | Killed an ancient lich
136873 | Zig:11   | Killed an ancient lich
136879 | Zig:11   | Reached skill level 27 in Fighting
136884 | Zig:11   | Identified the ring of Cynna {*Corrode EV+4 Str-4 Slay+4
                  | SInv}
136886 | Zig:11   | Identified the ring "Nabonuq" {rF++ rCorr Slay-6}
136901 | Zig:11   | Identified the +0 chain mail of Impermeability {rPois Will-
                  | MP+9 Dex+10}
136946 | Zig:12   | Entered Level 12 of a ziggurat
136961 | Zig:12   | Reached skill level 15 in Ice Magic
137022 | Zig:12   | Identified the +3 mace "Tixuatz" {flame, rC+ Stlth+}
137032 | Zig:12   | Identified the +10 hand axe of the Sage {flame, Fragile rN+
                  | Dex+3}
137038 | Zig:13   | Entered Level 13 of a ziggurat
137158 | Zig:13   | Got the Papyrus of the Blaze
137186 | Zig:13   | Identified the +2 rapier "Beast's Death Toll" {vorpal,
                  | rCorr}
137193 | Zig:14   | Entered Level 14 of a ziggurat
137204 | Zig:14   | Noticed an ancient lich
137204 | Zig:14   | Noticed a dread lich
137206 | Zig:14   | Killed a dread lich
137206 | Zig:14   | Killed an ancient lich
137207 | Zig:14   | Noticed a dread lich
137208 | Zig:14   | Killed a dread lich
137248 | Zig:14   | Identified the +3 hand crossbow of Nemelex Xobeh's Hatred
                  | {vorpal, +Blink Stlth+}
137250 | Zig:14   | Identified the amulet of the Moon {Reflect -Tele Rampage
                  | rElec Regen+ SH+5}
137253 | Zig:14   | Identified the ring "Mifeoduu" {rElec rF+ Will+}
137269 | Zig:15   | Entered Level 15 of a ziggurat
137283 | Zig:15   | Noticed Kyudoas the pandemonium lord
137286 | Zig:15   | Killed Kyudoas the pandemonium lord
137376 | Zig:15   | Identified the +5 quarterstaff "Ecloac" {pain, Int+3}
137382 | Zig:16   | Entered Level 16 of a ziggurat
137420 | Zig:16   | Found the +0 mask of the Dragon {Will+ Slay+3 SInv}
137649 | Zig:16   | Got Xurithra's Catalogue of Freezing Stones
137664 | Zig:16   | Identified the +5 scale mail of Happiness {rElec rC- rN+++
                  | rCorr}
137675 | Zig:17   | Entered Level 17 of a ziggurat
137774 | Zig:18   | Entered Level 18 of a ziggurat
137781 | Zig:18   | Noticed a juggernaut
137781 | Zig:18   | Noticed a juggernaut
137782 | Zig:18   | Noticed a juggernaut
137785 | Zig:18   | Killed a juggernaut
137785 | Zig:18   | Killed a juggernaut
137785 | Zig:18   | Noticed a juggernaut
137786 | Zig:18   | Noticed a juggernaut
137786 | Zig:18   | Noticed a juggernaut
137787 | Zig:18   | Killed a juggernaut
137789 | Zig:18   | Killed a juggernaut
137789 | Zig:18   | Noticed a juggernaut
137790 | Zig:18   | Killed a juggernaut
137792 | Zig:18   | Killed a juggernaut
137794 | Zig:18   | Killed a juggernaut
137795 | Zig:18   | Found the +7 Singing Sword {vorpal, sonic wave}
137822 | Zig:18   | Identified the ring of Freedom {Ice Str+3}
137863 | Zig:18   | Identified the +7 war axe of a ziggurat {drain, rC+ Int+3}
137874 | Zig:19   | Entered Level 19 of a ziggurat
138007 | Zig:19   | Identified the ring "Ygrox" {Will+ MP+9 Stlth+}
138013 | Zig:19   | Got the Almanac of Calling
138014 | Zig:19   | Identified the +0 leather armour "Doytiu Razxo" {rF++}
138033 | Zig:19   | Identified the +1 rapier "Daolioti" {pain, rN+ SInv}
138035 | Zig:19   | Identified the +4 plate armour "Xawiehis" {-Cast rElec rN+
                  | Stlth+}
138046 | Zig:20   | Entered Level 20 of a ziggurat
138087 | Zig:20   | Cast into level 2 of the Abyss (spatial maelstrom)
138095 | Zig:20   | Escaped the Abyss
138236 | Zig:21   | Entered Level 21 of a ziggurat
138261 | Zig:21   | Found the +6 arbalest "Damnation" {damnation}
138263 | Zig:21   | Found the amulet of the Four Winds {rN+ Will+++ Clar}
138315 | Zig:21   | Identified the ring of Xaahueq {rC+ Dex+6 SInv}
138318 | Zig:21   | Identified the ring "Ustratiqa" {Will+ AC+4 Dex+2}
138324 | Zig:21   | Identified the ring "Amyps" {Str+4 Int+6}
138326 | Zig:21   | Identified the +6 halberd "Selimpat" {vorpal, Will+ rCorr}
138335 | Zig:21   | Identified the +7 rapier "Wyuz" {vamp, rPois Str+2}
138375 | Zig:21   | Identified the +0 shadow dragon scales of Pisuts {Dex+2
                  | SInv Stlth++++}
138376 | Zig:21   | Identified the +6 demon blade "Ozavauj" {vamp, Int+7 Dex-4
                  | SInv}
138401 | Zig:22   | Entered Level 22 of a ziggurat
138414 | Zig:22   | Noticed a juggernaut
138414 | Zig:22   | Noticed a juggernaut
138415 | Zig:22   | Noticed a juggernaut
138416 | Zig:22   | Noticed a juggernaut
138416 | Zig:22   | Noticed a juggernaut
138417 | Zig:22   | Noticed a juggernaut
138419 | Zig:22   | Killed a juggernaut
138419 | Zig:22   | Killed a juggernaut
138421 | Zig:22   | Killed a juggernaut
138422 | Zig:22   | Killed a juggernaut
138422 | Zig:22   | Killed a juggernaut
138425 | Zig:22   | Killed a juggernaut
138427 | Zig:22   | Noticed a juggernaut
138429 | Zig:22   | Killed a juggernaut
138430 | Zig:22   | Noticed a juggernaut
138432 | Zig:22   | Killed a juggernaut
138437 | Zig:22   | Found the necklace of Bloodlust {*Rage Will++ Int-3 Slay+6}
138795 | Zig:22   | Identified the ring of Ephemeral Luck {Wiz rElec Dex+3}
138814 | Zig:22   | Identified the +4 chain mail of Yxav {SInv}
138929 | Zig:23   | Entered Level 23 of a ziggurat
139162 | Zig:23   | Identified the amulet of Meulot {Reflect rF+ Int+7 Dex-5
                  | SH+5}
139184 | Zig:23   | Identified the +5 trident of Delightful Guile {protect,
                  | *Corrode rN++ Str+5}
139221 | Zig:24   | Entered Level 24 of a ziggurat
139228 | Zig:24   | Noticed a juggernaut
139231 | Zig:24   | Noticed a juggernaut
139232 | Zig:24   | Killed a juggernaut
139236 | Zig:24   | Killed a juggernaut
139237 | Zig:24   | Reached skill level 27 in Earth Magic
139238 | Zig:24   | Noticed a juggernaut
139240 | Zig:24   | Killed a juggernaut
139242 | Zig:24   | Noticed a juggernaut
139245 | Zig:24   | Killed a juggernaut
139355 | Zig:24   | Identified the amulet "Xyomayl" {RegenMP rC+ rN+}
139358 | Zig:24   | Identified the +1 robe of the Lair of Beasts {Will+}
139359 | Zig:24   | Identified the ring of Bozan {Fly rN+}
139397 | Zig:24   | Identified the +7 mace of Doonec {vorpal, Drain rElec rF+++
                  | Str-2}
139413 | Zig:25   | Entered Level 25 of a ziggurat
139422 | Zig:25   | Noticed Daaqay the pandemonium lord
139423 | Zig:25   | Noticed Labiyps the pandemonium lord
139424 | Zig:25   | Noticed Qiudwa the pandemonium lord
139424 | Zig:25   | Noticed Poenec the pandemonium lord
139424 | Zig:25   | Noticed Anuic the pandemonium lord
139426 | Zig:25   | Noticed Jaogoef the pandemonium lord
139426 | Zig:25   | Noticed Baco the pandemonium lord
139426 | Zig:25   | Noticed Hiegoota the pandemonium lord
139427 | Zig:25   | Noticed Qacog the pandemonium lord
139427 | Zig:25   | Noticed Iraessa the pandemonium lord
139428 | Zig:25   | Noticed Loentahu the pandemonium lord
139428 | Zig:25   | Noticed Kuinenoq the pandemonium lord
139428 | Zig:25   | Noticed Gibeet the pandemonium lord
139428 | Zig:25   | Noticed Ulyex the pandemonium lord
139428 | Zig:25   | Noticed Omagem the pandemonium lord
139428 | Zig:25   | Noticed Ofiegot the pandemonium lord
139428 | Zig:25   | Noticed Lounuod the pandemonium lord
139429 | Zig:25   | Killed Daaqay the pandemonium lord
139430 | Zig:25   | Killed Poenec the pandemonium lord
139431 | Zig:25   | Killed Qacog the pandemonium lord
139431 | Zig:25   | Killed Anuic the pandemonium lord
139432 | Zig:25   | Killed Omagem the pandemonium lord
139433 | Zig:25   | Killed Baco the pandemonium lord
139435 | Zig:25   | Killed Hiegoota the pandemonium lord
139435 | Zig:25   | Killed Ofiegot the pandemonium lord
139435 | Zig:25   | Killed Kuinenoq the pandemonium lord
139437 | Zig:25   | Killed Lounuod the pandemonium lord
139438 | Zig:25   | Killed Iraessa the pandemonium lord
139439 | Zig:25   | Killed Ulyex the pandemonium lord
139440 | Zig:25   | Killed Loentahu the pandemonium lord
139440 | Zig:25   | Killed Qiudwa the pandemonium lord
139440 | Zig:25   | Killed Gibeet the pandemonium lord
139442 | Zig:25   | HP: 10/249 [Labiyps the pandemonium lord (26)]
139444 | Zig:25   | Killed Labiyps the pandemonium lord
139449 | Zig:25   | Killed Jaogoef the pandemonium lord
139613 | Zig:25   | Found the amulet of Vitality {Regen+ HP+15}
139680 | Zig:25   | Identified the +1 broad axe "Zuexiag" {venom, Fragile rF+++
                  | SInv Stlth-}
139681 | Zig:25   | Identified the +2 chain mail of Uttepet {rPois Int+4}
139695 | Zig:25   | Acquired 461 gold pieces
139699 | Zig:26   | Entered Level 26 of a ziggurat
139707 | Zig:26   | Noticed a royal mummy
139709 | Zig:26   | Noticed a royal mummy
139711 | Zig:26   | Killed a royal mummy
139711 | Zig:26   | Killed a royal mummy
139712 | Zig:26   | Noticed a royal mummy
139713 | Zig:26   | Noticed a royal mummy
139713 | Zig:26   | Noticed a royal mummy
139714 | Zig:26   | Noticed a royal mummy
139715 | Zig:26   | Killed a royal mummy
139715 | Zig:26   | Killed a royal mummy
139715 | Zig:26   | Noticed a royal mummy
139715 | Zig:26   | Killed a royal mummy
139716 | Zig:26   | Noticed a royal mummy
139717 | Zig:26   | Noticed a royal mummy
139718 | Zig:26   | Killed a royal mummy
139718 | Zig:26   | Killed a royal mummy
139718 | Zig:26   | Noticed a royal mummy
139718 | Zig:26   | Noticed a royal mummy
139720 | Zig:26   | Killed a royal mummy
139720 | Zig:26   | Killed a royal mummy
139721 | Zig:26   | Killed a royal mummy
139722 | Zig:26   | Killed a royal mummy
139744 | Zig:26   | Identified the +3 buckler of Articulation {Contam +Blink
                  | rF++ Regen+}
139747 | Zig:26   | Identified the +4 dire flail of Inference {vamp, rPois
                  | rN+++}
139750 | Zig:26   | Identified the +6 hand axe "Guliavuk" {vorpal, rElec rPois
                  | rCorr Dex-2}
139755 | Zig:26   | Identified the ring "Pyrrorr" {rN+ rCorr MP+9 Dex-2 Slay+5}
139814 | Zig:27   | Entered Level 27 of a ziggurat
139821 | Zig:27   | Noticed a royal mummy
139821 | Zig:27   | Noticed a royal mummy
139821 | Zig:27   | Noticed a royal mummy
139821 | Zig:27   | Noticed a royal mummy
139821 | Zig:27   | Noticed a royal mummy
139823 | Zig:27   | Noticed a royal mummy
139824 | Zig:27   | Reached skill level 5 in Dodging
139824 | Zig:27   | Killed a royal mummy
139824 | Zig:27   | Killed a royal mummy
139824 | Zig:27   | Killed a royal mummy
139824 | Zig:27   | Killed a royal mummy
139825 | Zig:27   | Noticed a royal mummy
139826 | Zig:27   | Killed a royal mummy
139826 | Zig:27   | Noticed a royal mummy
139827 | Zig:27   | Noticed a royal mummy
139827 | Zig:27   | Noticed a royal mummy
139828 | Zig:27   | Killed a royal mummy
139828 | Zig:27   | Noticed a royal mummy
139828 | Zig:27   | Noticed a royal mummy
139829 | Zig:27   | Killed a royal mummy
139829 | Zig:27   | Noticed a royal mummy
139829 | Zig:27   | Noticed a royal mummy
139830 | Zig:27   | Killed a royal mummy
139830 | Zig:27   | Killed a royal mummy
139830 | Zig:27   | Killed a royal mummy
139831 | Zig:27   | Killed a royal mummy
139831 | Zig:27   | Noticed a royal mummy
139832 | Zig:27   | Killed a royal mummy
139832 | Zig:27   | Killed a royal mummy
139832 | Zig:27   | Killed a royal mummy
139832 | Zig:27   | Noticed a royal mummy
139832 | Zig:27   | Noticed a royal mummy
139834 | Zig:27   | Killed a royal mummy
139835 | Zig:27   | Reached skill level 10 in Long Blades
139835 | Zig:27   | Killed a royal mummy
139835 | Zig:27   | Killed a royal mummy
139835 | Zig:27   | Noticed a royal mummy
139839 | Zig:27   | Killed a royal mummy
139948 | Zig:27   | Identified the +0 robe of the Marlin {-Tele Rampage
                  | *Corrode Str+6}
139983 | Zig:27   | Identified the +2 morningstar of Tartarus {freeze, Int+6
                  | Dex-2}
140408 | Tomb:3   | Entered Level 3 of the Tomb of the Ancients
140418 | Tomb:3   | Noticed a royal mummy
140419 | Tomb:3   | Noticed a royal mummy
140423 | Tomb:3   | Killed a royal mummy
140425 | Tomb:3   | Noticed a royal mummy
140427 | Tomb:3   | Killed a royal mummy
140429 | Tomb:3   | Noticed a royal mummy
140430 | Tomb:3   | Killed a royal mummy
140431 | Tomb:3   | Reached skill level 10 in Dodging
140434 | Tomb:3   | Killed a royal mummy
140447 | Tomb:3   | Noticed a royal mummy
140452 | Tomb:3   | Killed a royal mummy
140452 | Tomb:3   | Noticed a royal mummy
140453 | Tomb:3   | Noticed a royal mummy
140471 | Tomb:3   | Killed a royal mummy
140472 | Tomb:3   | Noticed a royal mummy
140475 | Tomb:3   | Killed a royal mummy
140485 | Tomb:3   | Killed a royal mummy
140833 | Tomb:3   | Found the +10 tower shield of Ignorance {rN+ Int-4}
140904 | Tomb:3   | Identified the +1 glaive of Truncation {freeze, +Blink
                  | Dex+4}
140910 | Tomb:3   | Identified the +1 trident of Cruel Justice {vamp, rF+ Will+
                  | Dex+2}
140911 | Tomb:3   | Identified the ring of Ilish {Fire rElec}
140984 | Tomb:3   | Got a golden rune of Zot
141019 | Tomb:3   | Identified the +7 rapier of Musava Xaki {vorpal, rPois
                  | rCorr Dex+9 Stlth-}
141020 | Tomb:3   | Identified the +1 cloak of Mumblety Peg {Harm rElec rPois
                  | Int+4}
141430 | Zig:1    | Entered Level 1 of a ziggurat
141474 | Zig:1    | Learned a level 9 spell: Polar Vortex
141485 | Zig:1    | Learned a level 9 spell: Chain Lightning
141538 | Zig:2    | Entered Level 2 of a ziggurat
141651 | Zig:2    | Identified the +6 mace of Immorality {holy, rCorr Dex+2}
141655 | Zig:3    | Entered Level 3 of a ziggurat
141655 | Zig:3    | Noticed Mesuaqio the pandemonium lord
141658 | Zig:3    | Killed Mesuaqio the pandemonium lord
141713 | Zig:4    | Entered Level 4 of a ziggurat
141767 | Zig:5    | Entered Level 5 of a ziggurat
141815 | Zig:6    | Entered Level 6 of a ziggurat
141881 | Zig:6    | Identified the ring "Kiabukoh" {Ice Dex+4 SInv Stlth+}
141910 | Zig:7    | Entered Level 7 of a ziggurat
141937 | Zig:7    | Identified the ring "Kuucraum" {MP+9 Int+3}
141939 | Zig:7    | Identified the +10 scale mail of a sewer {rF- Will+++ Int+3
                  | SInv}
141942 | Zig:7    | Identified the +6 scale mail "Suaghir" {-Tele rPois Will+
                  | Dex+7}
141991 | Zig:8    | Entered Level 8 of a ziggurat
142084 | Zig:8    | Identified the +8 dagger of Absolution {holy, *Rage Dex+4
                  | SInv Stlth+}
142085 | Zig:8    | Identified the +1 robe of the Countless Brambles {rC-
                  | Regen+ Int+7 Dex+3}
142109 | Zig:9    | Entered Level 9 of a ziggurat
142234 | Zig:10   | Entered Level 10 of a ziggurat
142281 | Zig:10   | Identified the amulet "Jourr" {rC- Will+++ Regen+ rCorr
                  | Dex-5}
142298 | Zig:10   | Identified the +0 cloak of the Enchanted Forest {rN+ Will-
                  | Int+3 Dex+3}
142362 | Zig:11   | Entered Level 11 of a ziggurat
142389 | Zig:11   | Identified the amulet of Symmetry {Reflect MP+9 Int+4 SH+5}
142394 | Zig:11   | Identified the ring "Ihalagox" {+Blink rC+ rCorr Dex+4}
142405 | Zig:11   | Identified the +9 short sword "Ruricato" {spect, rElec rC+
                  | Int-4 Dex+3}
142528 | Zig:12   | Entered Level 12 of a ziggurat
142622 | Zig:12   | Identified the +2 scimitar of the Spider {flame, *Corrode
                  | rPois Dex+5}
142631 | Zig:12   | Identified the +1 plate armour of the Armoured One {Will-
                  | Int+4}
142689 | Zig:13   | Entered Level 13 of a ziggurat
142750 | Zig:13   | Identified the +8 short sword of Wyrd {venom, Dex+3}
142829 | Zig:14   | Entered Level 14 of a ziggurat
142842 | Zig:14   | Reached skill level 15 in Dodging
142846 | Zig:14   | Found the +12 glaive of Prune {vorpal}
142947 | Zig:14   | Identified the +10 morningstar of the Hidden Vale {vorpal,
                  | rElec Dex+4}
142987 | Zig:14   | Identified the +3 ring mail "Cuaps" {Drain +Blink Int+2
                  | Dex+4}
143013 | Zig:15   | Entered Level 15 of a ziggurat
143140 | Zig:15   | Identified the +1 morningstar of Revolt {elec, rC+ rN+
                  | Str+7}
143149 | Zig:15   | Identified the +2 pair of boots of Philately {Harm rF- rN+
                  | Str+2}
143150 | Zig:15   | Identified the +5 hand axe "Goblinbane" {flame, *Noise
                  | rCorr Int+3}
143227 | Zig:15   | Identified the +6 scale mail of the Orb {rF+}
143251 | Zig:16   | Entered Level 16 of a ziggurat
143274 | Zig:16   | Found the +10 dark maul {vorpal}
143312 | Zig:16   | Identified the ring "Hapuh" {+Blink rC+}
143359 | Zig:16   | Identified the +6 mace "Ryag" {spect, Dex+4}
143389 | Zig:17   | Entered Level 17 of a ziggurat
143402 | Zig:17   | Noticed a royal mummy
143402 | Zig:17   | Noticed a royal mummy
143404 | Zig:17   | Killed a royal mummy
143405 | Zig:17   | Killed a royal mummy
143407 | Zig:17   | Noticed a royal mummy
143409 | Zig:17   | Noticed a royal mummy
143410 | Zig:17   | Killed a royal mummy
143410 | Zig:17   | Noticed a royal mummy
143413 | Zig:17   | Killed a royal mummy
143413 | Zig:17   | Killed a royal mummy
143425 | Zig:17   | Found the +7 great mace "Firestarter" {inner flame, rF++}
143429 | Zig:17   | Identified the +7 halberd of Reapportionment {vorpal, rC+}
143708 | Zig:17   | Identified the +7 battleaxe "Orb Guardian's Foe" {holy,
                  | rPois SInv}
143711 | Zig:17   | Identified the ring "Qypeuh Izyi" {Str-5 Int+6 Slay+4}
143810 | Zig:18   | Entered Level 18 of a ziggurat
144169 | Zig:18   | Identified the +9 flail of Qihau {vorpal, rElec rF+ rC+
                  | Dex-5}
144182 | Zig:18   | Learned a level 8 spell: Disjunction
144204 | Zig:19   | Entered Level 19 of a ziggurat
144217 | Zig:19   | Reached skill level 1 in Air Magic
144422 | Zig:19   | Identified the +5 scimitar of Plunder {vorpal, rF+ Dex-5
                  | Stlth+}
144449 | Zig:20   | Entered Level 20 of a ziggurat
144475 | Zig:20   | Noticed Maula the pandemonium lord
144479 | Zig:20   | Killed Maula the pandemonium lord
144822 | Zig:20   | Identified the ring of Bily {rPois rC- Str+2 Slay+3}
144824 | Zig:20   | Identified the ring "Jiunloe" {+Blink Str+6 Dex+3}
144830 | Zig:20   | Identified the +1 mace "protoss039's Doom" {flame, Int+2}
144899 | Zig:20   | Identified the +11 short sword of Pride {freeze, *Corrode
                  | rPois rF+}
144909 | Zig:20   | Identified the +6 scale mail "Ceyrhaeh" {Str+3 Dex-3}
144940 | Zig:21   | Entered Level 21 of a ziggurat
144954 | Zig:21   | Noticed an ancient lich
144958 | Zig:21   | Killed an ancient lich
144960 | Zig:21   | Noticed an ancient lich
144961 | Zig:21   | Noticed an ancient lich
144962 | Zig:21   | Killed an ancient lich
144964 | Zig:21   | Killed an ancient lich
144965 | Zig:21   | Noticed an ancient lich
144966 | Zig:21   | Killed an ancient lich
145052 | Zig:21   | Identified the ring "Othrug" {rF- rCorr MP+9 Int+4 Dex+2}
145121 | Zig:21   | Identified the +2 falchion "Spiderbane" {drain, Str+5}
145123 | Zig:21   | Identified the +0 buckler "Exkekiq" {rF+}
145125 | Zig:21   | Identified the +1 rapier "Jozxant" {pain, rN+ Str-3 Int+4}
145149 | Zig:22   | Entered Level 22 of a ziggurat
145170 | Zig:22   | Noticed Usag the pandemonium lord
145173 | Zig:22   | Reached skill level 27 in Conjurations
145178 | Zig:22   | Killed Usag the pandemonium lord
145691 | Zig:22   | Identified the +7 scythe of Decuoceh {vamp, Will+++ rCorr
                  | Int+2 Dex-3}
145696 | Zig:22   | Identified the +4 ring mail "Teufywo" {rF+ rN++ Dex+2
                  | Stlth+}
145700 | Zig:22   | Identified the +1 dagger of Nannurgh {antimagic, Fly rCorr
                  | Int-3}
145709 | Zig:22   | Identified the +0 ring mail of Delightful Brilliance {rPois
                  | rC++ rCorr Dex-2}
145711 | Zig:22   | Reached skill level 27 in Fire Magic
145734 | Zig:23   | Entered Level 23 of a ziggurat
145765 | Zig:23   | Reached skill level 27 in Armour
145963 | Zig:23   | Identified the +6 ring mail of Inquiry {*Corrode rN+ Str+2}
145973 | Zig:23   | Identified the +2 hunting sling of Qoeptefuyr {vorpal,
                  | Dex+4}
145975 | Zig:23   | Identified the +11 plate armour "Pempeh" {-Tele rElec rCorr
                  | Dex+3}
146050 | Zig:23   | Identified the +6 scale mail of Wasted Space {*Corrode
                  | Int+2 Dex+3 Stlth+}
146052 | Zig:23   | Identified the +8 demon blade "Wulitira" {vamp, Will+}
146079 | Zig:24   | Entered Level 24 of a ziggurat
146098 | Zig:24   | Reached skill level 1 in Throwing
146106 | Zig:24   | Reached skill level 5 in Throwing
146311 | Zig:24   | Identified the +7 glaive of Death {drain, Int+2 Dex+4}
146312 | Zig:24   | Identified the +2 pair of boots "Duoxed" {rC+ rCorr MP-9}
146337 | Zig:25   | Entered Level 25 of a ziggurat
146361 | Zig:25   | Reached skill level 27 in Shields
146369 | Zig:25   | Reached skill level 10 in Throwing
146625 | Zig:25   | Identified the +6 shortbow of Ragnarok {freeze, rN+ Will+
                  | Str+4}
146627 | Zig:25   | Identified the +7 whip of Ikup {elec, rF+}
146630 | Zig:25   | Identified the +6 rapier of Fuheat {vorpal, Drain Str+4
                  | Int+5 Dex+2}
146635 | Zig:25   | Identified the +0 robe of the Accordion {Contam rPois rC+
                  | Int+5}
146661 | Zig:26   | Entered Level 26 of a ziggurat
146691 | Zig:26   | Noticed a dread lich
146696 | Zig:26   | Killed a dread lich
146710 | Zig:26   | Reached skill level 15 in Throwing
147263 | Zig:26   | Identified the +5 mace of the Pharaoh's Fist {vorpal,
                  | Fragile rElec rCorr Str+2}
147288 | Zig:27   | Entered Level 27 of a ziggurat
147307 | Zig:27   | Reached skill level 1 in Translocations
147319 | Zig:27   | Reached skill level 5 in Stealth
147408 | Zig:27   | Identified the ring "Garinirgh" {rElec rPois rC+ MP+9
                  | Dex-5}
147525 | Zig:27   | Identified the +11 spear of Arrival {elec, rElec rPois}
147529 | Zig:27   | Acquired 1051 gold pieces
147631 | Depths:1 | Lost mutation: You have a moderately thin skeletal
                  | structure. (Dex +4, Stealth++) [potion of mutation]
147631 | Depths:1 | Lost mutation: You have a somewhat thin skeletal structure.
                  | (Dex +2, Stealth+) [potion of mutation]
147631 | Depths:1 | Gained mutation: You are robust. (+10% HP) [potion of
                  | mutation]
147631 | Depths:1 | Gained mutation: Potions are less effective at restoring
                  | your health. [potion of mutation]
147631 | Depths:1 | Gained mutation: You have hidden genetic potential. [potion
                  | of mutation]
147632 | Depths:1 | Lost mutation: You are robust. (+10% HP) [potion of
                  | mutation]
147632 | Depths:1 | Lost mutation: Potions are less effective at restoring your
                  | health. [potion of mutation]
147632 | Depths:1 | Gained mutation: You have sharp toenails. [potion of
                  | mutation]
147632 | Depths:1 | Gained mutation: Your spells are a little easier to cast,
                  | but a little less powerful. [potion of mutation]
147632 | Depths:1 | Gained mutation: You have sharp fingernails. [potion of
                  | mutation]
147633 | Depths:1 | Lost mutation: You have sharp toenails. [potion of
                  | mutation]
147633 | Depths:1 | Lost mutation: You have hidden genetic potential. [potion
                  | of mutation]
147633 | Depths:1 | Lost mutation: Your spells are a little easier to cast, but
                  | a little less powerful. [potion of mutation]
147633 | Depths:1 | Gained mutation: Your magical capacity is low. (-10% MP)
                  | [potion of mutation]
147634 | Depths:1 | Lost mutation: You have sharp fingernails. [potion of
                  | mutation]
147634 | Depths:1 | Lost mutation: Your magical capacity is low. (-10% MP)
                  | [potion of mutation]
147634 | Depths:1 | Gained mutation: You are weak. (Str -2) [potion of
                  | mutation]
147634 | Depths:1 | Gained mutation: You expend magic power (3 MP) to
                  | strengthen your wands. [potion of mutation]
147634 | Depths:1 | Gained mutation: Your magical capacity is low. (-10% MP)
                  | [potion of mutation]
147634 | Depths:1 | Gained mutation: You have sharp toenails. [potion of
                  | mutation]
147635 | Depths:1 | Lost mutation: You are weak. (Str -2) [potion of mutation]
147635 | Depths:1 | Lost mutation: You expend magic power (3 MP) to strengthen
                  | your wands. [potion of mutation]
147635 | Depths:1 | Lost mutation: You have sharp toenails. [potion of
                  | mutation]
147635 | Depths:1 | Gained mutation: Your spells are a little harder to cast,
                  | but a little more powerful. [potion of mutation]
147635 | Depths:1 | Gained mutation: You passively map a small area around you.
                  | [potion of mutation]
147636 | Depths:1 | Lost mutation: Your spells are a little harder to cast, but
                  | a little more powerful. [potion of mutation]
147636 | Depths:1 | Lost mutation: You passively map a small area around you.
                  | [potion of mutation]
147636 | Depths:1 | Lost mutation: Your magical capacity is low. (-10% MP)
                  | [potion of mutation]
147636 | Depths:1 | Gained mutation: You are partially covered in large bone
                  | plates. (SH +4) [potion of mutation]
147636 | Depths:1 | Gained mutation: A frigid envelope surrounds you and
                  | freezes all who hurt you. [potion of mutation]
147637 | Depths:1 | Lost mutation: A frigid envelope surrounds you and freezes
                  | all who hurt you. [potion of mutation]
147637 | Depths:1 | Lost mutation: You are partially covered in large bone
                  | plates. (SH +4) [potion of mutation]
147637 | Depths:1 | Gained mutation: You are robust. (+10% HP) [potion of
                  | mutation]
147638 | Depths:1 | Lost mutation: You are robust. (+10% HP) [potion of
                  | mutation]
147638 | Depths:1 | Gained mutation: You occasionally shout uncontrollably at
                  | your foes. [potion of mutation]
147638 | Depths:1 | Gained mutation: Your muscles are strong. (Str +2) [potion
                  | of mutation]
147639 | Depths:1 | Lost mutation: Your muscles are strong. (Str +2) [potion of
                  | mutation]
147639 | Depths:1 | Lost mutation: You occasionally shout uncontrollably at
                  | your foes. [potion of mutation]
147639 | Depths:1 | Gained mutation: Your system is resistant to poisons.
                  | (rPois) [potion of mutation]
147639 | Depths:1 | Gained mutation: Potions are less effective at restoring
                  | your health. [potion of mutation]
147639 | Depths:1 | Gained mutation: You are agile. (Dex +2) [potion of
                  | mutation]
147640 | Depths:1 | Lost mutation: Your system is resistant to poisons. (rPois)
                  | [potion of mutation]
147640 | Depths:1 | Lost mutation: You are agile. (Dex +2) [potion of mutation]
147640 | Depths:1 | Gained mutation: You have a somewhat thin skeletal
                  | structure. (Dex +2, Stealth+) [potion of mutation]
147641 | Depths:1 | Lost mutation: You have a somewhat thin skeletal structure.
                  | (Dex +2, Stealth+) [potion of mutation]
147641 | Depths:1 | Lost mutation: Potions are less effective at restoring your
                  | health. [potion of mutation]
147641 | Depths:1 | Gained mutation: Your magical capacity is low. (-10% MP)
                  | [potion of mutation]
147641 | Depths:1 | Gained mutation: Your flesh is cold resistant. (rC+)
                  | [potion of mutation]
147642 | Depths:1 | Lost mutation: Your flesh is cold resistant. (rC+) [potion
                  | of mutation]
147642 | Depths:1 | Lost mutation: Your magical capacity is low. (-10% MP)
                  | [potion of mutation]
147642 | Depths:1 | Gained mutation: You are somewhat resistant to further
                  | mutation. [potion of mutation]
147643 | Depths:1 | Lost mutation: You are somewhat resistant to further
                  | mutation. [potion of mutation]
147643 | Depths:1 | Gained mutation: You are strong-willed. (Will+) [potion of
                  | mutation]
147643 | Depths:1 | Gained mutation: You do not regenerate when monsters are
                  | visible. [potion of mutation]
147643 | Depths:1 | Gained mutation: Your movements are slightly less
                  | encumbered by armour. (ER -2) [potion of mutation]
147644 | Depths:1 | Lost mutation: Your movements are slightly less encumbered
                  | by armour. (ER -2) [potion of mutation]
147644 | Depths:1 | Lost mutation: You do not regenerate when monsters are
                  | visible. [potion of mutation]
147644 | Depths:1 | Gained mutation: Your magical capacity is low. (-10% MP)
                  | [potion of mutation]
147644 | Depths:1 | Gained mutation: You have sharp toenails. [potion of
                  | mutation]
147645 | Depths:1 | Lost mutation: You have sharp toenails. [potion of
                  | mutation]
147645 | Depths:1 | Lost mutation: You are strong-willed. (Will+) [potion of
                  | mutation]
147645 | Depths:1 | Gained mutation: You are dopey. (Int -2) [potion of
                  | mutation]
147645 | Depths:1 | Gained mutation: You are somewhat resistant to further
                  | mutation. [potion of mutation]
147646 | Depths:1 | Lost mutation: Your magical capacity is low. (-10% MP)
                  | [potion of mutation]
147646 | Depths:1 | Lost mutation: You are somewhat resistant to further
                  | mutation. [potion of mutation]
147646 | Depths:1 | Lost mutation: You are dopey. (Int -2) [potion of mutation]
147646 | Depths:1 | Gained mutation: You have hidden genetic defects. [potion
                  | of mutation]
147646 | Depths:1 | Gained mutation: You passively map a small area around you.
                  | [potion of mutation]
147647 | Depths:1 | Lost mutation: You passively map a small area around you.
                  | [potion of mutation]
147647 | Depths:1 | Lost mutation: You have hidden genetic defects. [potion of
                  | mutation]
147647 | Depths:1 | Gained mutation: Your spells are a little harder to cast,
                  | but a little more powerful. [potion of mutation]
147647 | Depths:1 | Gained mutation: You are frail. (-10% HP) [potion of
                  | mutation]
147647 | Depths:1 | Gained mutation: You tend to lose your temper in combat.
                  | [potion of mutation]
147648 | Depths:1 | Lost mutation: You are frail. (-10% HP) [potion of
                  | mutation]
147648 | Depths:1 | Lost mutation: Your spells are a little harder to cast, but
                  | a little more powerful. [potion of mutation]
147648 | Depths:1 | Gained mutation: Your spells are a little harder to cast,
                  | but a little more powerful. [potion of mutation]
147648 | Depths:1 | Lost mutation: You tend to lose your temper in combat.
                  | [potion of mutation]
147649 | Depths:1 | Lost mutation: Your spells are a little harder to cast, but
                  | a little more powerful. [potion of mutation]
147649 | Depths:1 | Gained mutation: Your spells are a little easier to cast,
                  | but a little less powerful. [potion of mutation]
147649 | Depths:1 | Gained mutation: You are clumsy. (Dex -2) [potion of
                  | mutation]
147650 | Depths:1 | Lost mutation: You are clumsy. (Dex -2) [potion of
                  | mutation]
147650 | Depths:1 | Lost mutation: Your spells are a little easier to cast, but
                  | a little less powerful. [potion of mutation]
147650 | Depths:1 | Gained mutation: You are somewhat resistant to further
                  | mutation. [potion of mutation]
147651 | Depths:1 | Lost mutation: You are somewhat resistant to further
                  | mutation. [potion of mutation]
147651 | Depths:1 | Gained mutation: You possess an exceptional clarity of
                  | mind. [potion of mutation]
147651 | Depths:1 | Gained mutation: Your mind is acute. (Int +2) [potion of
                  | mutation]
147651 | Depths:1 | Gained mutation: You expend magic power (3 MP) to
                  | strengthen your wands. [potion of mutation]
147652 | Depths:1 | Lost mutation: Your mind is acute. (Int +2) [potion of
                  | mutation]
147652 | Depths:1 | Lost mutation: You possess an exceptional clarity of mind.
                  | [potion of mutation]
147652 | Depths:1 | Lost mutation: You expend magic power (3 MP) to strengthen
                  | your wands. [potion of mutation]
147652 | Depths:1 | Gained mutation: You possess an exceptional clarity of
                  | mind. [potion of mutation]
147653 | Depths:1 | Lost mutation: You possess an exceptional clarity of mind.
                  | [potion of mutation]
147653 | Depths:1 | Gained mutation: Your movements are slightly less
                  | encumbered by armour. (ER -2) [potion of mutation]
147653 | Depths:1 | Gained mutation: You are agile. (Dex +2) [potion of
                  | mutation]
147654 | Depths:1 | Lost mutation: You are agile. (Dex +2) [potion of mutation]
147654 | Depths:1 | Lost mutation: Your movements are slightly less encumbered
                  | by armour. (ER -2) [potion of mutation]
147654 | Depths:1 | Gained mutation: You tend to lose your temper in combat.
                  | [potion of mutation]
147655 | Depths:1 | Lost mutation: You tend to lose your temper in combat.
                  | [potion of mutation]
147655 | Depths:1 | Gained mutation: You passively map a small area around you.
                  | [potion of mutation]
147655 | Depths:1 | Gained mutation: You have large cloven feet. [potion of
                  | mutation]
147656 | Depths:1 | Lost mutation: You passively map a small area around you.
                  | [potion of mutation]
147656 | Depths:1 | Lost mutation: You have large cloven feet. [potion of
                  | mutation]
147656 | Depths:1 | Gained mutation: Your magical capacity is low. (-10% MP)
                  | [potion of mutation]
147656 | Depths:1 | Gained mutation: You have very sharp teeth. [potion of
                  | mutation]
147657 | Depths:1 | Lost mutation: Your magical capacity is low. (-10% MP)
                  | [potion of mutation]
147657 | Depths:1 | Lost mutation: You have very sharp teeth. [potion of
                  | mutation]
147657 | Depths:1 | Gained mutation: You are clumsy. (Dex -2) [potion of
                  | mutation]
147657 | Depths:1 | Gained mutation: Your muscles are strong. (Str +2) [potion
                  | of mutation]
147657 | Depths:1 | Gained mutation: You have hidden genetic potential. [potion
                  | of mutation]
147658 | Depths:1 | Lost mutation: You are clumsy. (Dex -2) [potion of
                  | mutation]
147658 | Depths:1 | Lost mutation: You have hidden genetic potential. [potion
                  | of mutation]
147658 | Depths:1 | Lost mutation: Your muscles are strong. (Str +2) [potion of
                  | mutation]
147658 | Depths:1 | Gained mutation: You are dopey. (Int -2) [potion of
                  | mutation]
147658 | Depths:1 | Gained mutation: Your magical capacity is low. (-10% MP)
                  | [potion of mutation]
147658 | Depths:1 | Gained mutation: You passively map a small area around you.
                  | [potion of mutation]
147659 | Depths:1 | Lost mutation: You passively map a small area around you.
                  | [potion of mutation]
147659 | Depths:1 | Lost mutation: You are dopey. (Int -2) [potion of mutation]
147659 | Depths:1 | Gained mutation: You are weak. (Str -2) [potion of
                  | mutation]
147660 | Depths:1 | Lost mutation: Your magical capacity is low. (-10% MP)
                  | [potion of mutation]
147660 | Depths:1 | Lost mutation: You are weak. (Str -2) [potion of mutation]
147660 | Depths:1 | Gained mutation: You possess an exceptional clarity of
                  | mind. [potion of mutation]
147660 | Depths:1 | Gained mutation: Your flesh is cold resistant. (rC+)
                  | [potion of mutation]
147661 | Depths:1 | Lost mutation: Your flesh is cold resistant. (rC+) [potion
                  | of mutation]
147661 | Depths:1 | Lost mutation: You possess an exceptional clarity of mind.
                  | [potion of mutation]
147661 | Depths:1 | Gained mutation: You have very sharp teeth. [potion of
                  | mutation]
147661 | Depths:1 | Gained mutation: You are clumsy. (Dex -2) [potion of
                  | mutation]
147661 | Depths:1 | Gained mutation: Your system is resistant to poisons.
                  | (rPois) [potion of mutation]
147661 | Depths:1 | Lost mutation: You are clumsy. (Dex -2) [potion of
                  | mutation]
147662 | Depths:1 | Lost mutation: Your system is resistant to poisons. (rPois)
                  | [potion of mutation]
147662 | Depths:1 | Lost mutation: You have very sharp teeth. [potion of
                  | mutation]
147662 | Depths:1 | Gained mutation: You are weak. (Str -2) [potion of
                  | mutation]
147662 | Depths:1 | Gained mutation: Your natural rate of healing is unusually
                  | fast. [potion of mutation]
147662 | Depths:1 | Lost mutation: You are weak. (Str -2) [potion of mutation]
147662 | Depths:1 | Gained mutation: You are robust. (+10% HP) [potion of
                  | mutation]
147715 | Zig:1    | Entered Level 1 of a ziggurat
147759 | Zig:2    | Entered Level 2 of a ziggurat
147781 | Zig:2    | Identified the +7 broad axe "Catong" {vorpal, Dex+7}
147787 | Zig:3    | Entered Level 3 of a ziggurat
147824 | Zig:4    | Entered Level 4 of a ziggurat
147879 | Zig:5    | Entered Level 5 of a ziggurat
147886 | Zig:5    | Reached skill level 5 in Translocations
147904 | Zig:5    | Identified the amulet "Tuofi" {Faith Int+3}
147918 | Zig:5    | Identified the +4 flail of Evolution {vamp, rPois rC+}
147947 | Zig:6    | Entered Level 6 of a ziggurat
147954 | Zig:6    | Reached skill level 15 in Long Blades
148011 | Zig:7    | Entered Level 7 of a ziggurat
148036 | Zig:7    | Identified the +9 shortbow "Cutauh" {flame, rPois rC+}
148075 | Zig:8    | Entered Level 8 of a ziggurat
148128 | Zig:8    | Identified the +0 helmet of Virtue {rPois rC+ Stlth+}
148156 | Zig:8    | Identified the +8 great mace of Carved Tender Mercy
                  | {distort, Str+2 Int+2}
148157 | Zig:8    | Identified the +2 whip of Laonug {elec, Int+5 Dex-3}
148187 | Zig:9    | Entered Level 9 of a ziggurat
148270 | Zig:10   | Entered Level 10 of a ziggurat
148276 | Zig:10   | Noticed Rimecun the pandemonium lord
148283 | Zig:10   | Killed Rimecun the pandemonium lord
148288 | Zig:10   | Reached skill level 10 in Translocations
148447 | Zig:10   | Identified the ring of Taghiufo {rF++ rN+}
148449 | Zig:10   | Identified the ring of Uxipex {rN++ rCorr Dex-4 Slay+6}
148470 | Zig:10   | Identified the +1 scale mail of Sipte {rC- Str+2 Stlth+}
148505 | Zig:11   | Entered Level 11 of a ziggurat
148514 | Zig:11   | Noticed a royal mummy
148514 | Zig:11   | Noticed a royal mummy
148514 | Zig:11   | Noticed a royal mummy
148516 | Zig:11   | Killed a royal mummy
148516 | Zig:11   | Killed a royal mummy
148517 | Zig:11   | Reached skill level 1 in Evocations
148517 | Zig:11   | Killed a royal mummy
148517 | Zig:11   | Noticed a royal mummy
148519 | Zig:11   | Noticed a royal mummy
148520 | Zig:11   | Killed a royal mummy
148522 | Zig:11   | Killed a royal mummy
148528 | Zig:11   | Found the +8 orange crystal plate armour {Archmagi, Int+3
                  | Clar}
148547 | Zig:11   | Identified the +2 war axe of Yska Gie {vorpal, rN+ Dex+4}
148575 | Zig:11   | Identified the +1 arbalest "Tecvur" {flame, Str+3 Int+9}
148657 | Zig:12   | Entered Level 12 of a ziggurat
148741 | Zig:12   | Identified the +0 helmet "Vuyteq" {-Tele rElec rPois rN+++
                  | Will-}
148767 | Zig:12   | Identified the +8 chain mail of the Frog {rF+ rC+ rN+
                  | Regen+}
148774 | Zig:12   | Identified the +4 dagger "Kufuome" {drain, rCorr Str-4
                  | Int+4 Dex+4}
148799 | Zig:13   | Entered Level 13 of a ziggurat
148814 | Zig:13   | Reached skill level 5 in Evocations
148847 | Zig:13   | Identified the ring "Xokhoat" {*Slow rElec Will+ MP+9}
148852 | Zig:13   | Identified the +5 battleaxe of the Spider Nest {antimagic,
                  | rF- rCorr Str-2 Dex+6}
148931 | Zig:13   | Identified the +6 great sword "Fuxodoga" {vorpal, Stlth+}
148934 | Zig:13   | Acquired a manual of Invocations
148936 | Zig:13   | Acquired a manual of Invocations
148938 | Zig:13   | Acquired a manual of Long Blades
148964 | Zig:14   | Entered Level 14 of a ziggurat
148991 | Zig:14   | Found the +8 Wrath of Trog {antimagic, *Rage Rampage}
149013 | Zig:14   | Identified the +10 great mace of the Secret Lovers {venom,
                  | rC+ rN+ Will- Str+4}
149065 | Zig:14   | Identified the +4 chain mail of Insatiable Hunger {rC+
                  | Int-4 SInv}
149097 | Zig:15   | Entered Level 15 of a ziggurat
149112 | Zig:15   | Noticed an orb of fire
149114 | Zig:15   | Noticed an orb of fire
149114 | Zig:15   | Noticed an orb of fire
149114 | Zig:15   | Noticed an orb of fire
149115 | Zig:15   | Reached skill level 15 in Translocations
149115 | Zig:15   | Noticed an orb of fire
149120 | Zig:15   | Noticed an orb of fire
149121 | Zig:15   | Killed an orb of fire
149122 | Zig:15   | Killed an orb of fire
149122 | Zig:15   | Killed an orb of fire
149122 | Zig:15   | Killed an orb of fire
149125 | Zig:15   | Killed an orb of fire
149127 | Zig:15   | Noticed an orb of fire
149128 | Zig:15   | Killed an orb of fire
149130 | Zig:15   | Killed an orb of fire
149132 | Zig:15   | Noticed an orb of fire
149137 | Zig:15   | Killed an orb of fire
149263 | Zig:15   | Found the +10 zealot's sword {holy, *Rage rN+ EV+3}
149357 | Zig:15   | Identified the +8 fustibalus "Raso" {flame, Int+6}
149366 | Zig:15   | Identified the +12 tower shield of Calculation {*Slow rC+
                  | Dex+2}
149369 | Zig:15   | Identified the +7 short sword "Joutep" {drain, Will+ Int+3
                  | Stlth+}
149396 | Zig:16   | Entered Level 16 of a ziggurat
149417 | Zig:16   | Noticed a dread lich
149420 | Zig:16   | Killed a dread lich
149468 | Zig:16   | Identified the ring "Burgheyc" {rPois rC- rN++ rCorr Dex+4}
149511 | Zig:16   | Identified the +9 rapier of the Big Bang {flame, rN++}
149541 | Zig:17   | Entered Level 17 of a ziggurat
149646 | Zig:17   | Identified the +7 falchion "Uthez" {vorpal, Int+4}
149673 | Zig:18   | Entered Level 18 of a ziggurat
149690 | Zig:18   | Reached skill level 27 in Necromancy
149708 | Zig:18   | Found the ring of the Octopus King
149808 | Zig:18   | Identified a ring of the Octopus King {rCorr AC+1 EV+1
                  | Str+1 Int+1 Dex+1}
149851 | Zig:18   | Identified the +6 scale mail "Moimn" {Rampage Will- Dex+5
                  | Stlth+}
149854 | Zig:18   | Identified the +1 rapier of the Common Good {freeze, rF+}
149879 | Zig:19   | Entered Level 19 of a ziggurat
149914 | Zig:19   | Noticed an ancient lich
149916 | Zig:19   | Killed an ancient lich
149920 | Zig:19   | Noticed a dread lich
149921 | Zig:19   | Killed a dread lich
149923 | Zig:19   | Noticed a dread lich
149925 | Zig:19   | Killed a dread lich
150049 | Zig:19   | Found the +8 autumn katana {vorpal, manifold assault}
150053 | Zig:19   | Identified the amulet "Viehuat" {RegenMP Will+ Dex+4}
150055 | Zig:19   | Identified the +2 robe "Reicw" {+Inv rN+++ Slay-6}
150060 | Zig:19   | Identified the amulet of the Coward {Reflect rC+ SH+5}
150065 | Zig:19   | Identified the +9 long sword "Dupsoasa" {flame, MP+9
                  | Stlth+}
150066 | Zig:19   | Identified the +4 longbow "Pendulum" {vorpal, rC+ rCorr
                  | Int+5 Dex-3}
150124 | Zig:19   | Identified the +7 whip of Mandamus {vorpal, Int-2 Dex+5
                  | SInv}
150155 | Zig:20   | Entered Level 20 of a ziggurat
150179 | Zig:20   | Noticed an ancient lich
150180 | Zig:20   | Killed an ancient lich
150181 | Zig:20   | Paralysed by a wendigo for 1 turns
150192 | Zig:20   | Found the +7 sceptre of Torment {pain, torment}
150213 | Zig:20   | Identified the ring of Qobbesug {rElec rF+++ MP+9 Str+6
                  | Int-2}
150217 | Zig:20   | Identified the +5 glaive "Oliurr" {venom, *Rage rPois
                  | Dex+5}
150273 | Zig:20   | Identified the +7 quarterstaff of Tydazar {flame, Drain
                  | rPois Dex+4 SInv}
150274 | Zig:20   | Identified the +9 dagger "Budakiqe" {vorpal, rPois rC+
                  | Str+2}
150277 | Zig:20   | Identified the +4 helmet of Apathy {Slay+2}
150283 | Zig:20   | Identified the +7 ring mail of Divine Intervention {Harm
                  | Str-2 SInv}
150325 | Zig:21   | Entered Level 21 of a ziggurat
150339 | Zig:21   | Paralysed by an air elemental for 1 turns
150440 | Zig:21   | Found the +3 sling "Punk" {acid, rCorr}
150566 | Zig:21   | Identified the +1 ring mail "Bynlumowk" {rF+ rC+ rN+ SInv}
150578 | Zig:21   | Identified the +2 helmet of Middu {rPois rN+}
150579 | Zig:21   | Identified the +11 morningstar of Trauma {flame, rElec rC-
                  | rN+++}
150611 | Zig:22   | Entered Level 22 of a ziggurat
150702 | Zig:22   | Found the +11 plutonium sword {Contam Stlth-}
150715 | Zig:22   | Identified the ring "Ciwkicai" {Fly Str+4 Dex+2 Stlth+}
150723 | Zig:22   | Identified the +9 rapier of Surhosk {vorpal, rF+ rC+ Str+3}
150745 | Zig:22   | Identified the +6 morningstar "Meaxod" {speed, Fly Dex+6}
150746 | Zig:22   | Identified the +8 morningstar "Hyritif" {spect, rCorr Str+2
                  | Int-4}
150747 | Zig:22   | Identified the +2 long sword of the Ecumenical Temple
                  | {flame, Str+3 Dex+3}
150802 | Zig:22   | Identified the +7 rapier "Grim" {pain, Str+3}
150804 | Zig:22   | Identified the +9 fustibalus of the Crawling Thing {vorpal,
                  | Str+4}
150807 | Zig:22   | Identified the +8 dagger of Chaos {vorpal, Fly rF+}
150811 | Zig:22   | Identified the +2 leather armour "Ikiuf" {rElec Stlth+}
150841 | Zig:23   | Entered Level 23 of a ziggurat
150862 | Zig:23   | Noticed a juggernaut
150863 | Zig:23   | Noticed a juggernaut
150868 | Zig:23   | Killed a juggernaut
150874 | Zig:23   | Killed a juggernaut
150938 | Zig:23   | Found the +8 demon blade "Leech" {vamp, Harm Drain rN+}
150940 | Zig:23   | Found the +8 Vampire's Tooth {vamp}
151022 | Zig:23   | Identified the amulet of Leaves {Reflect rC+ SH+5}
151029 | Zig:23   | Identified the ring "Dilemm" {Fly rF- Will+ Str+2 Dex+5}
151101 | Zig:23   | Identified the +5 glaive "Lucloice" {vorpal, rC+ Int+4}
151104 | Zig:23   | Identified the +1 leather armour "Dexuoj" {Dex+2}
151111 | Zig:23   | Identified the +5 chain mail of the Alphagorgon {rCorr}
151160 | Zig:24   | Entered Level 24 of a ziggurat
151183 | Zig:24   | Noticed an ancient lich
151185 | Zig:24   | Killed an ancient lich
151315 | Zig:24   | Identified the ring of Gaejiel {rC+ Will+ Int+4 Dex+4}
151323 | Zig:24   | Identified the ring "Faumajie" {rPois rC+ Will+ Str+4
                  | Dex+6}
151329 | Zig:24   | Identified the -5 helmet "Fusmigreuku" {Fly Str+2 Int-2}
151338 | Zig:24   | Identified the ring "Jiruacou" {rElec rPois rN+ MP+9 Str-3}
151407 | Zig:24   | Identified the +1 mace "Wizus" {chaos, +Blink rN+ Int+3}
151410 | Zig:24   | Identified the +6 spear "Gakoibli" {freeze, Str+6 Int+6}
151417 | Zig:24   | Identified the +0 hat "Pystratir" {Drain rPois Str+4}
151423 | Zig:24   | Identified the +1 ring mail "Haeqiuwa" {rC+}
151459 | Zig:25   | Entered Level 25 of a ziggurat
151775 | Zig:25   | Identified the +8 plate armour of the Sailor {Will++}
151779 | Zig:25   | Identified the +2 short sword of Shrieking Terror {venom,
                  | *Rage rF+++ rN+ Str-2}
151790 | Zig:25   | Identified the +3 ring mail of Disguise {Rampage rElec
                  | Int-2}
151828 | Zig:26   | Entered Level 26 of a ziggurat
151862 | Zig:26   | Reached skill level 27 in Dodging
151869 | Zig:26   | Paralysed by a floating eye for 3 turns
151905 | Zig:26   | Found the +13 scythe of Curses {drain, Drain}
151928 | Zig:26   | Identified the ring of Liberty {rPois SInv}
151930 | Zig:26   | Identified the +0 robe of an ice cave {Harm rN+ Will++
                  | Dex-4}
151948 | Zig:26   | Identified the ring "Ziemn" {rC+ Will+ Int+6 Dex+6}
151988 | Zig:26   | Acquired 501 gold pieces
152223 | Zig:27   | Entered Level 27 of a ziggurat
152315 | Zig:27   | Found the +7 pair of quick blades "Gyre" and "Gimble"
                  | {protect}
152358 | Zig:27   | Identified the ring of Aliho {Ice rN+ Str-4 Int+3 Dex+2}
152454 | Zig:27   | Identified the +1 pair of boots "Lesuen" {rElec rF- Str+4}
152553 | Zig:27   | Identified the +8 plate armour of the Watermelon {rElec
                  | rCorr MP-9 Dex+5}
152637 | Zig:1    | Entered Level 1 of a ziggurat
152696 | Zig:2    | Entered Level 2 of a ziggurat
152741 | Zig:3    | Entered Level 3 of a ziggurat
152743 | Zig:3    | Noticed a dread lich
152746 | Zig:3    | Killed a dread lich
152756 | Zig:3    | Identified the amulet of Vupudauq {Spirit +Inv Will++}
152763 | Zig:4    | Entered Level 4 of a ziggurat
152765 | Zig:4    | Noticed a dread lich
152767 | Zig:4    | Killed a dread lich
152822 | Zig:4    | Identified the +2 chain mail of Joak {Str-3 Int+2 SInv}
152843 | Zig:5    | Entered Level 5 of a ziggurat
152895 | Zig:6    | Entered Level 6 of a ziggurat
152899 | Zig:6    | Found the +3 giant club "Skullcrusher" {speed, Str+7}
152938 | Zig:6    | Identified the +9 falchion of the Endless Expanse {drain,
                  | rPois Int+4}
152955 | Zig:6    | Acquired 778 gold pieces
152978 | Zig:7    | Entered Level 7 of a ziggurat
153019 | Zig:7    | Identified the ring "Nawungabb" {Ice +Blink rCorr}
153024 | Zig:7    | Identified the +3 pair of boots of Grace {rF+ Str+3 Int+4
                  | Slay+5}
153133 | Zig:8    | Entered Level 8 of a ziggurat
153151 | Zig:8    | Identified the +8 hand axe "Hugh" {freeze, rElec Str+4
                  | Int+4}
153210 | Zig:9    | Entered Level 9 of a ziggurat
153288 | Zig:9    | Identified the +0 ring mail of Complete Protection {rF+
                  | Str+5}
153312 | Zig:10   | Entered Level 10 of a ziggurat
153420 | Zig:11   | Entered Level 11 of a ziggurat
153445 | Zig:11   | Found the +5 demon whip "Spellbinder" {antimagic, Will+}
153452 | Zig:11   | Identified the +12 scimitar of Broken Luck {speed, rF+
                  | Int+3}
153612 | Zig:12   | Entered Level 12 of a ziggurat
153636 | Zig:12   | Found the +4 moon troll leather armour {Spirit, Regen++
                  | MP+5}
153691 | Zig:12   | Identified the ring of Axtas {+Blink rF- rC+++ rCorr MP-9}
153707 | Zig:12   | Identified the +5 whip "Renaz" {vorpal, rElec rC+ Stlth+}
153708 | Zig:12   | Identified the +0 ring mail of the True Pharaoh {Contam rC-
                  | Regen+ Stlth+}
153714 | Zig:12   | Identified the +6 scale mail of Snakes and Ladders {rF+
                  | Str-5 Int+10 Dex-3}
153741 | Zig:13   | Entered Level 13 of a ziggurat
153744 | Zig:13   | Noticed a royal mummy
153744 | Zig:13   | Noticed a royal mummy
153744 | Zig:13   | Noticed a royal mummy
153744 | Zig:13   | Noticed a royal mummy
153745 | Zig:13   | Noticed a royal mummy
153746 | Zig:13   | Killed a royal mummy
153746 | Zig:13   | Killed a royal mummy
153747 | Zig:13   | Killed a royal mummy
153747 | Zig:13   | Killed a royal mummy
153747 | Zig:13   | Noticed a royal mummy
153748 | Zig:13   | Killed a royal mummy
153748 | Zig:13   | Noticed a royal mummy
153750 | Zig:13   | Killed a royal mummy
153750 | Zig:13   | Noticed a royal mummy
153751 | Zig:13   | Killed a royal mummy
153753 | Zig:13   | Killed a royal mummy
153753 | Zig:13   | Noticed a royal mummy
153753 | Zig:13   | Noticed a royal mummy
153755 | Zig:13   | Killed a royal mummy
153755 | Zig:13   | Killed a royal mummy
153802 | Zig:13   | Identified the +6 war axe of Kuruqas {vorpal, rF++ Int+4}
153828 | Zig:14   | Entered Level 14 of a ziggurat
153854 | Zig:14   | Found the macabre finger necklace {rN+}
153901 | Zig:14   | Identified the +6 fustibalus "Hike" {venom, rElec rCorr
                  | Str-5 Dex+3 SInv}
153942 | Zig:14   | Identified the +5 falchion "Coeplo" {vorpal, rF+ Str+3
                  | Dex-3}
153973 | Zig:15   | Entered Level 15 of a ziggurat
153984 | Zig:15   | Reached skill level 27 in Throwing
153995 | Zig:15   | Found the +7 Spriggan's Knife {stab, EV+4 Stlth+}
154126 | Zig:16   | Entered Level 16 of a ziggurat
154276 | Zig:16   | Identified the +11 flail of Xadum {freeze, rC- Str+7 Dex+5}
154280 | Zig:16   | Identified the +8 short sword of Lauf {freeze, +Blink rCorr
                  | Int+5}
154302 | Zig:17   | Entered Level 17 of a ziggurat
154446 | Zig:17   | Identified the amulet "Arghaidd" {RegenMP -Tele rF+ rC+
                  | Will+}
154450 | Zig:17   | Identified the +8 quarterstaff of Disaster {vamp, rElec
                  | rPois Str+6 Int-2}
154464 | Zig:17   | Identified the ring of Xemonuno {+Blink rF+ rC+ Stlth+}
154487 | Zig:17   | Identified the +8 hunting sling of the Sea {venom, Dex+3}
154514 | Zig:18   | Entered Level 18 of a ziggurat
154520 | Zig:18   | Noticed an ancient lich
154522 | Zig:18   | Noticed an ancient lich
154522 | Zig:18   | Noticed a dread lich
154523 | Zig:18   | Killed an ancient lich
154523 | Zig:18   | Noticed an ancient lich
154524 | Zig:18   | Killed an ancient lich
154524 | Zig:18   | Killed a dread lich
154525 | Zig:18   | Killed an ancient lich
154527 | Zig:18   | Noticed an ancient lich
154528 | Zig:18   | Noticed an ancient lich
154529 | Zig:18   | Killed an ancient lich
154529 | Zig:18   | Killed an ancient lich
154529 | Zig:18   | Noticed an ancient lich
154530 | Zig:18   | Noticed a dread lich
154531 | Zig:18   | Killed an ancient lich
154532 | Zig:18   | Killed a dread lich
154637 | Zig:18   | Identified the +0 robe of the Spider Nest {rF- Str+3 Dex+4}
154641 | Zig:18   | Identified the +0 scimitar "Teriest" {drain, rPois Will+}
154663 | Zig:19   | Entered Level 19 of a ziggurat
154665 | Zig:19   | Noticed a royal mummy
154665 | Zig:19   | Noticed a royal mummy
154666 | Zig:19   | Noticed a royal mummy
154666 | Zig:19   | Noticed a royal mummy
154668 | Zig:19   | Killed a royal mummy
154668 | Zig:19   | Killed a royal mummy
154668 | Zig:19   | Killed a royal mummy
154669 | Zig:19   | Killed a royal mummy
154669 | Zig:19   | Noticed a royal mummy
154669 | Zig:19   | Noticed a royal mummy
154670 | Zig:19   | Noticed a royal mummy
154670 | Zig:19   | Noticed a royal mummy
154671 | Zig:19   | Noticed a royal mummy
154671 | Zig:19   | Noticed a royal mummy
154671 | Zig:19   | Noticed a royal mummy
154673 | Zig:19   | Killed a royal mummy
154673 | Zig:19   | Killed a royal mummy
154675 | Zig:19   | Killed a royal mummy
154675 | Zig:19   | Killed a royal mummy
154675 | Zig:19   | Killed a royal mummy
154676 | Zig:19   | Killed a royal mummy
154676 | Zig:19   | Killed a royal mummy
154677 | Zig:19   | Noticed a royal mummy
154677 | Zig:19   | Noticed a royal mummy
154678 | Zig:19   | Noticed a royal mummy
154678 | Zig:19   | Noticed a royal mummy
154678 | Zig:19   | Noticed a royal mummy
154679 | Zig:19   | Killed a royal mummy
154679 | Zig:19   | Killed a royal mummy
154679 | Zig:19   | Noticed a royal mummy
154680 | Zig:19   | Noticed a royal mummy
154681 | Zig:19   | Killed a royal mummy
154681 | Zig:19   | Killed a royal mummy
154681 | Zig:19   | Noticed a royal mummy
154682 | Zig:19   | Killed a royal mummy
154682 | Zig:19   | Noticed a royal mummy
154682 | Zig:19   | Noticed a royal mummy
154683 | Zig:19   | Killed a royal mummy
154683 | Zig:19   | Killed a royal mummy
154684 | Zig:19   | Killed a royal mummy
154684 | Zig:19   | Killed a royal mummy
154685 | Zig:19   | Killed a royal mummy
154685 | Zig:19   | Noticed a royal mummy
154687 | Zig:19   | Killed a royal mummy
154703 | Zig:19   | Found the +8 demon trident "Rift" {distort, reach+}
154752 | Zig:19   | Identified the ring "Zacwy" {*Slow Int+7 Slay+3 SInv}
154780 | Zig:19   | Identified the +4 mace of the Chickpea {vorpal, Str+6
                  | Stlth-}
154806 | Zig:20   | Entered Level 20 of a ziggurat
154917 | Zig:20   | Identified the ring "Tofemeyl" {Will+ rCorr}
154935 | Zig:20   | Identified the ring "Umnoasid" {*Slow rC+ Int+7 Dex+6 SInv}
155012 | Zig:21   | Entered Level 21 of a ziggurat
155059 | Zig:21   | Found the +4 robe of Folly {Brilliance Will-∞ Int+8}
155143 | Zig:21   | Identified the amulet of Arrival {Acrobat Harm Will+ Str+3
                  | Int+5}
155145 | Zig:21   | Identified the amulet of Ysiraok {Acrobat Fragile Fly Str+9
                  | Int-3}
155175 | Zig:21   | Identified the +0 plate armour of Golden Happiness
                  | {*Corrode +Blink +Inv rN+++}
155176 | Zig:21   | Identified the +6 trident of Exhibitionism {drain, Dex+2
                  | Stlth+}
155218 | Zig:22   | Entered Level 22 of a ziggurat
155237 | Zig:22   | Noticed a dread lich
155240 | Zig:22   | Killed a dread lich
155255 | Zig:22   | Found the +8 arc blade {discharge, rElec}
155382 | Zig:22   | Identified the ring "Nisminia" {Drain rPois rF+ rC+ Dex+4}
155383 | Zig:22   | Identified the +1 leather armour of Uvoiqae {-Tele *Slow
                  | Will+++ Stlth+}
155467 | Zig:22   | Identified the +8 morningstar of Lust {pain, MP+9 Int+4}
155474 | Zig:22   | Identified the +3 robe of Quinopef {Rampage *Corrode +Inv
                  | rPois}
155487 | Zig:22   | Reached skill level 27 in Translocations
155487 | Zig:22   | Reached skill level 27 in Transmutations
155487 | Zig:22   | Reached skill level 27 in Ice Magic
155528 | Zig:23   | Entered Level 23 of a ziggurat
155540 | Zig:23   | Reached skill level 10 in Evocations
155573 | Zig:23   | Paralysed by accursed screaming for 2 turns
155675 | Zig:23   | Found the +0 staff of Battle
155692 | Zig:23   | Identified the amulet of the Tick {Acrobat Int+3}
155706 | Zig:23   | Identified the +1 scale mail of the Game of Kings {rF++
                  | Str-3 Dex+3 Stlth+}
155712 | Zig:23   | Identified the +8 hand crossbow of Lies {vorpal, +Blink
                  | Will+ Dex+4}
155722 | Zig:23   | Identified the +4 war axe "Ivacaug" {vorpal, *Noise Will+
                  | Str+4 Dex+4}
155729 | Zig:23   | Identified the +6 falchion of Penaff {pain, *Rage Will++
                  | Str+5}
155740 | Zig:23   | Identified the +7 spear of Kiatrame {vorpal, rF+ rC+ Int-3
                  | Dex+3}
155742 | Zig:23   | Identified the +1 chain mail of the Arena {Str+4}
155758 | Zig:23   | Identified the +5 lajatang of Subjectivity {vorpal, +Blink
                  | rN+ Str-5 Stlth+}
155759 | Zig:23   | Identified the +8 halberd of Jodif {speed, Str+4}
155801 | Zig:24   | Entered Level 24 of a ziggurat
155816 | Zig:24   | Reached skill level 15 in Evocations
155819 | Zig:24   | Paralysed by a wendigo for 1 turns
155897 | Zig:24   | Found the +5 robe of Night {Dark Will+ SInv}
155910 | Zig:24   | Identified the +3 leather armour "Nemir" {Rampage}
155916 | Zig:24   | Identified the ring of Ediaq {rC+ EV+4}
155921 | Zig:24   | Identified the +2 spear "Eqog" {antimagic, rPois Will+
                  | Str+3 Stlth+}
155960 | Zig:24   | Identified the +7 scimitar of Inflation {holy, rN+ Int+2}
155963 | Zig:24   | Identified the +9 long sword of the Stoat {spect, Int+5}
155973 | Zig:24   | Identified the +3 quarterstaff "Etiqil" {vorpal, rC+ Str+2
                  | Int+3}
156030 | Zig:25   | Entered Level 25 of a ziggurat
156049 | Zig:25   | Noticed a dread lich
156050 | Zig:25   | Killed a dread lich
156076 | Zig:25   | Found the +9 staff of Olgreb {rPois∞}
156086 | Zig:25   | Found the dreamshard necklace {*Dream Drain}
156101 | Zig:25   | Identified the +2 quarterstaff of Conflict {freeze, Int+7
                  | Dex+4}
156103 | Zig:25   | Identified the ring of Nyraz {rC+ Dex+2}
156107 | Zig:25   | Identified the +2 leather armour of Masochism {Fly}
156113 | Zig:25   | Identified the +1 leather armour of the Countless Artisans
                  | {rF+}
156116 | Zig:25   | Identified the amulet "Isaleyrio" {Faith Dex+4}
156245 | Zig:25   | Identified the +6 dagger of Hell's Wrath {freeze, *Rage
                  | Str+6}
156288 | Zig:26   | Entered Level 26 of a ziggurat
156330 | Zig:26   | Found the +1 robe of Vines {NoPotionHeal Regen++++}
156331 | Zig:26   | Found the ring of the Hare {EV+8}
156383 | Zig:26   | Identified the +10 quarterstaff of the Freezing Oracle
                  | {vorpal, Str+4}
156401 | Zig:26   | Identified the ring "Rubojip" {rElec rC- rN+ EV+4 Str+3}
156446 | Zig:26   | Identified the +9 trident of Offence {freeze, +Blink rN+
                  | Str+4 SInv}
156447 | Zig:26   | Identified the +7 long sword of Abomination {protect, rPois
                  | Dex+4}
156449 | Zig:26   | Identified the +10 morningstar of Dismemberment {flame, rF+
                  | rN+ Stlth+}
156468 | Zig:26   | Identified the +5 spear of the Sugar Beet {vorpal, rF+
                  | Str-5 Int+10}
156530 | Zig:27   | Entered Level 27 of a ziggurat
156575 | Zig:27   | Paralysed by accursed screaming for 2 turns
156584 | Zig:27   | Reached skill level 27 in Evocations
156586 | Zig:27   | Reached skill level 5 in Invocations
156593 | Zig:27   | Reached skill level 10 in Invocations
156772 | Zig:27   | Identified the ring "Jehes" {MP+9 Str+4 Dex+4}
156784 | Zig:27   | Identified the +10 trident of Zin's Fury {spect, rC+ rN+
                  | Dex+3}
156790 | Zig:27   | Identified the +4 morningstar "Kushuent" {venom, *Slow
                  | rCorr Str+8}
156872 | Zig:1    | Entered Level 1 of a ziggurat
156983 | Zig:2    | Entered Level 2 of a ziggurat
156983 | Zig:2    | Noticed an ancient lich
156990 | Zig:2    | Killed an ancient lich
157063 | Zig:3    | Entered Level 3 of a ziggurat
157109 | Zig:4    | Entered Level 4 of a ziggurat
157114 | Zig:4    | Reached skill level 15 in Invocations
157157 | Zig:5    | Entered Level 5 of a ziggurat
157160 | Zig:5    | Paralysed by a wendigo for 1 turns
157162 | Zig:5    | Noticed a dread lich
157164 | Zig:5    | Killed a dread lich
157261 | Zig:6    | Entered Level 6 of a ziggurat
157263 | Zig:6    | Noticed an ancient lich
157263 | Zig:6    | Noticed an ancient lich
157264 | Zig:6    | Noticed an ancient lich
157264 | Zig:6    | Noticed an ancient lich
157265 | Zig:6    | Killed an ancient lich
157265 | Zig:6    | Killed an ancient lich
157265 | Zig:6    | Killed an ancient lich
157265 | Zig:6    | Noticed an ancient lich
157266 | Zig:6    | Killed an ancient lich
157267 | Zig:6    | Killed an ancient lich
157289 | Zig:6    | Identified the +1 chain mail of the World {-Cast *Corrode
                  | rF+ Str+6}
157355 | Zig:7    | Entered Level 7 of a ziggurat
157378 | Zig:7    | Identified the ring of the Death Scarab {rPois SInv Stlth+}
157444 | Zig:8    | Entered Level 8 of a ziggurat
157452 | Zig:8    | Noticed an ancient lich
157454 | Zig:8    | Killed an ancient lich
157456 | Zig:8    | Noticed a dread lich
157457 | Zig:8    | Killed a dread lich
157482 | Zig:8    | Identified the +2 robe of Love and Death {*Slow Int+6}
157484 | Zig:8    | Identified the +8 broad axe of Makhleb's Regard {vorpal,
                  | *Noise Int+5}
157510 | Zig:9    | Entered Level 9 of a ziggurat
157547 | Zig:9    | Identified the +4 hand axe of Uver {drain, Str+4 Int+4
                  | Dex+3 Stlth-}
157552 | Zig:9    | Identified the ring of Eschuen {Dex+6 Slay-5 SInv}
157580 | Zig:10   | Entered Level 10 of a ziggurat
157637 | Zig:10   | Identified the +0 scale mail "Sull" {+Inv rF+ Regen+ Str+3}
157638 | Zig:10   | Identified the ring of Ynoaref {*Slow Fly rPois rC+ rCorr}
157647 | Zig:10   | Identified the amulet of Estoafod {Spirit Harm Rampage
                  | *Corrode +Blink}
157678 | Zig:10   | Identified the +3 falchion of Watchfulness {vorpal, Will-
                  | Str+10 Int+2}
157704 | Zig:11   | Entered Level 11 of a ziggurat
157718 | Zig:11   | Reached skill level 27 in Long Blades
157772 | Zig:11   | Identified the +10 war axe of Upheaval {drain, rPois SInv}
157782 | Zig:11   | Identified the +4 quarterstaff of the Warrior {freeze,
                  | rPois rC+ Str+3 Stlth-}
157812 | Zig:12   | Entered Level 12 of a ziggurat
157826 | Zig:12   | Reached skill level 27 in Invocations
157830 | Zig:12   | Reached skill level 10 in Stealth
157886 | Zig:12   | Identified the ring "Mimem" {Fire *Corrode Int+4 Slay+3
                  | SInv}
157894 | Zig:12   | Identified the ring of Juleogo {rC+ Will+ Str+4 Dex-2}
157921 | Zig:12   | Identified the +7 scythe "Kuice" {drain, rElec}
157923 | Zig:12   | Identified the +1 robe of the Dragon {rF+ Regen+ Dex+6}
157924 | Zig:12   | Identified the +11 hunting sling of Linearity {venom,
                  | *Corrode +Blink rElec Will-}
157956 | Zig:13   | Entered Level 13 of a ziggurat
158055 | Zig:14   | Entered Level 14 of a ziggurat
158069 | Zig:14   | Reached skill level 15 in Stealth
158202 | Zig:14   | Identified the +6 triple sword of Trauma {holy, rF- rCorr
                  | SInv}
158272 | Zig:15   | Entered Level 15 of a ziggurat
158280 | Zig:15   | Noticed an ancient lich
158284 | Zig:15   | Killed an ancient lich
158287 | Zig:15   | Noticed an ancient lich
158288 | Zig:15   | Noticed an ancient lich
158288 | Zig:15   | Noticed an ancient lich
158289 | Zig:15   | Killed an ancient lich
158289 | Zig:15   | Killed an ancient lich
158290 | Zig:15   | Killed an ancient lich
158414 | Zig:15   | Identified the ring "Moteaj" {Int+4 Slay+4}
158433 | Zig:15   | Identified the +7 hunting sling "Jet Leg" {venom, rN+}
158441 | Zig:15   | Acquired 1097 gold pieces
158466 | Zig:16   | Entered Level 16 of a ziggurat
158521 | Zig:16   | Identified the +4 ring mail of Snakes and Ladders {Will+
                  | Str-3 Dex+5}
158522 | Zig:16   | Identified the ring "Xovohog" {Fire Str+2 Int+2}
158524 | Zig:16   | Identified the ring "Iraf" {Will+ rCorr Int+2 Dex+6}
158662 | Zig:16   | Identified the +6 scale mail of Dolagh {SInv}
158663 | Zig:16   | Identified the +1 helmet of the Crushed Runes {+Blink Fly
                  | Will+ Stlth+}
158668 | Zig:16   | Identified the +1 plate armour of Ukycauf {rPois Str+8
                  | Int-3 Dex-3}
158693 | Zig:17   | Entered Level 17 of a ziggurat
158726 | Zig:17   | Found the ring of Shadows {Umbra +Inv Stlth+}
158788 | Zig:17   | Identified the +7 dagger of Wiaczi {flame, Dex+3}
158789 | Zig:17   | Identified the +0 scimitar of Accord {vorpal, Int+4 Stlth-}
158791 | Zig:17   | Identified the +1 ring mail of Subjectivity {Drain rF++
                  | Dex+2}
158797 | Zig:17   | Identified the +1 ring mail "Karato" {rF+}
158823 | Zig:18   | Entered Level 18 of a ziggurat
158832 | Zig:18   | Noticed a royal mummy
158832 | Zig:18   | Noticed a royal mummy
158832 | Zig:18   | Noticed a royal mummy
158832 | Zig:18   | Noticed a royal mummy
158833 | Zig:18   | Noticed a royal mummy
158834 | Zig:18   | Killed a royal mummy
158834 | Zig:18   | Killed a royal mummy
158834 | Zig:18   | Killed a royal mummy
158834 | Zig:18   | Noticed a royal mummy
158834 | Zig:18   | Noticed a royal mummy
158835 | Zig:18   | Killed a royal mummy
158835 | Zig:18   | Killed a royal mummy
158835 | Zig:18   | Noticed a royal mummy
158835 | Zig:18   | Noticed a royal mummy
158835 | Zig:18   | Noticed a royal mummy
158835 | Zig:18   | Noticed a royal mummy
158836 | Zig:18   | Killed a royal mummy
158836 | Zig:18   | Killed a royal mummy
158837 | Zig:18   | Killed a royal mummy
158837 | Zig:18   | Killed a royal mummy
158837 | Zig:18   | Killed a royal mummy
158837 | Zig:18   | Noticed a royal mummy
158838 | Zig:18   | Killed a royal mummy
158839 | Zig:18   | Killed a royal mummy
158839 | Zig:18   | Noticed a royal mummy
158840 | Zig:18   | Noticed a royal mummy
158840 | Zig:18   | Noticed a royal mummy
158841 | Zig:18   | Killed a royal mummy
158841 | Zig:18   | Noticed a royal mummy
158842 | Zig:18   | Killed a royal mummy
158842 | Zig:18   | Noticed a royal mummy
158843 | Zig:18   | Killed a royal mummy
158844 | Zig:18   | Reached skill level 27 in Stealth
158844 | Zig:18   | Reached skill level 1 in Short Blades
158844 | Zig:18   | Reached skill level 1 in Unarmed Combat
158844 | Zig:18   | Killed a royal mummy
158844 | Zig:18   | Noticed a royal mummy
158844 | Zig:18   | Noticed a royal mummy
158844 | Zig:18   | Noticed a royal mummy
158846 | Zig:18   | Killed a royal mummy
158846 | Zig:18   | Killed a royal mummy
158847 | Zig:18   | Killed a royal mummy
158847 | Zig:18   | Killed a royal mummy
158848 | Zig:18   | Reached skill level 5 in Short Blades
158848 | Zig:18   | Reached skill level 5 in Unarmed Combat
158848 | Zig:18   | Noticed a royal mummy
158849 | Zig:18   | Killed a royal mummy
158849 | Zig:18   | Noticed a royal mummy
158851 | Zig:18   | Noticed a royal mummy
158851 | Zig:18   | Killed a royal mummy
158853 | Zig:18   | Killed a royal mummy
158886 | Zig:18   | Found the +3 Elemental Staff {rElec rF++ rC++ AC+5}
158902 | Zig:18   | Identified the +9 morningstar "Ipris" {freeze, Fly}
158904 | Zig:18   | Identified the +3 glaive of the Big Bang {drain, Will+
                  | Int+3 SInv}
158917 | Zig:18   | Identified the +11 hand crossbow of the Sun {penet, rN+
                  | Str+6 Int+4}
158940 | Zig:19   | Entered Level 19 of a ziggurat
158946 | Zig:19   | Noticed Ynishide the pandemonium lord
158953 | Zig:19   | Noticed Gionn the pandemonium lord
158954 | Zig:19   | Noticed Eckieriu the pandemonium lord
158958 | Zig:19   | Noticed Qaghoworui the pandemonium lord
158959 | Zig:19   | Reached skill level 5 in Staves
158960 | Zig:19   | Noticed Usmaxayt the pandemonium lord
158962 | Zig:19   | Noticed Uklatuisk the pandemonium lord
158963 | Zig:19   | Noticed Isixamusua the pandemonium lord
158963 | Zig:19   | Noticed Nebi the pandemonium lord
158964 | Zig:19   | Noticed Dalopo the pandemonium lord
158964 | Zig:19   | Killed Qaghoworui the pandemonium lord
158964 | Zig:19   | Noticed Ylon the pandemonium lord
158965 | Zig:19   | Noticed Oteapigg the pandemonium lord
158966 | Zig:19   | Killed Usmaxayt the pandemonium lord
158966 | Zig:19   | Killed Oteapigg the pandemonium lord
158967 | Zig:19   | Killed Ynishide the pandemonium lord
158967 | Zig:19   | Killed Dalopo the pandemonium lord
158968 | Zig:19   | Noticed Yfesm the pandemonium lord
158968 | Zig:19   | Killed Nebi the pandemonium lord
158968 | Zig:19   | Killed Eckieriu the pandemonium lord
158968 | Zig:19   | Killed Uklatuisk the pandemonium lord
158969 | Zig:19   | Noticed Binn the pandemonium lord
158969 | Zig:19   | Noticed Nuve the pandemonium lord
158970 | Zig:19   | Killed Ylon the pandemonium lord
158970 | Zig:19   | Killed Nuve the pandemonium lord
158971 | Zig:19   | Reached skill level 10 in Staves
158971 | Zig:19   | Noticed Ecaj the pandemonium lord
158972 | Zig:19   | Killed Gionn the pandemonium lord
158973 | Zig:19   | Killed Yfesm the pandemonium lord
158973 | Zig:19   | Noticed Sasent the pandemonium lord
158974 | Zig:19   | Killed Binn the pandemonium lord
158974 | Zig:19   | Killed Ecaj the pandemonium lord
158974 | Zig:19   | Killed Isixamusua the pandemonium lord
158974 | Zig:19   | Noticed Mirghairarr the pandemonium lord
158976 | Zig:19   | Killed Sasent the pandemonium lord
158976 | Zig:19   | Noticed Hikoh the pandemonium lord
158977 | Zig:19   | Noticed Cirany the pandemonium lord
158979 | Zig:19   | Killed Mirghairarr the pandemonium lord
158979 | Zig:19   | Killed Hikoh the pandemonium lord
158980 | Zig:19   | Noticed Amuch the pandemonium lord
158980 | Zig:19   | Noticed Biumiz the pandemonium lord
158981 | Zig:19   | Noticed Suimuku the pandemonium lord
158982 | Zig:19   | Killed Ixedd the pandemonium lord
158982 | Zig:19   | Noticed Saoza the pandemonium lord
158983 | Zig:19   | Killed Cirany the pandemonium lord
158983 | Zig:19   | Killed Amuch the pandemonium lord
158983 | Zig:19   | Killed Saoza the pandemonium lord
158983 | Zig:19   | Noticed Defierphaqu the pandemonium lord
158984 | Zig:19   | Killed Biumiz the pandemonium lord
158985 | Zig:19   | Noticed Odoun the pandemonium lord
158985 | Zig:19   | Noticed Gurghad the pandemonium lord
158986 | Zig:19   | Killed Suimuku the pandemonium lord
158987 | Zig:19   | Killed Defierphaqu the pandemonium lord
158987 | Zig:19   | Killed Gurghad the pandemonium lord
158988 | Zig:19   | Noticed Ekol the pandemonium lord
158989 | Zig:19   | Killed Odoun the pandemonium lord
158990 | Zig:19   | Killed Ekol the pandemonium lord
159136 | Zig:19   | Identified the +2 whip of Pueleh {venom, rPois Will+ rCorr
                  | Int+4}
159141 | Zig:19   | Identified the +0 cloak "Zaollu" {Dex+5}
159145 | Zig:19   | Reached skill level 15 in Staves
159167 | Zig:20   | Entered Level 20 of a ziggurat
159171 | Zig:20   | Noticed a dread lich
159181 | Zig:20   | Killed a dread lich
159412 | Zig:20   | Identified the ring of Fun {Fly rElec}
159438 | Zig:20   | Identified the +0 leather armour of Spring {Dex+5}
159466 | Zig:21   | Entered Level 21 of a ziggurat
159606 | Zig:21   | Identified the amulet "Wasuety" {Acrobat Harm}
159608 | Zig:21   | Identified the +10 dagger "Fosuar" {venom, Str+2}
159665 | Zig:21   | Identified the +1 chain mail of Demons {+Inv}
159671 | Zig:21   | Identified the +3 ring mail "Recliodo" {rF+ rC+ Will+
                  | Str+2}
159672 | Zig:21   | Identified the +7 morningstar of Valiance {protect, Drain
                  | *Slow rF+++ rC++}
159711 | Zig:22   | Entered Level 22 of a ziggurat
159725 | Zig:22   | Noticed a juggernaut
159726 | Zig:22   | Killed a juggernaut
159735 | Zig:22   | Noticed a juggernaut
159735 | Zig:22   | Noticed a juggernaut
159736 | Zig:22   | Noticed a juggernaut
159737 | Zig:22   | Killed a juggernaut
159737 | Zig:22   | Killed a juggernaut
159737 | Zig:22   | Killed a juggernaut
159737 | Zig:22   | Noticed a juggernaut
159740 | Zig:22   | Killed a juggernaut
159740 | Zig:22   | Noticed a juggernaut
159744 | Zig:22   | Killed a juggernaut
159751 | Zig:22   | Found the +8 whip "Snakebite" {venom, curare, rPois}
159959 | Zig:22   | Identified the +6 shortbow of the Gnat {freeze, rC+ rN+
                  | Will- rCorr}
159963 | Zig:22   | Identified the ring "Huluxyh" {rC+ rN++ rCorr SInv}
160001 | Zig:22   | Identified the +2 glaive "Wajylan" {vorpal, MP+9 Str-4
                  | Dex+2 SInv}
160003 | Zig:22   | Identified the +11 short sword of Waskaco {venom, rPois
                  | Will++ rCorr MP-9}
160004 | Zig:22   | Identified the +1 leather armour of Indomitability {rC+}
160005 | Zig:22   | Identified the +8 glaive of Doubt {elec, rF- rC+ Str+2}
160009 | Zig:22   | Identified the +9 great sword of Duty {flame, Contam Fly
                  | Dex+3 SInv}
160035 | Zig:23   | Entered Level 23 of a ziggurat
160048 | Zig:23   | Reached skill level 27 in Staves
160049 | Zig:23   | Reached skill level 1 in Polearms
160049 | Zig:23   | Reached skill level 1 in Slings
160049 | Zig:23   | Reached skill level 1 in Bows
160049 | Zig:23   | Reached skill level 1 in Crossbows
160049 | Zig:23   | Reached skill level 1 in Hexes
160049 | Zig:23   | Reached skill level 1 in Poison Magic
160051 | Zig:23   | Reached skill level 1 in Maces & Flails
160063 | Zig:23   | Reached skill level 10 in Unarmed Combat
160066 | Zig:23   | Reached skill level 5 in Hexes
160066 | Zig:23   | Reached skill level 5 in Poison Magic
160070 | Zig:23   | Reached skill level 5 in Slings
160070 | Zig:23   | Reached skill level 5 in Bows
160070 | Zig:23   | Reached skill level 5 in Crossbows
160078 | Zig:23   | Found the ring of the Tortoise {AC+8}
160171 | Zig:23   | Identified the +5 broad axe "Penyph" {vorpal, rPois Dex+6}
160181 | Zig:23   | Identified the +3 hunting sling "Inazxagg" {freeze, rElec
                  | rC+ Int+4}
160182 | Zig:23   | Identified the ring of Xom's Wantonness {rPois rF+ rC+
                  | Str-3}
160243 | Zig:23   | Identified the +0 ring mail of the Camelopard {+Inv rC+
                  | Will+++ Str-4}
160251 | Zig:23   | Identified the +7 spear of the Inferno {freeze, rC+ Dex-4
                  | Stlth+}
160265 | Zig:23   | Identified the +0 leather armour of Noemoghu {Str+2}
160271 | Zig:23   | Identified the +5 plate armour of the Seven of Wands {rElec
                  | Will- Int+8 Dex+8}
160272 | Zig:23   | Identified the +1 robe of Panentheism {rPois rCorr Stlth+}
160281 | Zig:23   | Reached skill level 5 in Air Magic
160302 | Zig:24   | Entered Level 24 of a ziggurat
160318 | Zig:24   | Reached skill level 10 in Short Blades
160329 | Zig:24   | Reached skill level 5 in Maces & Flails
160329 | Zig:24   | Reached skill level 5 in Polearms
160538 | Zig:24   | Identified the ring of Jogour {rPois rC- AC+4 Int+2}
160545 | Zig:24   | Identified the +4 rapier "Buneali" {flame, rCorr}
160564 | Zig:24   | Identified the +4 mace of Truth {vorpal, Int+2}
160617 | Zig:24   | Identified the +8 ring mail of Nemelex Xobeh's Grace {rPois
                  | Will++ Str+9 Dex-4}
160630 | Zig:24   | Identified the +0 cloak of Enwi {Str+4}
160638 | Zig:24   | Identified the +4 shortbow "Vutt" {venom, rPois rCorr
                  | Str+2}
160663 | Zig:25   | Entered Level 25 of a ziggurat
160692 | Zig:25   | Reached skill level 10 in Hexes
160692 | Zig:25   | Reached skill level 10 in Poison Magic
160710 | Zig:25   | Found the +7 captain's cutlass {speed, disarm}
160712 | Zig:25   | Found the -2 hat of the Alchemist {rElec rPois rF+ rC+ rN+
                  | Will+ rMut rCorr}
160775 | Zig:25   | Identified the ring of Ileof {rN+ Dex+6}
160817 | Zig:25   | Identified the +10 plate armour "Bouc" {Slay+3}
160818 | Zig:25   | Identified the amulet "Goaxin" {Reflect rF+ Str-2 Dex+3
                  | SH+5 Stlth+}
160827 | Zig:25   | Identified the +9 mace "Lecs" {elec, Dex+3}
160971 | Zig:25   | Identified the +9 great sword of Hacking and Slashing
                  | {venom, SInv}
160972 | Zig:25   | Identified the +10 spear "Qoucwet" {spect, rN+ Str+3}
160980 | Zig:25   | Identified the +7 flail "Duwnu" {flame, rF+ Str+2}
160987 | Zig:25   | Reached skill level 10 in Slings
160987 | Zig:25   | Reached skill level 10 in Bows
160987 | Zig:25   | Reached skill level 10 in Crossbows
160991 | Zig:25   | Identified the +6 hand axe "Oluqiahi" {drain, rC+ Dex-3
                  | Stlth+}
161023 | Zig:26   | Entered Level 26 of a ziggurat
161121 | Zig:26   | Identified the amulet of Relativism {RegenMP rC+}
161123 | Zig:26   | Identified the ring of Keokad {rF+ rC+ Str-2 Int+8 Dex+6}
161127 | Zig:26   | Identified the +1 chain mail of Nihilism {rElec rN+ MP+9}
161239 | Zig:26   | Identified the +0 steam dragon scales of Caustic Liberty
                  | {Fly rElec rPois Dex+5 Slay-4}
161244 | Zig:26   | Identified the +12 flail of the Thing {vorpal, Contam rF+++
                  | Int+7 Dex-2}
161246 | Zig:26   | Identified the +0 plate armour "Qocerolu" {+Inv rPois}
161274 | Zig:27   | Entered Level 27 of a ziggurat
161304 | Zig:27   | Reached skill level 15 in Short Blades
161310 | Zig:27   | Reached skill level 10 in Air Magic
161331 | Zig:27   | Reached skill level 15 in Poison Magic
161397 | Zig:27   | Found the +8 storm bow {elec, penet}
161401 | Zig:27   | Found the amulet of the Air {Inacc Air Fly rElec RMsl}
161428 | Zig:27   | Identified the +0 helmet of Inference {Regen+}
161435 | Zig:27   | Identified the +7 whip "Atoxzim" {vorpal, Fly Will++ rCorr
                  | Stlth-}
161514 | Zig:27   | Reached skill level 10 in Maces & Flails
161514 | Zig:27   | Reached skill level 10 in Polearms
161516 | Zig:27   | Acquired 653 gold pieces
162000 | Zig:1    | Entered Level 1 of a ziggurat
162023 | Zig:1    | Acquired the ring of the Greedy {Fly MP+9 Int+4 Stlth+}
162048 | Zig:2    | Entered Level 2 of a ziggurat
162096 | Zig:3    | Entered Level 3 of a ziggurat
162097 | Zig:3    | Noticed an ancient lich
162099 | Zig:3    | Noticed a dread lich
162100 | Zig:3    | Killed an ancient lich
162100 | Zig:3    | Killed a dread lich
162149 | Zig:4    | Entered Level 4 of a ziggurat
162177 | Zig:4    | Identified the +1 robe "Voghaghu" {Harm Rampage Str+3}
162243 | Zig:5    | Entered Level 5 of a ziggurat
162323 | Zig:6    | Entered Level 6 of a ziggurat
162325 | Zig:6    | Noticed a royal mummy
162326 | Zig:6    | Noticed a royal mummy
162327 | Zig:6    | Killed a royal mummy
162328 | Zig:6    | Killed a royal mummy
162331 | Zig:6    | Noticed a royal mummy
162333 | Zig:6    | Killed a royal mummy
162335 | Zig:6    | Noticed a royal mummy
162336 | Zig:6    | Reached skill level 15 in Slings
162338 | Zig:6    | Killed a royal mummy
162348 | Zig:6    | Identified the +8 lajatang "Xeicuig" {drain, rElec rPois
                  | rC++ Dex-5}
162357 | Zig:6    | Identified the +5 quarterstaff of Poqudofu {speed, rC++
                  | Will+}
162417 | Zig:7    | Entered Level 7 of a ziggurat
162417 | Zig:7    | Noticed a juggernaut
162420 | Zig:7    | Reached skill level 15 in Crossbows
162420 | Zig:7    | Noticed a juggernaut
162421 | Zig:7    | Killed a juggernaut
162421 | Zig:7    | Noticed a juggernaut
162424 | Zig:7    | Killed a juggernaut
162425 | Zig:7    | Killed a juggernaut
162488 | Zig:7    | Identified the ring of New Discoveries {rElec Str-2 Dex+6
                  | Stlth+}
162551 | Zig:8    | Entered Level 8 of a ziggurat
162554 | Zig:8    | Noticed an ancient lich
162554 | Zig:8    | Noticed an ancient lich
162556 | Zig:8    | Killed an ancient lich
162561 | Zig:8    | Killed an ancient lich
162562 | Zig:8    | Reached skill level 15 in Unarmed Combat
162605 | Zig:8    | Identified the amulet of the Clam {Faith rF+ Str+2 Dex-5}
162641 | Zig:8    | Reached skill level 15 in Hexes
162664 | Zig:9    | Entered Level 9 of a ziggurat
162695 | Zig:9    | Identified the +6 hand axe of Tension {flame, Str-3 Int+3
                  | Dex+4}
162763 | Zig:10   | Entered Level 10 of a ziggurat
162823 | Zig:10   | Identified the amulet "Feuseut" {Faith rC+ SInv}
162827 | Zig:10   | Identified the ring of Laetiuf {Will+ Int+4}
162832 | Zig:10   | Identified the ring "Mumnileq" {rF+ EV+4 Str+3}
162877 | Zig:11   | Entered Level 11 of a ziggurat
162878 | Zig:11   | Noticed a juggernaut
162878 | Zig:11   | Noticed a juggernaut
162879 | Zig:11   | Noticed a juggernaut
162879 | Zig:11   | Noticed a juggernaut
162883 | Zig:11   | Killed a juggernaut
162883 | Zig:11   | Killed a juggernaut
162884 | Zig:11   | Noticed a juggernaut
162885 | Zig:11   | Killed a juggernaut
162885 | Zig:11   | Killed a juggernaut
162885 | Zig:11   | Noticed a juggernaut
162888 | Zig:11   | Killed a juggernaut
162888 | Zig:11   | Killed a juggernaut
162888 | Zig:11   | Noticed a juggernaut
162892 | Zig:11   | Killed a juggernaut
162896 | Zig:11   | Found the +2 hat of the Bear Spirit {Spirit, *Rage Will++}
162975 | Zig:11   | Identified the +10 chain mail of the Nexus {-Tele Dex+5}
162976 | Zig:11   | Identified the +7 shortbow of Geeh {venom, Str+3 Dex+4}
163034 | Zig:11   | Identified the +6 scythe of Edwaump {venom, rF+ Str+4 SInv}
163070 | Zig:12   | Entered Level 12 of a ziggurat
163079 | Zig:12   | Reached skill level 15 in Bows
163158 | Zig:12   | Identified the +0 pair of boots of Xidueg {rPois rC+ rN+
                  | SInv}
163171 | Zig:12   | Identified the +5 shortbow of Dageirr {vorpal, rC+}
163195 | Zig:13   | Entered Level 13 of a ziggurat
163284 | Zig:13   | Identified the +9 crystal plate armour of Nogaas {MP+9
                  | Dex+6}
163288 | Zig:13   | Identified the +6 scale mail of Disaster {Rampage Regen+}
163314 | Zig:14   | Entered Level 14 of a ziggurat
163317 | Zig:14   | Noticed a juggernaut
163317 | Zig:14   | Noticed a juggernaut
163317 | Zig:14   | Noticed a juggernaut
163319 | Zig:14   | Noticed a juggernaut
163320 | Zig:14   | Killed a juggernaut
163320 | Zig:14   | Killed a juggernaut
163320 | Zig:14   | Noticed a juggernaut
163321 | Zig:14   | Noticed a juggernaut
163322 | Zig:14   | Killed a juggernaut
163323 | Zig:14   | Noticed a juggernaut
163324 | Zig:14   | Killed a juggernaut
163325 | Zig:14   | Killed a juggernaut
163325 | Zig:14   | Killed a juggernaut
163327 | Zig:14   | Noticed a juggernaut
163328 | Zig:14   | Killed a juggernaut
163333 | Zig:14   | Killed a juggernaut
163334 | Zig:14   | Found the +8 mithril axe "Arga" {speed, Will+}
163380 | Zig:14   | Found the +7 great mace "Undeadhunter" {disrupt, rN+}
163431 | Zig:14   | Identified the +8 flail "Seacwow" {freeze, +Blink}
163437 | Zig:14   | Identified the +11 short sword of the Penguin {protect,
                  | Fragile rF+ Int+4}
163439 | Zig:14   | Identified the +8 broad axe of Iconoclasm {speed, Drain
                  | rElec rN+ SInv}
163460 | Zig:15   | Entered Level 15 of a ziggurat
163495 | Zig:15   | Identified the ring "Ugukoz" {rPois Will+ SInv}
163505 | Zig:15   | Identified the +4 spear of Duty {venom, Will++}
163516 | Zig:15   | Identified the +2 leather armour of an ossuary {Contam
                  | Regen+ rCorr Dex+6}
163518 | Zig:15   | Identified the +6 eveningstar "Ameown" {elec, rElec Int+4}
163545 | Zig:16   | Entered Level 16 of a ziggurat
163552 | Zig:16   | Paralysed by a floating eye for 4 turns
163586 | Zig:16   | Identified the ring of Edutex {Will+ Int+5}
163600 | Zig:16   | Identified the +1 robe "Kigeusha" {rN+ Str-2 Stlth+}
163625 | Zig:17   | Entered Level 17 of a ziggurat
163628 | Zig:17   | Noticed Titzif the pandemonium lord
163628 | Zig:17   | Noticed Luwuimaoga the pandemonium lord
163629 | Zig:17   | Noticed Erekhomeum the pandemonium lord
163634 | Zig:17   | Noticed Susoapti the pandemonium lord
163637 | Zig:17   | Killed Susoapti the pandemonium lord
163640 | Zig:17   | Noticed Ufeyria the pandemonium lord
163642 | Zig:17   | Noticed Berrokk the pandemonium lord
163643 | Zig:17   | Noticed Moeffagh the pandemonium lord
163644 | Zig:17   | Killed Erekhomeum the pandemonium lord
163644 | Zig:17   | Noticed Upnuegg the pandemonium lord
163645 | Zig:17   | Noticed Zizily the pandemonium lord
163645 | Zig:17   | Noticed Awallor the pandemonium lord
163647 | Zig:17   | Noticed Nifaemel the pandemonium lord
163648 | Zig:17   | Killed Berrokk the pandemonium lord
163648 | Zig:17   | Killed Upnuegg the pandemonium lord
163648 | Zig:17   | Killed Ufeyria the pandemonium lord
163648 | Zig:17   | Noticed Biuliur the pandemonium lord
163649 | Zig:17   | Reached skill level 15 in Air Magic
163650 | Zig:17   | Killed Luwuimaoga the pandemonium lord
163650 | Zig:17   | Killed Titzif the pandemonium lord
163650 | Zig:17   | Killed Moeffagh the pandemonium lord
163650 | Zig:17   | Noticed Errim the pandemonium lord
163651 | Zig:17   | Killed Nifaemel the pandemonium lord
163651 | Zig:17   | Noticed Fefudar the pandemonium lord
163654 | Zig:17   | Killed Errim the pandemonium lord
163654 | Zig:17   | Killed Awallor the pandemonium lord
163654 | Zig:17   | Killed Biuliur the pandemonium lord
163655 | Zig:17   | Noticed Pounei the pandemonium lord
163655 | Zig:17   | Noticed Yzxuidue the pandemonium lord
163655 | Zig:17   | Killed Zizily the pandemonium lord
163655 | Zig:17   | Noticed Noshyff the pandemonium lord
163656 | Zig:17   | Noticed Athraupi the pandemonium lord
163656 | Zig:17   | Killed Fefudar the pandemonium lord
163656 | Zig:17   | Killed Pounei the pandemonium lord
163656 | Zig:17   | Killed Yzxuidue the pandemonium lord
163656 | Zig:17   | Noticed Idoer the pandemonium lord
163657 | Zig:17   | Killed Noshyff the pandemonium lord
163657 | Zig:17   | Noticed Ohysaekh the pandemonium lord
163657 | Zig:17   | Noticed Luofiekhud the pandemonium lord
163658 | Zig:17   | Killed Athraupi the pandemonium lord
163658 | Zig:17   | Noticed a juggernaut
163659 | Zig:17   | Noticed Mugetis the pandemonium lord
163659 | Zig:17   | Noticed Neppod the pandemonium lord
163661 | Zig:17   | Killed Ohysaekh the pandemonium lord
163661 | Zig:17   | Killed Luofiekhud the pandemonium lord
163662 | Zig:17   | Killed a juggernaut
163662 | Zig:17   | Noticed Cuckeceo the pandemonium lord
163663 | Zig:17   | Killed Mugetis the pandemonium lord
163664 | Zig:17   | Killed Neppod the pandemonium lord
163664 | Zig:17   | Noticed Xuwkuwio the pandemonium lord
163665 | Zig:17   | Killed Cuckeceo the pandemonium lord
163668 | Zig:17   | Killed Xuwkuwio the pandemonium lord
163669 | Zig:17   | Killed Idoer the pandemonium lord
163677 | Zig:17   | Found the +7 mace of Variability {chain chaos}
163789 | Zig:17   | Identified the +1 great sword of Guile {antimagic, rF+
                  | Str+4}
163795 | Zig:17   | Identified the +10 glaive of the Thirsty Servitors {pain,
                  | Str+4 Int+2 Stlth+}
163806 | Zig:17   | Acquired 916 gold pieces
163828 | Zig:18   | Entered Level 18 of a ziggurat
163832 | Zig:18   | Reached skill level 15 in Maces & Flails
163832 | Zig:18   | Reached skill level 15 in Polearms
163862 | Zig:18   | Found the +9 staff of Wucad Mu {*channel}
163976 | Zig:18   | Identified the +9 hand crossbow of Tavueh {penet, rElec
                  | rF+}
163979 | Zig:18   | Identified the +3 chain mail of the Three Friends {MP+9}
163980 | Zig:18   | Identified the +12 long sword of Sesiuhe {freeze, rElec}
163982 | Zig:18   | Identified the +1 war axe of Uriblah {antimagic, Drain
                  | Str+4 SInv}
163983 | Zig:18   | Identified the +7 war axe "Guag" {speed, Contam rPois rF+
                  | SInv}
164018 | Zig:19   | Entered Level 19 of a ziggurat
164035 | Zig:19   | Paralysed by an air elemental for 1 turns
164038 | Zig:19   | Found the +5 sword of Power {vorpal}
164114 | Zig:19   | Identified the ring of Psychosis {*Corrode MP+9 Str+6}
164116 | Zig:19   | Identified the ring of Qaatusus {*Corrode rF+ Str+9 Int+4
                  | SInv}
164122 | Zig:19   | Identified the ring "Zysarih" {rC+ rCorr Str-3 Dex+4}
164132 | Zig:19   | Identified the +2 short sword "Toppijas" {antimagic, Will+}
164138 | Zig:19   | Identified the +6 broad axe "Maontim" {venom, rElec Dex+4}
164187 | Zig:19   | Identified the +1 ring mail "Jecej" {+Inv rC+}
164188 | Zig:19   | Identified the amulet of Ingaogg {RegenMP rCorr Int+2}
164239 | Zig:20   | Entered Level 20 of a ziggurat
164263 | Zig:20   | Found the ring of the Octopus King
164266 | Zig:20   | Found the +8 longbow "Zephyr" {speed, Dex+3 SInv}
164281 | Zig:20   | Identified a ring of the Octopus King {rN+ AC+1 EV+1 Str+1
                  | Int+1 Dex+1}
164299 | Zig:20   | Identified the ring of Descent {Fire rElec}
164306 | Zig:20   | Identified the +7 flail of Ving {antimagic, Will+ SInv}
164313 | Zig:20   | Identified the ring "Zuac" {Fly Str+2}
164344 | Zig:20   | Identified the +7 short sword of the Eight Leylines
                  | {vorpal, *Noise Int+5 Dex+4}
164350 | Zig:20   | Identified the +1 leather armour "Lagunk" {rPois Int+4}
164357 | Zig:20   | Identified the +2 pair of boots of Indecent Exposure
                  | {Int+4}
164388 | Zig:21   | Entered Level 21 of a ziggurat
164428 | Zig:21   | Found the ring of the Octopus King
164585 | Zig:21   | Found the +9 heavy crossbow "Sniper" {vorpal, Acc+∞ SInv}
164596 | Zig:21   | Identified a ring of the Octopus King {rC+ AC+1 EV+1 Str+1
                  | Int+1 Dex+1}
164635 | Zig:21   | Identified the +9 broad axe of Twilight {freeze, rF+ Will+
                  | Dex+2}
164641 | Zig:21   | Identified the +2 glaive of Bile {flame, Str+2}
164668 | Zig:22   | Entered Level 22 of a ziggurat
164700 | Zig:22   | Found the +8 lance "Wyrmbane" {slay drac, rPois rF+ rC+
                  | AC+3}
164813 | Zig:22   | Identified the +2 pair of gloves of the Hall of Blades
                  | {Rampage}
164817 | Zig:22   | Identified the +3 ring mail of the Saviour {Rampage Fly
                  | rElec rF-}
164847 | Zig:23   | Entered Level 23 of a ziggurat
164851 | Zig:23   | Noticed Zeneshe the pandemonium lord
164851 | Zig:23   | Noticed Ahotela the pandemonium lord
164852 | Zig:23   | Noticed Jeapt the pandemonium lord
164854 | Zig:23   | Noticed Igood the pandemonium lord
164854 | Zig:23   | Noticed Utsaom the pandemonium lord
164855 | Zig:23   | Noticed Bysuith the pandemonium lord
164855 | Zig:23   | Noticed Koluofots the pandemonium lord
164858 | Zig:23   | Noticed Oteac the pandemonium lord
164860 | Zig:23   | Killed Jeapt the pandemonium lord
164861 | Zig:23   | Noticed Sitophiav the pandemonium lord
164861 | Zig:23   | Noticed Notey the pandemonium lord
164861 | Zig:23   | Noticed Fiamiok the pandemonium lord
164861 | Zig:23   | Noticed Ireiwkov the pandemonium lord
164861 | Zig:23   | Noticed Xuotuut the pandemonium lord
164862 | Zig:23   | Killed Igood the pandemonium lord
164862 | Zig:23   | Killed Zeneshe the pandemonium lord
164863 | Zig:23   | Killed Ahotela the pandemonium lord
164863 | Zig:23   | Noticed Puamuar the pandemonium lord
164863 | Zig:23   | Killed Sitophiav the pandemonium lord
164863 | Zig:23   | Noticed Cemow the pandemonium lord
164863 | Zig:23   | Noticed Niudob the pandemonium lord
164863 | Zig:23   | Noticed Plog the pandemonium lord
164863 | Zig:23   | Noticed Bouh the pandemonium lord
164865 | Zig:23   | Killed Fiamiok the pandemonium lord
164865 | Zig:23   | Killed Xuotuut the pandemonium lord
164865 | Zig:23   | Killed Niudob the pandemonium lord
164865 | Zig:23   | Noticed Liakoimn the pandemonium lord
164866 | Zig:23   | Killed Utsaom the pandemonium lord
164866 | Zig:23   | Noticed Iher the pandemonium lord
164867 | Zig:23   | Killed Bysuith the pandemonium lord
164868 | Zig:23   | Noticed Zelekk the pandemonium lord
164868 | Zig:23   | Noticed Sounumm the pandemonium lord
164868 | Zig:23   | Noticed Dott the pandemonium lord
164868 | Zig:23   | Killed Ireiwkov the pandemonium lord
164868 | Zig:23   | Killed Cemow the pandemonium lord
164868 | Zig:23   | Killed Plog the pandemonium lord
164868 | Zig:23   | Noticed Povoph the pandemonium lord
164868 | Zig:23   | Killed Iher the pandemonium lord
164868 | Zig:23   | Noticed Pifuwnu the pandemonium lord
164869 | Zig:23   | Noticed Hedu the pandemonium lord
164869 | Zig:23   | Noticed Ihaner the pandemonium lord
164869 | Zig:23   | Killed Dott the pandemonium lord
164869 | Zig:23   | Killed Koluofots the pandemonium lord
164869 | Zig:23   | Killed Sounumm the pandemonium lord
164869 | Zig:23   | Killed Notey the pandemonium lord
164869 | Zig:23   | Noticed Igoco the pandemonium lord
164871 | Zig:23   | Noticed Toqidgh the pandemonium lord
164871 | Zig:23   | Killed Puamuar the pandemonium lord
164871 | Zig:23   | Killed Povoph the pandemonium lord
164871 | Zig:23   | Killed Pifuwnu the pandemonium lord
164871 | Zig:23   | Noticed Tipogh the pandemonium lord
164871 | Zig:23   | Noticed Gefieso Wie the pandemonium lord
164872 | Zig:23   | Killed Liakoimn the pandemonium lord
164872 | Zig:23   | Noticed Dunuapn the pandemonium lord
164873 | Zig:23   | Noticed Gomemod the pandemonium lord
164873 | Zig:23   | Noticed Xunnoyjo the pandemonium lord
164873 | Zig:23   | Noticed Keipep the pandemonium lord
164874 | Zig:23   | Killed Zelekk the pandemonium lord
164874 | Zig:23   | Killed Oteac the pandemonium lord
164874 | Zig:23   | Killed Hedu the pandemonium lord
164874 | Zig:23   | Killed Igoco the pandemonium lord
164874 | Zig:23   | Noticed Cojax the pandemonium lord
164874 | Zig:23   | Killed Bouh the pandemonium lord
164874 | Zig:23   | Noticed Wyrefih the pandemonium lord
164875 | Zig:23   | Killed Gefieso Wie the pandemonium lord
164875 | Zig:23   | Noticed Centugg the pandemonium lord
164875 | Zig:23   | Killed Tipogh the pandemonium lord
164875 | Zig:23   | Killed Dunuapn the pandemonium lord
164875 | Zig:23   | Killed Ymuel the pandemonium lord
164876 | Zig:23   | Killed Ihaner the pandemonium lord
164876 | Zig:23   | Killed Cojax the pandemonium lord
164877 | Zig:23   | Killed Wyrefih the pandemonium lord
164877 | Zig:23   | Noticed Umev the pandemonium lord
164877 | Zig:23   | Noticed Wallyby the pandemonium lord
164878 | Zig:23   | Killed Keipep the pandemonium lord
164878 | Zig:23   | Killed Toqidgh the pandemonium lord
164878 | Zig:23   | Killed Xunnoyjo the pandemonium lord
164879 | Zig:23   | Noticed Syduotwi the pandemonium lord
164880 | Zig:23   | Killed Umev the pandemonium lord
164881 | Zig:23   | Noticed Dammi the pandemonium lord
164882 | Zig:23   | Killed Dammi the pandemonium lord
164882 | Zig:23   | Noticed Elidghupp the pandemonium lord
164885 | Zig:23   | Killed Gomemod the pandemonium lord
164885 | Zig:23   | Killed Centugg the pandemonium lord
164885 | Zig:23   | Noticed Leeruxkuq the pandemonium lord
164886 | Zig:23   | Noticed Maones the pandemonium lord
164887 | Zig:23   | Killed Leeruxkuq the pandemonium lord
164887 | Zig:23   | Noticed Xeehyvvyts the pandemonium lord
164888 | Zig:23   | Noticed Ofuz the pandemonium lord
164888 | Zig:23   | Noticed Ethiamosh the pandemonium lord
164888 | Zig:23   | Noticed Dilyjeho the pandemonium lord
164888 | Zig:23   | Noticed Tiasyud the pandemonium lord
164888 | Zig:23   | Killed Dilyjeho the pandemonium lord
164888 | Zig:23   | Killed Ethiamosh the pandemonium lord
164888 | Zig:23   | Killed Wallyby the pandemonium lord
164888 | Zig:23   | Noticed Rones the pandemonium lord
164888 | Zig:23   | Noticed Fiong the pandemonium lord
164889 | Zig:23   | Killed Elidghupp the pandemonium lord
164889 | Zig:23   | Killed Maones the pandemonium lord
164889 | Zig:23   | Killed Syduotwi the pandemonium lord
164890 | Zig:23   | Killed Tiasyud the pandemonium lord
164891 | Zig:23   | Killed Rones the pandemonium lord
164892 | Zig:23   | Killed Xeehyvvyts the pandemonium lord
164895 | Zig:23   | Killed Itiz the pandemonium lord
164896 | Zig:23   | Killed Fiong the pandemonium lord
164896 | Zig:23   | Killed Ofuz the pandemonium lord
164898 | Zig:23   | Noticed Ytruagom the pandemonium lord
164900 | Zig:23   | Noticed Myucuej the pandemonium lord
164902 | Zig:23   | Killed Myucuej the pandemonium lord
164903 | Zig:23   | Killed Ytruagom the pandemonium lord
165016 | Zig:23   | Found the +14 obsidian axe {vorpal, Mesm Drain Fly SInv}
165016 | Zig:23   | Found the +8 glaive of the Guard {elec, spectral, AC+5}
165037 | Zig:23   | Identified the +5 whip of Glory {drain, rN+}
165043 | Zig:23   | Identified the ring "Jegoitz" {rF+ rN+ Int-3 Dex+6 Stlth+}
165062 | Zig:23   | Identified the +5 great sword "Nina" {vamp, Contam rElec
                  | rPois}
165080 | Zig:23   | Identified the +0 scale mail of Cetwaivi {+Inv rPois rC++
                  | Int+3}
165106 | Zig:24   | Entered Level 24 of a ziggurat
165107 | Zig:24   | Noticed a royal mummy
165107 | Zig:24   | Noticed a royal mummy
165108 | Zig:24   | Noticed a royal mummy
165108 | Zig:24   | Noticed a royal mummy
165109 | Zig:24   | Killed a royal mummy
165109 | Zig:24   | Noticed a royal mummy
165109 | Zig:24   | Killed a royal mummy
165110 | Zig:24   | Killed a royal mummy
165110 | Zig:24   | Noticed a royal mummy
165110 | Zig:24   | Noticed a royal mummy
165110 | Zig:24   | Noticed a royal mummy
165110 | Zig:24   | Noticed a royal mummy
165111 | Zig:24   | Killed a royal mummy
165112 | Zig:24   | Noticed a royal mummy
165112 | Zig:24   | Killed a royal mummy
165112 | Zig:24   | Killed a royal mummy
165112 | Zig:24   | Noticed a royal mummy
165112 | Zig:24   | Noticed a royal mummy
165112 | Zig:24   | Killed a royal mummy
165113 | Zig:24   | Killed a royal mummy
165113 | Zig:24   | Killed a royal mummy
165113 | Zig:24   | Noticed a royal mummy
165115 | Zig:24   | Killed a royal mummy
165115 | Zig:24   | Killed a royal mummy
165115 | Zig:24   | Noticed a royal mummy
165116 | Zig:24   | Noticed a royal mummy
165116 | Zig:24   | Killed a royal mummy
165116 | Zig:24   | Noticed a royal mummy
165116 | Zig:24   | Noticed an ancient lich
165116 | Zig:24   | Noticed a royal mummy
165117 | Zig:24   | Killed a royal mummy
165117 | Zig:24   | Killed a royal mummy
165117 | Zig:24   | Killed a royal mummy
165117 | Zig:24   | Noticed a royal mummy
165118 | Zig:24   | Killed an ancient lich
165118 | Zig:24   | Noticed a royal mummy
165118 | Zig:24   | Noticed a royal mummy
165119 | Zig:24   | Killed a royal mummy
165120 | Zig:24   | Killed a royal mummy
165120 | Zig:24   | Killed a royal mummy
165120 | Zig:24   | Killed a royal mummy
165120 | Zig:24   | Noticed a royal mummy
165121 | Zig:24   | Noticed a royal mummy
165121 | Zig:24   | Killed a royal mummy
165122 | Zig:24   | Killed a royal mummy
165122 | Zig:24   | Noticed a royal mummy
165123 | Zig:24   | Killed a royal mummy
165124 | Zig:24   | Killed a royal mummy
165124 | Zig:24   | Noticed a royal mummy
165124 | Zig:24   | Noticed a royal mummy
165124 | Zig:24   | Noticed a royal mummy
165125 | Zig:24   | Noticed a royal mummy
165126 | Zig:24   | Killed a royal mummy
165126 | Zig:24   | Killed a royal mummy
165126 | Zig:24   | Noticed a royal mummy
165126 | Zig:24   | Noticed a royal mummy
165126 | Zig:24   | Noticed a royal mummy
165127 | Zig:24   | Killed a royal mummy
165127 | Zig:24   | Killed a royal mummy
165127 | Zig:24   | Noticed a royal mummy
165127 | Zig:24   | Noticed a royal mummy
165129 | Zig:24   | Killed a royal mummy
165129 | Zig:24   | Killed a royal mummy
165129 | Zig:24   | Killed a royal mummy
165129 | Zig:24   | Killed a royal mummy
165129 | Zig:24   | Killed a royal mummy
165129 | Zig:24   | Noticed a royal mummy
165130 | Zig:24   | Noticed a royal mummy
165130 | Zig:24   | Noticed a royal mummy
165132 | Zig:24   | Killed a royal mummy
165132 | Zig:24   | Killed a royal mummy
165132 | Zig:24   | Noticed a royal mummy
165133 | Zig:24   | Killed a royal mummy
165134 | Zig:24   | Killed a royal mummy
165135 | Zig:24   | Noticed a royal mummy
165139 | Zig:24   | Killed a royal mummy
165140 | Zig:24   | Noticed a royal mummy
165142 | Zig:24   | Noticed a royal mummy
165143 | Zig:24   | Killed a royal mummy
165144 | Zig:24   | Killed a royal mummy
165162 | Zig:24   | Found the +2 Maxwell's thermic engine {flame, freeze}
165189 | Zig:24   | Identified the amulet of Daockene {Spirit Harm Fly rN+
                  | Str+2}
165213 | Zig:24   | Identified the ring "Oniptami" {rF- Will+ Str+3 Int+2
                  | Stlth+}
165215 | Zig:24   | Identified the ring of Hubin {Contam rElec Will+ Dex+3}
165250 | Zig:24   | Identified the +1 quarterstaff of Precise Incision {holy,
                  | rPois Int+2 Dex-5}
165286 | Zig:25   | Entered Level 25 of a ziggurat
165290 | Zig:25   | Paralysed by an air elemental for 1 turns
165298 | Zig:25   | Paralysed by an air elemental for 1 turns
165528 | Zig:25   | Identified the ring "Waxidos" {rF+ rC- Dex+7 SInv}
165572 | Zig:25   | Identified the +3 ice dragon scales of Trial and Error
                  | {+Blink rF- rC++ SInv Stlth+}
165588 | Zig:25   | Reached skill level 1 in Axes
165618 | Zig:26   | Entered Level 26 of a ziggurat
165624 | Zig:26   | Noticed Pugae the pandemonium lord
165624 | Zig:26   | Noticed Upibydosi the pandemonium lord
165625 | Zig:26   | Noticed Aciedd the pandemonium lord
165625 | Zig:26   | Noticed Vosurr the pandemonium lord
165625 | Zig:26   | Noticed Nauxad the pandemonium lord
165625 | Zig:26   | Noticed Satwiz the pandemonium lord
165626 | Zig:26   | Noticed Cukesaej the pandemonium lord
165627 | Zig:26   | Noticed Tissoom the pandemonium lord
165627 | Zig:26   | Noticed Lahi the pandemonium lord
165628 | Zig:26   | Noticed Gunoiliu the pandemonium lord
165628 | Zig:26   | Noticed Istrihof the pandemonium lord
165629 | Zig:26   | Noticed Qumeas the pandemonium lord
165629 | Zig:26   | Killed Vosurr the pandemonium lord
165629 | Zig:26   | Noticed Tolaitul the pandemonium lord
165629 | Zig:26   | Noticed Zarras the pandemonium lord
165629 | Zig:26   | Noticed Luenuf the pandemonium lord
165629 | Zig:26   | Noticed Xapaob the pandemonium lord
165629 | Zig:26   | Noticed Yheppia the pandemonium lord
165630 | Zig:26   | Noticed Woter the pandemonium lord
165630 | Zig:26   | Killed Pugae the pandemonium lord
165630 | Zig:26   | Killed Upibydosi the pandemonium lord
165630 | Zig:26   | Noticed Kausy the pandemonium lord
165630 | Zig:26   | Killed Satwiz the pandemonium lord
165632 | Zig:26   | Noticed Dequkeez the pandemonium lord
165632 | Zig:26   | Noticed Dooriy the pandemonium lord
165632 | Zig:26   | Noticed Weaggog the pandemonium lord
165632 | Zig:26   | Noticed Sorum the pandemonium lord
165632 | Zig:26   | Noticed Damagiuwk the pandemonium lord
165632 | Zig:26   | Noticed Beab the pandemonium lord
165633 | Zig:26   | Killed Luenuf the pandemonium lord
165633 | Zig:26   | Killed Istrihof the pandemonium lord
165633 | Zig:26   | Noticed Xemn the pandemonium lord
165633 | Zig:26   | Killed Lahi the pandemonium lord
165633 | Zig:26   | Noticed Zinuf the pandemonium lord
165634 | Zig:26   | Noticed Vitofeim the pandemonium lord
165634 | Zig:26   | Noticed Agaxilua the pandemonium lord
165634 | Zig:26   | Killed Dequkeez the pandemonium lord
165634 | Zig:26   | Killed Qumeas the pandemonium lord
165634 | Zig:26   | Killed Tolaitul the pandemonium lord
165634 | Zig:26   | Killed Zarras the pandemonium lord
165634 | Zig:26   | Killed Dooriy the pandemonium lord
165634 | Zig:26   | Noticed Biofe the pandemonium lord
165635 | Zig:26   | Noticed Oschyergh the pandemonium lord
165635 | Zig:26   | Noticed Anavycet the pandemonium lord
165636 | Zig:26   | Noticed Fumurim the pandemonium lord
165636 | Zig:26   | Noticed Ugahir the pandemonium lord
165636 | Zig:26   | Noticed Funorph the pandemonium lord
165636 | Zig:26   | Noticed Qovepiyba the pandemonium lord
165637 | Zig:26   | Noticed Vuec the pandemonium lord
165637 | Zig:26   | Noticed Vousazov the pandemonium lord
165637 | Zig:26   | Killed Agaxilua the pandemonium lord
165638 | Zig:26   | Killed Vitofeim the pandemonium lord
165638 | Zig:26   | Noticed Bobrini the pandemonium lord
165638 | Zig:26   | Noticed Pagi the pandemonium lord
165639 | Zig:26   | Noticed Qiabbuap the pandemonium lord
165639 | Zig:26   | Noticed Inuxug the pandemonium lord
165639 | Zig:26   | Noticed Pifaok the pandemonium lord
165641 | Zig:26   | Noticed Ereguich the pandemonium lord
165641 | Zig:26   | Noticed Lisus the pandemonium lord
165644 | Zig:26   | Noticed Kutiv the pandemonium lord
165645 | Zig:26   | Noticed Qaujoemn the pandemonium lord
165646 | Zig:26   | Killed Damagiuwk the pandemonium lord
165646 | Zig:26   | Killed Kausy the pandemonium lord
165650 | Zig:26   | Killed Aciedd the pandemonium lord
165651 | Zig:26   | Killed Woter the pandemonium lord
165652 | Zig:26   | Killed Cukesaej the pandemonium lord
165653 | Zig:26   | Killed Inuxug the pandemonium lord
165653 | Zig:26   | Noticed Ocyniy the pandemonium lord
165654 | Zig:26   | Killed Vousazov the pandemonium lord
165656 | Zig:26   | Killed Pagi the pandemonium lord
165657 | Zig:26   | Killed Xapaob the pandemonium lord
165658 | Zig:26   | Noticed Gussubbo the pandemonium lord
165658 | Zig:26   | Noticed Ube Oder the pandemonium lord
165658 | Zig:26   | Noticed Varorruw the pandemonium lord
165658 | Zig:26   | Noticed Zueschivo the pandemonium lord
165659 | Zig:26   | Killed Vuec the pandemonium lord
165660 | Zig:26   | Killed Qovepiyba the pandemonium lord
165661 | Zig:26   | Noticed Zobohoc the pandemonium lord
165661 | Zig:26   | Noticed Jips the pandemonium lord
165662 | Zig:26   | Noticed Xoutef the pandemonium lord
165662 | Zig:26   | Killed Gussubbo the pandemonium lord
165662 | Zig:26   | Killed Bobrini the pandemonium lord
165662 | Zig:26   | Killed Zueschivo the pandemonium lord
165662 | Zig:26   | Killed Oschyergh the pandemonium lord
165662 | Zig:26   | Noticed Keloter the pandemonium lord
165663 | Zig:26   | Noticed Zeosuwk the pandemonium lord
165663 | Zig:26   | Noticed Plog the pandemonium lord
165664 | Zig:26   | Noticed Fedew the pandemonium lord
165665 | Zig:26   | Killed Ube Oder the pandemonium lord
165666 | Zig:26   | HP: 9/273 [Varorruw the pandemonium lord/arc of chain
                  | lightning (31)]
165666 | Zig:26   | Killed Ereguich the pandemonium lord
165666 | Zig:26   | Killed from afar by Xemn the pandemonium lord

Illustrated notes

Levels and vault maps discovered:
D:1:      scummos_arrival_gate, layout_rooms, serial_shops,
          nicolae_shop_advertising_works [nicolae_subvault_shop_adworks]
D:2:      layout_basic, hellmonk_ecumenical_altar_dog_temple, serial_shops,
          nicolae_shop_overgrown_old_shop, uniq_natasha
D:3:      layout_rooms, nicolae_grassy_gnolls
D:4:      minmay_inner_zag, layout_basic, serial_shops, shop,
          uniq_crazy_yiuf_cottage, uniq_ijyb, uniq_menkaure
D:5:      layout_cave_pools, serial_shops, shop, gammafunk_ghost_nasty_kobolds,
          serial_bayou_ford_a, minmay_hedge_maze, minmay_crossroads,
          uniq_sigmund
D:6:      layout_basic, minmay_temple_entry_hall, ebering_ghost_reflecting_pool,
          minmay_manual_mess
D:7:      layout_basic, makhleb_heckhound_becter
D:8:      layout_rooms, lair_entry_dummy, serial_shops, shop_fountains,
          kennysheep_island_fort
D:9:      layout_loops_corners, lemuel_mausoleum_altar_kikubaaqudgha,
          lemuel_coloured_pillars_altar, minmay_orc_entry_guard_dogs,
          uniq_erolcha
D:10:     minmay_the_grid_4x2 [minmay_the_grid_minigrid_small_alt,
          minmay_the_grid_fan, minmay_the_grid_stretched_grid,
          minmay_the_grid_outer_diamond, minmay_the_grid_spin_star,
          minmay_the_grid_small_cups, minmay_the_grid_mess,
          minmay_the_grid_prize_four_corners], layout_grid_maze,
          nicolae_gozag_cash_rules_everything_around_me
D:11:     nicolae_BIG_FREAKIN_CUBE, layout_stronghold, minivault_10,
          minmay_hollow_rounded_squares
D:12:     layout_basic, gauntlet_entry_generic, tso_oasis_becter
D:13:     layout_basic, serial_shops, shop, serial_ice, serial_ice_k,
          serial_ice_g, serial_ice_d, serial_ice_b, minmay_variable_closet,
          ashenzari_conservatory_becter, uniq_josephine
D:14:     layout_big_octagon, grunt_vaults_entry_tiered, nrook_mini_backslash,
          nicolae_lava_and_water
D:15:     hangedman_depths_entry_try_elsewhere_first, layout_irregular_city,
          bh_walls_and_bars
Temple:   mainiacjoe_temple_coin_purse
Lair:1:   layout_gridlike, lemuel_fruit_fields, grunt_megastairs_1,
          lemuel_fruit_fields
Lair:2:   layout_long_grid, elwin_shoals_entry_rocks,
          chequers_serial_rivers_micro_e
Lair:3:   layout_hall_layers, spider_nest_entry_rubble
Lair:4:   layout_roguey, ebering_ghost_disaster_area, st_stairs_8,
          grunt_megastairs_2
Lair:5:   layout_gridlike
Lair:6:   hangedman_lair_in_review, layout_regular_city, slime_altar_1,
          serial_bayou_pond_e, lemuel_centaur_altar, infiniplex_staircase_pool
Shoals:1: layout_shoals, uniq_nikola, uniq_louise, uniq_jorgrun
Shoals:2: layout_shoals, nicolae_shoals_lost_giant_baths,
          nicolae_shoals_pincushion_passage, uniq_ilsuiw
Shoals:3: layout_shoals
Shoals:4: shoals_end_grunt_ice, layout_shoals,
          portal_ice_cave_entry_ice_statue_two, uniq_roxanne
Spider:1: layout_spider_delve, uniq_frances
Spider:2: layout_spider_delve, nicolae_spider_orb_run
Spider:3: layout_spider_delve
Spider:4: hellmonk_spider_rune_bug_friends
Slime:1:  layout_caves
Slime:2:  cheibrodos_slime_lost_civilization_10, layout_caves, basic_altar
Slime:3:  layout_caves
Slime:4:  layout_caves, cheibrodos_slime_lost_civilization_4
Slime:5
Orc:1:    layout_caves
Orc:2:    grunt_orc_gardens, layout_caves, grunt_orc_garden, grunt_orc_garden,
          grunt_orc_garden, grunt_orc_garden, david_defended_altar_orc
Elf:1:    eino_elf_arrival_shootout, layout_loops_corners,
          minmay_elf_necromancy, minmay_shop_star
Elf:2:    nicolae_elf_blades_splatter_lattice
          [nicolae_blade_entry_splitting_headache], layout_geoelf_octagon
Elf:3:    nooodl_elf_gasket, layout_onion_city
Vaults:1: dpeg_vaults_monster_row, nicolae_vaults_circle_grid_a,
          nicolae_vaults_little_squares_2, vaults_mumra_hexcomb,
          nicolae_vaults_what_the_h, vaults_dpeg_ring, ontoclasm_vaults_pinch,
          nicolae_vaults_ring_of_whatevers, gammafunk_sealed_arena,
          vaults_room_semicircle, v_misc_15, nicolae_vaults_little_squares_3,
          v_pattern_5, ontoclasm_vaults_gateway, vaults_mumra_chevron_long,
          grunt_vaults_hallway_long, layout_vaults_maze
Vaults:2: nicolae_vaults_triangles, v_misc_26, nicolae_vaults_three_branches,
          nicolae_vaults_little_squares_5, hangedman_vaults_trim,
          dpeg_vaults_monster_box, st_diamondy, nicolae_vaults_network_star,
          vaults_room_large_hall, vaults_room_large_hall, v_misc_16,
          layout_vaults_omnibox, serial_shops, nicolae_lakefront_shop
Vaults:3: minmay_crypt_entry_simple_plaza, v_misc_30, nicolae_vaults_minivaults,
          ontoclasm_vaults_twist, v_misc_11, ontoclasm_vaults_decontamination,
          vaults_room_corners, hangedman_vaults_cutoff,
          nicolae_vaults_circle_grid_b, v_misc_13, layout_vaults_big_cross,
          uniq_donald
Vaults:4: nicolae_vaults_little_squares_4, grunt_vaults_hallway_short,
          hangedman_vaults_stagger, st_spiral_rooms, ontoclasm_vaults_chip,
          vaults_dpeg_doors, nicolae_vaults_little_squares_3,
          hangedman_vaults_stretched_pinwheel, v_alt_pattern_3,
          hangedman_vaults_corner_blocks, layout_vaults_omnigrid, uniq_boris,
          uniq_bai_suzhen
Vaults:5: serial_shops
Crypt:1:  layout_chaotic_city, grunt_crypt_arrival_split, uniq_mara
Crypt:2:  layout_regular_city, minmay_misc_feat_rows
Crypt:3:  evilmike_haunted_forest, uniq_xtahua
Tomb:1
Tomb:2
Tomb:3
Depths:1: layout_basic, enter_ziggurat_b, serial_bayou, serial_bayou_pond_c,
          serial_bayou_pond_e, serial_bayou_pond_d, serial_bayou_shore_b,
          hell_entry, hangedman_glass_teeth, hellmonk_scarab_ruin, firewood_loft
Depths:2: kennysheep_cluttered_fort, layout_cave_shapes, hell_entry,
          okawaru_gym_becter, pan_entry, drop_trap, minivault_16, uniq_sojobo
Depths:3: cheibrodos_poisonous_passages, layout_gridlike,
          lightli_enter_wizlab_magi_temple, abyss_entry_flame_altar, hell_entry,
          serial_shops, nicolae_shop_statue_plus, serial_curves, eino_curves_04,
          eino_curves_03, serial_bayou_shore_b
Depths:4: grunt_zot_entry_tricorne, layout_cave_shapes, hell_entry,
          serial_shops, shop, dk_noncrumbling_2, infiniplex_staircase_pool_lava,
          uniq_mennas
Hell
Dis:1:    layout_subdivisions
Dis:2:    layout_jigsaw
Dis:3:    layout_regular_city, lemuel_dis_dragons
Dis:4:    layout_gridville, nicolae_dis_metal_dragon_surprise
Dis:5:    layout_regular_city, hangedman_dis_chains
Dis:6:    layout_subdivisions
Dis:7:    iron_city_of_dis [dis_mu, dis_wall_4], layout_gridville
Geh:1:    layout_gehenna_lava_caves, nicolae_geh_lava_rosette
Geh:2:    layout_gehenna_pools_triple
Geh:3:    layout_gehenna_pools_triple, nicolae_geh_sunburst, lemuel_old_faithful
Geh:4:    layout_gehenna_pools_box
Geh:5:    layout_gehenna_lava_caves
Geh:6:    layout_gehenna_pools_triple
Geh:7:    evilmike_geh
Coc:1:    layout_cocytus_delve
Coc:2:    layout_cocytus_water_paths
Coc:3:    layout_ice_bergs
Coc:4:    layout_cocytus_water_paths
Coc:5:    layout_cocytus_water_paths
Coc:6:    layout_ice_bergs
Coc:7:    coc_grunt
Tar:1:    layout_cathedral_of_symmetry
Tar:2:    layout_grid_maze
Tar:3:    layout_cathedral_of_symmetry
Tar:4:    layout_grid_maze, nicolae_tar_cuneiform_bread
Tar:5:    hangedman_restless_catacombs
Tar:6:    nicolae_hells_demon_pit, layout_cathedral_of_symmetry
Tar:7:    tar_mu [tar_mu_maze]
Zot:1:    layout_cathedral_of_symmetry
Zot:2:    lemuel_draconian_sentries, layout_cathedral_of_symmetry
Zot:3:    layout_twisted_circle
Zot:4:    layout_misc_corridors
Zot:5:    layout_basic, gammafunk_ghost_cemetery, skrybe_zot_glass_2
Zig:26:   ziggurat_pillar_abc, ziggurat_pillar_abc, ziggurat_pillar_abc,
          ziggurat_pillar_abc

Skill      XL: |  1  2  3  4  5  6  7  8  9 10 11 12 13 14 15 16 17 18 19 20 21 22 23 24 25 26 27 |
---------------+----------------------------------------------------------------------------------+-----
Transmutations | 1 3 4 6 7 8 9 27 | 27.0
Fighting       | 1 2 3 4 5 7 10 12 13 15 16 17 18 19 20 21 22 24 27 | 27.0
Earth Magic    | 3 4 5 6 7 8 9 10 11 12 14 16 18 19 20 27 | 27.0
Conjurations   | 1 2 3 4 5 6 7 8 9 10 11 12 13 14 15 27 | 27.0
Spellcasting   | 3 4 5 6 7 8 9 10 11 13 14 15 16 17 18 19 20 21 22 27 | 27.0
Armour         | 1 3 4 5 6 7 8 9 10 11 12 27 | 27.0
Shields        | 4 6 8 9 11 12 13 14 15 17 18 27 | 27.0
Fire Magic     | 3 4 6 7 10 11 12 27 | 27.0
Necromancy     | 2 4 6 7 9 10 27 | 27.0
Ice Magic      | 27 | 27.0
Long Blades    | 27 | 27.0
Dodging        | 27 | 27.0
Air Magic      | 19 | 19.7
Throwing       | 27 | 27.0
Stealth        | 27 | 27.0
Translocations | 27 | 27.0
Evocations     | 27 | 27.0
Invocations    | 27 | 27.0
Short Blades   | 22 | 22.6
Unarmed Combat | 21 | 21.6
Staves         | 27 | 27.0
Polearms       | 21 | 21.9
Slings         | 23 | 23.7
Bows           | 20 | 20.9
Crossbows      | 24 | 24.6
Hexes          | 22 | 22.5
Poison Magic   | 24 | 24.3
Maces & Flails | 20 | 20.5
Axes           | 4 |  4.0

Action                   |  1- 3 |  4- 6 |  7- 9 | 10-12 | 13-15 | 16-18 | 19-21 | 22-24 | 25-27 || total
-------------------------+-------+-------+-------+-------+-------+-------+-------+-------+-------++-------
Melee: Whip              |    47 |    17 |       |       |       |       |       |       |       ||    64
       Short sword       |       |    62 |    46 |       |       |       |       |       |       ||   108
       Headbutt          |       |     8 |     8 |    15 |    81 |    55 |   156 |   166 |   535 ||  1024
       Punch             |       |       |     1 |       |       |       |       |       |       ||     1
       Flail             |       |       |       |    40 |    23 |       |       |       |       ||    63
       Scimitar          |       |       |       |     1 |    21 |     4 |       |       |       ||    26
       Hand axe          |       |       |       |       |   189 |   140 |   298 |   252 |       ||   879
       Falchion          |       |       |       |       |       |       |       |   141 |   999 ||  1140
       Staff             |       |       |       |       |       |       |       |       |    26 ||    26
Throw: Javelin           |       |       |       |       |       |       |       |       |    35 ||    35
 Cast: Sandblast         |    37 |    34 |    36 |    78 |    49 |    60 |     1 |     3 |     4 ||   302
       Stone Arrow       |     1 |    17 |   107 |   242 |   538 |    67 |       |     1 |     4 ||   977
       Static Discharge  |       |       |       |    24 |   159 |       |       |       |       ||   183
       Mephitic Cloud    |       |       |       |    20 |    35 |    13 |     1 |       |       ||    69
       Lee's Rapid Decon |       |       |       |       |    26 |    43 |       |       |       ||    69
       Iskenderun's Batt |       |       |       |       |    24 |       |       |       |       ||    24
       Passwall          |       |       |       |       |     4 |     1 |     2 |     8 |    13 ||    28
       Iron Shot         |       |       |       |       |    11 |   303 |   239 |   362 |   763 ||  1678
       Starburst         |       |       |       |       |     3 |    69 |       |    33 |       ||   105
       Freezing Cloud    |       |       |       |       |     2 |    76 |    88 |    18 |    23 ||   207
       Borgnjor's Vile C |       |       |       |       |       |   131 |   314 |   348 |   969 ||  1762
       Statue Form       |       |       |       |       |       |     1 |     6 |       |       ||     7
       Lehudib's Crystal |       |       |       |       |       |       |    29 |    66 |   390 ||   485
       Iskenderun's Myst |       |       |       |       |       |       |    18 |    50 |     5 ||    73
       Shatter           |       |       |       |       |       |       |       |    27 |  1240 ||  1267
       Swiftness         |       |       |       |       |       |       |       |     1 |     5 ||     6
       Ignition          |       |       |       |       |       |       |       |       |   646 ||   646
       Fire Storm        |       |       |       |       |       |       |       |       |   818 ||   818
       Necromutation     |       |       |       |       |       |       |       |       |   447 ||   447
       Ozocubu's Refrige |       |       |       |       |       |       |       |       |   159 ||   159
       Disjunction       |       |       |       |       |       |       |       |       |    52 ||    52
       Passage of Golubr |       |       |       |       |       |       |       |       |    10 ||    10
 Abil: End Transformatio |       |       |       |       |       |     1 |     5 |       |   157 ||   163
Evoke: Wand              |       |       |       |     4 |       |       |       |       |     9 ||    13
       Condenser vane    |       |       |       |     1 |     1 |     1 |       |       |    10 ||    13
       Figurine of a zig |       |       |       |       |       |       |       |       |     6 ||     6
       Phantom mirror    |       |       |       |       |       |       |       |       |     2 ||     2
  Use: Potion            |       |     1 |       |     2 |       |     3 |     3 |     8 |   159 ||   176
       Scroll            |       |       |     4 |    10 |    12 |    17 |     5 |     4 |    60 ||   112
 Stab: Paralysed         |     4 |       |       |    18 |    86 |    32 |    89 |    89 |   111 ||   429
       Sleeping          |     2 |     1 |       |       |       |       |       |     1 |     1 ||     5
       Confused          |       |       |       |     2 |     5 |     3 |       |       |       ||    10
       Distracted        |       |       |       |       |       |       |       |       |     3 ||     3
Armor: Robe              |    11 |     8 |     8 |    13 |   131 |    84 |       |       |       ||   255
       Skin              |       |    23 |       |       |       |       |    23 |       |       ||    46
       Animal skin       |       |       |       |       |       |    98 |   114 |   247 |   931 ||  1390
       Crystal plate arm |       |       |       |       |       |       |       |       |   267 ||   267
Dodge: Dodged            |    38 |    49 |    42 |    41 |   170 |   135 |   110 |   162 |   884 ||  1631
       Repelled          |       |       |       |       |       |       |     3 |       |       ||     3
Block: Other             |       |    10 |     4 |       |       |       |       |       |       ||    14
       Kite shield       |       |       |       |   108 |   590 |   426 |   523 |   690 |  2383 ||  4720
       Buckler           |       |       |       |       |    20 |    14 |       |       |       ||    34
       Tower shield      |       |       |       |       |       |       |       |       |   646 ||   646
       Reflection        |       |       |       |       |       |       |       |       |   197 ||   197
